Workbook
Name AccountsPayableBookValue: '5-4应付账款'!$G$51
Name AccountsPayableValuationPrice: '5-4应付账款'!$H$51
Name AccountsReceivableBookValue: '3-4应收账款'!$H$23
Name AccountsReceivableValuationPrice: '3-4应收账款'!$J$23
Name AccountsReceivedinAdvanceBookValue: '5-5预收款项'!$G$27
Name AccountsReceivedinAdvanceValuationPrice: '5-5预收款项'!$H$27
Name AmortizedinvestmentBookValue: '4-7-3在建（待摊投资）'!$E$70
Name AmortizedinvestmentValuationPrice: '4-7-3在建（待摊投资）'!$F$70
Name AvaisaleOthersBookValue: '4-1-3可出售-其他'!$I$27
Name AvaisaleOthersValuationPrice: '4-1-3可出售-其他'!$K$27
Name AvaisaleStocksBookValue: '4-1-1可出售-股票'!$I$27
Name AvaisaleStocksValuationPrice: '4-1-1可出售-股票'!$K$27
Name AvasaleBondsBookValue: '4-1-2可出售-债券'!$I$27
Name AvasaleBondsValuationPrice: '4-1-2可出售-债券'!$K$27
Name B: '3-1-2银行存款'!$A$6:$J$27
Name BankDepositBookValue: '3-1-2银行存款'!$G$27
Name BankDepositValuationPrice: '3-1-2银行存款'!$H$27
Name BillsPayableBookValue: '5-3应付票据'!$F$27
Name BillsPayableValuationPrice: '5-3应付票据'!$G$27
Name BillsReceivableBookValue: '3-3应收票据'!$F$27
Name BillsReceivableValuationPrice: '3-3应收票据'!$H$27
Name BondsPayableBookValue: '6-2应付债券'!$G$27
Name BondsPayableValuationPrice: '6-2应付债券'!$H$27
Name BuildingsBookValue: '4-6-1房屋建筑物'!$V$26
Name BuildingsValuationPrice: '4-6-1房屋建筑物'!$Z$26
Name BusinessReputationBookValue: '4-14商誉'!$D$27
Name BusinessReputationValuationPrice: '4-14商誉'!$E$27
Name CashBookValue: '3-1-1现金'!$F$22
Name CashValuationPrice: '3-1-1现金'!$G$22
Name ConstruProcCivilEngiBookValue: '4-7-1在建（土建）'!$N$250
Name ConstruProcCivilEngiValuationPrice: '4-7-1在建（土建）'!$P$250
Name ConstruProcEquipBookValue: '4-7-2在建（设备）'!$O$390
Name ConstruProcEquipValuationPrice: '4-7-2在建（设备）'!$T$390
Name ConsumptiveBiologicalAssetsBookValue: '3-9-11消耗性生物资产'!$I$27
Name ConsumptiveBiologicalAssetsValuationPrice: '3-9-11消耗性生物资产'!$M$27
Name ContractAssestsBookValue: '3-12合同资产'!$I$27
Name ContractAssesValuationPrice: '3-12合同资产'!$K$27
Name ContractDebitBookValue: '5-13合同负债'!$G$27
Name ContractDebitValuationPrice: '5-13合同负债'!$H$27
Name CostofDevelopmentBookValue: '3-9-10开发成本'!$W$27
Name CostofDevelopmentValuationPrice: '3-9-10开发成本'!$X$27
Name DeferIncoTaxAsBookValue: '4-16递延所得税资产'!$D$27
Name DeferIncoTaxAsValuationPrice: '4-16递延所得税资产'!$E$27
Name DeferIncoTaxLiabBookValue: '6-6递延所得税负债'!$D$27
Name DeferIncoTaxLiabValuationPrice: '6-6递延所得税负债'!$E$27
Name DevelopExpendBookValue: '4-13开发支出'!$I$27
Name DevelopExpendValuationPrice: '4-13开发支出'!$J$27
Name DevelopProductBookValue: '3-9-9开发产品'!$V$27
Name DevelopProductValuationPrice: '3-9-9开发产品'!$W$27
Name DividendPayableBookValue: '5-9应付股利（利润）'!$E$27
Name DividendPayableValuationPrice: '5-9应付股利（利润）'!$F$27
Name DividendReceivableBookValue: '3-7应收股利'!$E$27
Name DividendReceivableValuationPrice: '3-7应收股利'!$F$27
Name ElecEquipBookValue: '4-6-7电子设备'!$N$71
Name ElecEquipValuationPrice: '4-6-7电子设备'!$R$71
Name EmployeeCompensationBookValue: '5-6职工薪酬'!$D$31
Name EmployeeCompensationValuationPrice: '5-6职工薪酬'!$E$31
Name EngineerMaterialBookValue: '4-8工程物资'!$G$27
Name EngineerMaterialValuationPrice: '4-8工程物资'!$K$27
Name EquityInvestmentBookValue: '4-4股权投资'!$I$27

Sheet 资产基础法评估明表工作流程图
B2: 资产基础法操作导航图（点击并完成各模块的任务）V1.0
D3: 01 | H3: 02 | L3: 03 | P3: 04 | T3: 05
B8: 01 | D8: 阅读填表说明 | H8: 数据输入 | L8: 核对资料 | P8: 方法确定 | T8: 结果分析
B10: 03 | D10: 数据输入★ | H10: 报表核对 | L10: 履行调查核实程序 | P10: 取价方式 | T10: 评估调整
B12: 04 | D12: 报表核对★ | L12: 账实调查结果 | P12: 参数输入 | T12: 打印输出
B14: 05 | L14: 产权调查结果 | P14: 评估测算
B18: 备注：每个科目按照以上程序完成

Sheet 索引目录
A1: 资产评估申报表索引目录
B2: 基本信息输入表
B3: 填表说明（填表前请先阅读）
B4: 企业基本情况表 | C4: 资产负债表 | D4: 汇总表 | E4: 分类汇总表
C6: 流动资产 | D6: 货币资金 | E6: 现金 | G6: 流动负债 | I6: 短期借款
E7: 银行存款 | I7: 交易性金融负债
E8: 其他货币资金 | I8: 应付票据
D9: 交易性金融资产 | E9: 股票投资 | I9: 应付账款
E10: 债券投资 | I10: 预收款项
E11: 基金投资 | I11: 职工薪酬
D12: 应收票据 | I12: 应交税费
D13: 应收账款 | I13: 应付利息
D14: 预付款项 | I14: 应付股利（应付利润）
D15: 应收利息 | I15: 其他应付款
D16: 应收股利 | I16: 一年内到期的非流动负债
D17: 其他应收款 | I17: 其他流动负债
D18: 存货 | E18: 材料采购（在途物资）
E19: 原材料
E20: 在库周转材料 | G20: 非流动负债 | I20: 长期借款
E21: 委托加工物资 | I21: 应付债券
E22: 产成品（库存商品） | I22: 长期应付款
E23: 在产品（自制半成品） | I23: 专项应付款
E24: 发出商品 | I24: 预计负债
E25: 在用周转材料 | I25: 递延所得税负债
D26: 一年到期非流动资产 | E26: 开发产品 | I26: 其他非流动负债
D27: 其他流动资产 | E27: 开发成本
E28: 消耗性生物资产
E29: 工程施工
C30: 长期投资 | D30: 可供出售金融资产 | E30: 股票投资
E31: 债券投资
E32: 其他投资
D33: 持有至到期投资
D34: 长期应收款
D35: 长期股权投资
D36: 投资性房地产 | E36: 投资性房地产（成本计量）
E37: 投资性房地产（公允计量）
E38: 投资性地产（成本计量）
E39: 投资性地产(公允计量）
C42: 固定资产 | D42: 固定资产 | E42: 房屋建筑物
E43: 构筑物及其他辅助设施
E44: 管道及沟槽
E45: 井巷工程
E46: 机器设备
E47: 车辆
E48: 电子设备
E49: 土地
E50: 船舶
D51: 在建工程 | E51: 在建工程-土建工程
E52: 在建工程-设备安装工程
D53: 工程物资
D54: 固定资产清理
D55: 生产性生物资产
D56: 油气资产
C57: 无形资产 | D57: 无形资产 | E57: 土地使用权
E58: 无形-矿业权
E59: 其他无形资产
D60: 开发支出
D61: 商誉
C62: 其他资产 | D62: 长期待摊费用
D63: 递延所得税资产
D64: 其他非流动资产

Sheet 基本信息输入表
A1: 返回索引目录
A5: 一、项目基本信息
B6: 1.企业名称（输入）： | K6: 被评估单位 | M6: 山西华润昌裕煤业有限公司
B7: 2.评估基准日（选择）： | M7: 43921
B8: 3.评估机构名称： | M8: 北京中企华资产评估有限责任公司
B9: 4.项目名称： | M9: 质控部XXX项目
B10: 5.填表人及填表日期：
C11: 选择 | D11: 科目 | M11: 填表人员姓名 | O11: 填表日期 | Q11: 评估人员
C12: √ | D12: 流动资产（汇总） | M12: 阎丽红 | O12: 43946 | Q12: 孙艳平
C13: √ | D13: 货币资金（汇总） | M13: 阎丽红 | O13: 43946 | Q13: 孙艳平
C14: √ | D14: 现金 | M14: 阎丽红 | O14: 43946 | Q14: 孙艳平
C15: √ | D15: 银行存款 | M15: 阎丽红 | O15: 43946 | Q15: 孙艳平
C16: √ | D16: 货币资金 | M16: 阎丽红 | O16: 43946 | Q16: 孙艳平
C17: √ | D17: 交易性金融资产（汇总） | M17: 阎丽红 | O17: 43946 | Q17: 孙艳平
C18: √ | D18: 股票投资 | M18: 阎丽红 | O18: 43946 | Q18: 孙艳平
C19: √ | D19: 债券投资 | M19: 阎丽红 | O19: 43946 | Q19: 孙艳平
C20: √ | D20: 基金投资 | M20: 阎丽红 | O20: 43946 | Q20: 孙艳平
C21: √ | D21: 应收票据 | M21: 阎丽红 | O21: 43946 | Q21: 孙艳平
C22: √ | D22: 应收账款 | M22: 阎丽红 | O22: 43946 | Q22: 孙艳平
C23: √ | D23: 预付账款 | M23: 阎丽红 | O23: 43946 | Q23: 孙艳平
... C81: √ | D81: 流动负债（汇总） | M81: 阎丽红 | O81: 43946 | Q81: 孙艳平
C82: √ | D82: 短期借款 | M82: 阎丽红 | O82: 43946
C83: √ | D83: 交易性金融负债 | M83: 阎丽红 | O83: 43946
C84: √ | D84: 应付票据 | M84: 阎丽红 | O84: 43946
C85: √ | D85: 应付账款 | M85: 阎丽红 | O85: 43946
C86: √ | D86: 预收款项 | M86: 阎丽红 | O86: 43946
C87: √ | D87: 应付职工薪酬 | M87: 阎丽红 | O87: 43946
C88: √ | D88: 应交税费 | M88: 阎丽红 | O88: 43946
C89: √ | D89: 应付利息 | M89: 阎丽红 | O89: 43946
C90: √ | D90: 应付股利 | M90: 阎丽红 | O90: 43946
C91: √ | D91: 其他应付款 | M91: 阎丽红 | O91: 43946
C92: √ | D92: 一年内到期的非流动负债 | M92: 阎丽红 | O92: 43946
C93: √ | D93: 其他流动负债 | M93: 阎丽红 | O93: 43946
... C101: √ | D101: 其他非流动负债 | M101: 阎丽红 | O101: 43946
E273: 42400
E274: 42429
E275: 42460
E276: 42490
E277: 42521
E278: 42551
E279: 42582
E280: 42613
E281: 42643
E282: 42674
E283: 42704
E284: 42735
... E324: 44561

Sheet 企业基本情况表
A1: 企业基本情况表
A2: ="评估基准日："&TEXT(基本信息输入表!M7,"yyyy年mm月dd日") -> 评估基准日：2020年03月31日
A3: 企业填写以下内容:
A4: 被评估单位名称: | B4: 中文 | H4: 法定代表人 | J4: 移动电话
B5: 英文 | H5: 财务负责人 | J5: 固定电话
A6: 法定地址 | F6: 邮政编码 | J6: 手机
A7: 办公地址 | F7: 邮政编码 | H7: 主要填表人 | J7: 固定电话
A8: 联系人办公电话 | C8: 传真 | E8: E-mail | J8: 手机
A9: 经营范围 | H9: 成立日期 | I9: 年 月 日 | J9: 经营期限 | K9: 年 月 日至 年 月 日
A10: 企业股东名称 | H10: 注册资本 | J10: 实收资本
H11: 金额（万元） | I11: 出资比例% | J11: 金额（万元） | K11: 出资比例%
A12: 1
A13: 2
A14: 3
A15: 4
A16: 5
A17: 合计
A18: 下属长期投资单位（或异地分支机构）名称 | F18: 地址 | I18: 注册资金% | J18: 持股比例% | K18: 核算方式
A19: 1
A20: 2
A21: 3
A22: 4
A23: 5
A24: 6
A25: 7
A26: 8
A27: 9
A28: 10

Sheet 填表说明
B1: 评估明细表填表说明
B3: 一、基本要求
B4: (一)填表范围：
B5: 对于纳入评估范围的各科目明细表余额要保证与评估基准日被评估单位的资产负债表（或模拟资产负债表）完全一致，如出现差异，请核对链接关系及所填报明细是否有误。
B6: (二)“评估基准日”、“被评估单位(或者产权持有单位)名称”、填表人、填表日期,统一在“基本信息输入表” 中填列，各明细表会自动生成。单位名称要与该单位的营业执照所列示的名称完全一致,如经检查各明细表与报表的余额数据完全一致，填表人员需与评估人员沟通无异议后再在打印好的A4纸每页明细表左上角单位名称处加盖单位公章上报。
B7: (三)对于企业财务核算中没有的会计科目不必填写相应的明细表，对应明细表可隐藏但不可删除。
B8: (四) 对于各科目明细表中“评估价值”一栏(不含本栏)左方的所有空白栏以及需要填写的备注栏项目请企业填写齐全。尤其对于实物类资产的评估作价密切相关信息需填报完整，不要出现空白项，该类信息往往包括规格、厂家、单位、数量、产权证号、产权人名称、车辆行驶里程、不良资产实际状态等，需要由资产管理相关部门协助财务人员进行填报。
B9: (五)明细表中填列金额单位为“人民币元”，精确到小数点后两位。
B10: (六)明细表中日期根据要求填至月(如建成年月)或日(如出票日期)，填写日期格式为“2001-05”（不能写为2001.5）或 “2001-05-02”（不能填为2001.5.2）。
B11: (七)未指明月利率之处应指年利率，计量单位为“%”。若原始资料中为月利率或日利率,则换算为年利率。
B12: (八)明细表与各级汇总表之间的数据已建立链接关系，带“汇总”字样的各明细表中除个别项的减值准备外，其他项中不应直接录入数据。
B13: (九)每一张明细表内容超过表中行数时，可在电子表中间直接插入行。注意，不能在第一行和合计行插入行。
... B184: ******

Sheet 资产负债表
A1: 返回索引页
A2: 资产负债明细表
A3: 产权所有单位：山西华润昌裕煤业有限公司 | L3: 金额单位：人民币元
A4: 资产 | B4: 注释 | C4: 2017年 | D4: 2018年 | E4: 2019年 | F4: 基准日审定数 | G4: 负债和所有者权益 | H4: 注释 | I4: 2017年 | J4: 2018年 | K4: 2019年 | L4: 基准日审定数
A5: 流动资产： | G5: 流动负债：
A6: 货币资金 | F6: 200780.4 | G6: 短期借款
A7: 交易性金融资产 | G7: 交易性金融负债
A8: 应收票据 | G8: 应付票据
A9: 应收账款 | G9: 应付账款
A10: 预付款项 | F10: 431576.4 | G10: 预收款项
A11: 应收利息 | G11: 应付职工薪酬
A12: 应收股利 | G12: 应交税费
A13: 其他应收款 | F13: 3244668.5 | G13: 应付利息
A14: 存货 | F14: 887274.32 | G14: 应付股利
A15: 一年内到期的非流动资产 | G15: 其他应付款
A16: 其他流动资产 | G16: 一年内到期的非流动负债
A17: 流动资产合计 | C17: 0 | D17: 0 | E17: 0 | F17: 4764299.6 | G17: 其他流动负债
A18: 非流动资产： | G18: 流动负债合计 | I18: 0 | J18: 0 | K18: 0 | L18: 0
A19: 可供出售金融资产 | G19: 非流动负债：
A20: 持有至到期投资 | G20: 长期借款
A21: 长期应收款 | G21: 应付债券
A22: 长期股权投资 | G22: 长期应付款
A23: 投资性房地产 | G23: 专项应付款
A24: 固定资产 | F24: 1377389.4 | G24: 预计负债
A25: 在建工程 | F25: 67089869 | G25: 递延所得税负债
A26: 工程物资 | G26: 其他非流动负债
A27: 固定资产清理 | G27: 非流动负债合计 | I27: 0 | J27: 0 | K27: 0 | L27: 0
A28: 生产性生物资产 | G28: 负债合计 | I28: 0 | J28: 0 | K28: 0 | L28: 0
A29: 油气资产 | G29: 所有者权益：
A30: 无形资产 | F30: 41716400 | G30: 实收资本（或股本）
A31: 开发支出 | G31: 资本公积
A32: 商誉 | G32: 减：库存股
A33: 长期待摊费用 | G33: 专项储备
A34: 递延所得税资产 | G34: 盈余公积
A35: 其他非流动资产 | G35: 未分配利润
A36: 非流动资产合计 | C36: 0 | D36: 0 | E36: 0 | F36: 1.1018366e+08 | G36: 外币报表折算差额
G37: 所有者权益合计 | I37: 0 | J37: 0 | K37: 0
A38: 资产总计 | C38: 0 | D38: 0 | E38: 0 | F38: 1.1494796e+08 | G38: 负债和所有者权益总计 | I38: 0 | J38: 0 | K38: 0 | L38: 0

Sheet 1-汇总表-新会计准则用表
A1: 返回索引目录
A2: 资产评估结果汇总表
A3: ="评估基准日："&TEXT(基本信息输入表!M7,"yyyy年mm月dd日") -> 评估基准日：2020年03月31日
F4: 表1
A5: =基本信息输入表!K6&"："&基本信息输入表!M6 -> 被评估单位：山西华润昌裕煤业有限公司 | F5: 金额单位：人民币万元
A6: 项 目 | C6: 账面价值 | D6: 评估价值 | E6: 增减值 | F6: 增值率%
C7: A | D7: B | E7: C=B-A | F7: D=C/A×100%
A8: 流动资产 | B8: 1 | C8: =ROUND('2-分类汇总-新会计准则用表'!C7/10000,2) -> 476.43 | D8: =ROUND('2-分类汇总-新会计准则用表'!D7/10000,2) -> 493.28 | E8: =D8-C8 -> 16.85 | F8: =IF(C8=0,"",E8/ABS(C8)*100) -> 3.536721
A9: 非流动资产 | B9: 2 | C9: =SUM(C10:C17)-C16 -> 11018.37 | D9: =SUM(D10:D17)-D16 -> 11883.68 | E9: =D9-C9 -> 865.31 | F9: =IF(C9=0,"",E9/ABS(C9)*100) -> 7.8533395
A10: 其中：长期股权投资 | B10: 3 | C10: =ROUND('2-分类汇总-新会计准则用表'!C29/10000,2) -> 0 | D10: =ROUND('2-分类汇总-新会计准则用表'!D29/10000,2) -> 0 | E10: =D10-C10 -> 0 | F10: =IF(C10=0,"",E10/ABS(C10)*100)
A11: 投资性房地产 | B11: 4 | C11: =ROUND('2-分类汇总-新会计准则用表'!C32/10000,2) -> 0 | D11: =ROUND('2-分类汇总-新会计准则用表'!D32/10000,2) -> 0 | E11: =D11-C11 -> 0 | F11: =IF(C11=0,"",E11/ABS(C11)*100)
A12: 固定资产 | B12: 5 | C12: =ROUND('2-分类汇总-新会计准则用表'!C43/10000,2) -> 137.74 | D12: =ROUND('2-分类汇总-新会计准则用表'!D43/10000,2) -> 2552.06 | E12: =D12-C12 -> 2414.32 | F12: =IF(C12=0,"",E12/ABS(C12)*100) -> 1752.8096
A13: 在建工程 | B13: 6 | C13: =ROUND('2-分类汇总-新会计准则用表'!C44/10000,2) -> 6708.99 | D13: =ROUND('2-分类汇总-新会计准则用表'!D44/10000,2) -> 3120.66 | E13: =D13-C13 -> -3588.33 | F13: =IF(C13=0,"",E13/ABS(C13)*100) -> -53.485398
A14: 油气资产 | B14: 7 | C14: =ROUND('2-分类汇总-新会计准则用表'!C48/10000,2) -> 0 | D14: =ROUND('2-分类汇总-新会计准则用表'!D48/10000,2) -> 0 | E14: =D14-C14 -> 0 | F14: =IF(C14=0,"",E14/ABS(C14)*100)
A15: 无形资产 | B15: 8 | C15: =ROUND('2-分类汇总-新会计准则用表'!C52/10000,2) -> 4171.64 | D15: =ROUND('2-分类汇总-新会计准则用表'!D52/10000,2) -> 6210.96 | E15: =D15-C15 -> 2039.32 | F15: =IF(C15=0,"",E15/ABS(C15)*100) -> 48.88533
A16: 其中：土地使用权 | B16: 9 | C16: =ROUND('2-分类汇总-新会计准则用表'!C50/10000,2) -> 0 | D16: =ROUND('2-分类汇总-新会计准则用表'!D50/10000,2) -> 0 | E16: =D16-C16 -> 0 | F16: =IF(C16=0,"",E16/ABS(C16)*100)
A17: 其他非流动资产 | B17: 10 | C17: =ROUND(SUM('2-分类汇总-新会计准则用表'!C26,'2-分类汇总-新会计准则用表'!C45,'2-分类汇总-新会计准则用表'!C53:C57)/10000,2) -> 0 | D17: =ROUND(SUM('2-分类汇总-新会计准则用表'!D26,'2-分类汇总-新会计准则用表'!D45,'2-分类汇总-新会计准则用表'!D53:D57)/10000,2) -> 0 | E17: =D17-C17 -> 0 | F17: =IF(C17=0,"",E17/ABS(C17)*100)
A18: 资产总计 | B18: 11 | C18: =C8+C9 -> 11494.8 | D18: =D8+D9 -> 12376.96 | E18: =D18-C18 -> 882.16 | F18: =IF(C18=0,"",E18/ABS(C18)*100) -> 7.6744267
A19: 流动负债 | B19: 12 | C19: =ROUND('2-分类汇总-新会计准则用表'!C59/10000,2) -> 0 | D19: =ROUND('2-分类汇总-新会计准则用表'!D59/10000,2) -> 0 | E19: =D19-C19 -> 0 | F19: =IF(C19=0,"",E19/ABS(C19)*100)
A20: 非流动负债 | B20: 13 | C20: =ROUND('2-分类汇总-新会计准则用表'!C70/10000,2) -> 0 | D20: =ROUND('2-分类汇总-新会计准则用表'!D70/10000,2) -> 0 | E20: =D20-C20 -> 0 | F20: =IF(C20=0,"",E20/ABS(C20)*100)
A21: 负债总计 | B21: 14 | C21: =SUM(C19:C20) -> 0 | D21: =SUM(D19:D20) -> 0 | E21: =D21-C21 -> 0 | F21: =IF(C21=0,"",E21/ABS(C21)*100)
A22: 净资产 | B22: 15 | C22: =C18-C21 -> 11494.8 | D22: =D18-D21 -> 12376.96 | E22: =D22-C22 -> 882.16 | F22: =IF(C22=0,"",E22/ABS(C22)*100) -> 7.6744267
F23: 评估机构：北京中企华资产评估有限责任公司 | H23: <END>
H24: 打印边界

Sheet 2-分类汇总-新会计准则用表
A1: 返回索引目录
A2: 资产评估结果分类汇总表
A3: 评估基准日：2016年05月31日
F4: 表2
A5: 被评估单位：××××××有限责任公司 | F5: 金额单位：人民币元
A6: 序号 | B6: 科目名称 | C6: 账面价值 | D6: 评估价值 | E6: 增减值 | F6: 增值率% | G6: 资产负债表校核列
A7: 1 | B7: 一、流动资产合计 | C7: =C8+C9+C12+C13+C16+C19+C22+C23+C24 -> 4764299.6 | D7: =D8+D9+D12+D13+D16+D19+D22+D23+D24 -> 4932751.2 | E7: =D7-C7 -> 168451.68 | F7: =IF(C7=0,"",E7/ABS(C7)*100) -> 3.5357071
A8: 2 | B8: 货币资金 | C8: ='3-流动汇总'!C7 -> 200780.4 | D8: ='3-流动汇总'!D7 -> 200780.4 | E8: =D8-C8 -> 0 | F8: =IF(C8=0,"",E8/ABS(C8)*100) -> 0
A9: 3 | B9: 交易性金融资产 | C9: ='3-流动汇总'!C8 -> 0 | D9: ='3-流动汇总'!D8 -> 0 | E9: =D9-C9 -> 0 | F9: =IF(C9=0,"",E9/ABS(C9)*100)
A10: 5 | B10: 应收票据及应收账款合计 | C10: ='3-流动汇总'!C10+'3-流动汇总'!C9 -> 0 | D10: ='3-流动汇总'!D10+'3-流动汇总'!D9 -> 0 | E10: =D10-C10 -> 0 | F10: =IF(C10=0,"",E10/ABS(C10)*100)
A11: 6 | B11: 减：坏账准备 | C11: ='3-流动汇总'!C11 -> 0 | D11: ='3-流动汇总'!D11 -> 0 | E11: =D11-C11 -> 0 | F11: =IF(C11=0,"",E11/ABS(C11)*100)
A12: 7 | B12: 应收票据及应收账款净额 | C12: =C10-C11 -> 0 | D12: =D10-D11 -> 0 | E12: =D12-C12 -> 0 | F12: =IF(C12=0,"",E12/ABS(C12)*100)
A13: 8 | B13: 预付款项 | C13: ='3-流动汇总'!C13 -> 431576.4 | D13: ='3-流动汇总'!D13 -> 431576.4 | E13: =D13-C13 -> 0 | F13: =IF(C13=0,"",E13/ABS(C13)*100) -> 0
A14: 9 | B14: 其他应收款合计 | C14: ='3-流动汇总'!C16+'2-分类汇总'!C15+'2-分类汇总'!C16 -> 3304698.5 | D14: ='3-流动汇总'!D16+'2-分类汇总'!D15+'2-分类汇总'!D16 -> 3244668.5 | E14: =D14-C14 -> -60030 | F14: =IF(C14=0,"",E14/ABS(C14)*100) -> -1.8165046
A15: 10 | B15: 减：坏账准备 | C15: ='3-流动汇总'!C17 -> 60030 | D15: ='3-流动汇总'!D17 -> 0 | E15: =D15-C15 -> -60030 | F15: =IF(C15=0,"",E15/ABS(C15)*100) -> -100
A16: 11 | B16: 其他应收款净额 | C16: =C14-C15 -> 3244668.5 | D16: =D14-D15 -> 3244668.5 | E16: =D16-C16 -> 0 | F16: =IF(C16=0,"",E16/ABS(C16)*100) -> 0
A17: 12 | B17: 存货合计 | C17: ='3-流动汇总'!C19 -> 2665575.1 | D17: ='3-流动汇总'!D19 -> 1055726 | E17: =D17-C17 -> -1609849.1 | F17: =IF(C17=0,"",E17/ABS(C17)*100) -> -60.394063
A18: 13 | B18: 减：存货跌价准备 | C18: ='3-流动汇总'!C20 -> 1778300.8 | D18: ='3-流动汇总'!D20 -> 0 | E18: =D18-C18 -> -1778300.8 | F18: =IF(C18=0,"",E18/ABS(C18)*100) -> -100
A19: 14 | B19: 存货净额 | C19: ='3-流动汇总'!C21 -> 887274.32 | D19: ='3-流动汇总'!D21 -> 1055726 | E19: =D19-C19 -> 168451.68 | F19: =IF(C19=0,"",E19/ABS(C19)*100) -> 18.985299
A20: 15 | B20: 合同资产 | C20: ='3-12合同资产'!I24 -> 0 | D20: ='3-12合同资产'!K24 -> 0 | E20: =D20-C20 -> 0 | F20: =IF(C20=0,"",E20/ABS(C20)*100)
A21: 16 | B21: 减：合同资产减值准备 | C21: ='3-12合同资产'!I25 -> 0 | F21: =IF(C21=0,"",E21/ABS(C21)*100)
A22: 17 | B22: 合同资产净额 | C22: ='3-12合同资产'!ContractAssestsBookValue -> 0 | D22: ='3-12合同资产'!ContractAssesValuationPrice -> 0 | E22: =D22-C22 -> 0 | F22: =IF(C22=0,"",E22/ABS(C22)*100)
A23: 21 | B23: 一年内到期的非流动资产 | C23: ='3-流动汇总'!C22 -> 0 | D23: ='3-流动汇总'!D22 -> 0 | E23: =D23-C23 -> 0 | F23: =IF(C23=0,"",E23/ABS(C23)*100)
A24: 22 | B24: 其他流动资产 | C24: ='3-流动汇总'!C23 -> 0 | D24: ='3-流动汇总'!D23 -> 0 | E24: =D24-C24 -> 0 | F24: =IF(C24=0,"",E24/ABS(C24)*100)
A25: 23 | B25: 二、非流动资产合计 | C25: =C26+C29+C32+C43+C44+C45+C48+C52+C53+C54+C55+C56+C57 -> 1.1018366e+08 | D25: =D26+D29+D32+D43+D44+D45+D48+D52+D53+D54+D55+D56+D57 -> 118836740 | E25: =D25-C25 -> 8653081.5 | F25: =IF(C25=0,"",E25/ABS(C25)*100) -> 7.8533256
A26: 28 | B26: 长期应收款 | C26: ='4-非流动资产汇总'!C10 -> 0 | D26: ='4-非流动资产汇总'!D10 -> 0 | E26: =D26-C26 -> 0 | F26: =IF(C26=0,"",E26/ABS(C26)*100)
A27: 29 | B27: 长期股权投资合计 | C27: ='4-非流动资产汇总'!C11 -> 0 | D27: ='4-非流动资产汇总'!D11 -> 0 | E27: =D27-C27 -> 0 | F27: =IF(C27=0,"",E27/ABS(C27)*100)
A28: 30 | B28: 减：长期股权投资减值准备 | C28: ='4-非流动资产汇总'!C12 -> 0 | D28: ='4-非流动资产汇总'!D12 -> 0 | E28: =D28-C28 -> 0 | F28: =IF(C28=0,"",E28/ABS(C28)*100)
A29: 31 | B29: 长期股权投资净额 | C29: ='4-非流动资产汇总'!C13 -> 0 | D29: ='4-非流动资产汇总'!D13 -> 0 | E29: =D29-C29 -> 0 | F29: =IF(C29=0,"",E29/ABS(C29)*100)
A30: 34 | B30: 投资性房地产合计 | C30: ='4-非流动资产汇总'!C14 -> 0 | D30: ='4-非流动资产汇总'!D14 -> 0 | E30: =D30-C30 -> 0 | F30: =IF(C30=0,"",E30/ABS(C30)*100)
A31: 35 | B31: 减：投资性房地产减值准备 | C31: ='4-非流动资产汇总'!C15 -> 0 | D31: ='4-非流动资产汇总'!D15 -> 0 | E31: =D31-C31 -> 0 | F31: =IF(C31=0,"",E31/ABS(C31)*100)
A32: 36 | B32: 投资性房地产净额 | C32: ='4-非流动资产汇总'!C16 -> 0 | D32: ='4-非流动资产汇总'!D16 -> 0 | E32: =D32-C32 -> 0 | F32: =IF(C32=0,"",E32/ABS(C32)*100)
A33: 37 | B33: 固定资产原值 | C33: ='4-非流动资产汇总'!C17 -> 13227561 | D33: ='4-非流动资产汇总'!D17 -> 57493980 | E33: =D33-C33 -> 44266419 | F33: =IF(C33=0,"",E33/ABS(C33)*100) -> 334.65291
A34: 38 | B34: 其中：建筑物类 | C34: ='4-非流动资产汇总'!C18 -> 303504 | D34: ='4-非流动资产汇总'!D18 -> 52946400 | E34: =D34-C34 -> 52642896 | F34: =IF(C34=0,"",E34/ABS(C34)*100) -> 17345.042
A35: 39 | B35: 设 备 类 | C35: ='4-非流动资产汇总'!C19 -> 12924057 | D35: ='4-非流动资产汇总'!D19 -> 4547580 | E35: =D35-C35 -> -8376477.2 | F35: =IF(C35=0,"",E35/ABS(C35)*100) -> -64.813062
A36: 40 | B36: 土 地 类 | C36: ='4-非流动资产汇总'!C20 -> 0 | D36: ='4-非流动资产汇总'!D20 -> 0 | E36: =D36-C36 -> 0 | F36: =IF(C36=0,"",E36/ABS(C36)*100)
A37: 41 | B37: 减：累计折旧 | C37: ='4-非流动资产汇总'!C21 -> 9223813.9 | D37: ='4-非流动资产汇总'!D21 -> 31973399 | E37: =D37-C37 -> 22749585 | F37: =IF(C37=0,"",E37/ABS(C37)*100) -> 246.63968
... A44: 48 | B44: 在建工程 | C44: ='4-非流动资产汇总'!C28 -> 67089869 | D44: ='4-非流动资产汇总'!D28 -> 31206559 | E44: =D44-C44 -> -35883310 | F44: =IF(C44=0,"",E44/ABS(C44)*100) -> -53.485438
A45: 49 | B45: 生产性生物资产 | C45: ='4-非流动资产汇总'!C31 -> 0 | D45: ='4-非流动资产汇总'!D31 -> 0 | E45: =D45-C45 -> 0 | F45: =IF(C45=0,"",E45/ABS(C45)*100)
A46: 50 | B46: 油气资产合计 | C46: ='4-非流动资产汇总'!C32 -> 0 | D46: ='4-非流动资产汇总'!D32 -> 0 | E46: =D46-C46 -> 0 | F46: =IF(C46=0,"",E46/ABS(C46)*100)
A47: 51 | B47: 减：油气资产减值准备 | C47: ='4-非流动资产汇总'!C33 -> 0 | D47: ='4-非流动资产汇总'!D33 -> 0 | E47: =D47-C47 -> 0 | F47: =IF(C47=0,"",E47/ABS(C47)*100)
A48: 52 | B48: 油气资产净额 | C48: ='4-非流动资产汇总'!C34 -> 0 | D48: ='4-非流动资产汇总'!D34 -> 0 | E48: =D48-C48 -> 0 | F48: =IF(C48=0,"",E48/ABS(C48)*100)
A49: 53 | B49: 无形资产合计 | C49: ='4-非流动资产汇总'!C35 -> 41716400 | D49: ='4-非流动资产汇总'!D35 -> 62109600 | E49: =D49-C49 -> 20393200 | F49: =IF(C49=0,"",E49/ABS(C49)*100) -> 48.88533
A50: 54 | B50: 其中：土地使用权 | C50: ='4-非流动资产汇总'!C36 -> 0 | D50: ='4-非流动资产汇总'!D36 -> 0 | E50: =D50-C50 -> 0 | F50: =IF(C50=0,"",E50/ABS(C50)*100)
A51: 55 | B51: 减：无形资产减值准备 | C51: ='4-非流动资产汇总'!C37 -> 0 | D51: ='4-非流动资产汇总'!D37 -> 0 | E51: =D51-C51 -> 0 | F51: =IF(C51=0,"",E51/ABS(C51)*100)
A52: 56 | B52: 无形资产净额 | C52: ='4-非流动资产汇总'!C38 -> 41716400 | D52: ='4-非流动资产汇总'!D38 -> 62109600 | E52: =D52-C52 -> 20393200 | F52: =IF(C52=0,"",E52/ABS(C52)*100) -> 48.88533
A53: 57 | B53: 开发支出 | C53: ='4-非流动资产汇总'!C39 -> 0 | D53: ='4-非流动资产汇总'!D39 -> 0 | E53: =D53-C53 -> 0 | F53: =IF(C53=0,"",E53/ABS(C53)*100)
A54: 58 | B54: 商誉 | C54: ='4-非流动资产汇总'!C40 -> 0 | D54: ='4-非流动资产汇总'!D40 -> 0 | E54: =D54-C54 -> 0 | F54: =IF(C54=0,"",E54/ABS(C54)*100)
A55: 59 | B55: 长期待摊费用 | C55: ='4-非流动资产汇总'!C41 -> 0 | D55: ='4-非流动资产汇总'!D41 -> 0 | E55: =D55-C55 -> 0 | F55: =IF(C55=0,"",E55/ABS(C55)*100)
A56: 60 | B56: 递延所得税资产 | C56: ='4-非流动资产汇总'!C42 -> 0 | D56: ='4-非流动资产汇总'!D42 -> 0 | E56: =D56-C56 -> 0 | F56: =IF(C56=0,"",E56/ABS(C56)*100)
A57: 61 | B57: 其他非流动资产 | C57: ='4-非流动资产汇总'!C43 -> 0 | D57: ='4-非流动资产汇总'!D43 -> 0 | E57: =D57-C57 -> 0 | F57: =IF(C57=0,"",E57/ABS(C57)*100)
A58: 62 | B58: 三、资产总计 | C58: =C7+C25 -> 1.1494796e+08 | D58: =D7+D25 -> 1.2376949e+08 | E58: =D58-C58 -> 8821533.2 | F58: =IF(C58=0,"",E58/ABS(C58)*100) -> 7.6743714
A59: 63 | B59: 四、流动负债合计 | C59: =C60+C61+C62+C63+C64+C65+C66+C67+C68+C69 -> 0 | D59: =D60+D61+D62+D63+D64+D65+D66+D67+D68+D69 -> 0 | E59: =D59-C59 -> 0 | F59: =IF(C59=0,"",E59/ABS(C59)*100)
A60: 64 | B60: 短期借款 | C60: ='5-流动负债汇总'!C7 -> 0 | D60: ='5-流动负债汇总'!D7 -> 0 | E60: =D60-C60 -> 0 | F60: =IF(C60=0,"",E60/ABS(C60)*100)
A61: 65 | B61: 交易性金融负债 | C61: ='5-流动负债汇总'!C8 -> 0 | D61: ='5-流动负债汇总'!D8 -> 0 | E61: =D61-C61 -> 0 | F61: =IF(C61=0,"",E61/ABS(C61)*100)
A62: 67 | B62: 应付票据及应付账款 | C62: ='5-流动负债汇总'!C10+'5-流动负债汇总'!C9 -> 0 | D62: ='5-流动负债汇总'!D10+'5-流动负债汇总'!D9 -> 0 | E62: =D62-C62 -> 0 | F62: =IF(C62=0,"",E62/ABS(C62)*100)
A63: 68 | B63: 预收款项 | C63: ='5-流动负债汇总'!C11 -> 0 | D63: ='5-流动负债汇总'!D11 -> 0 | E63: =D63-C63 -> 0 | F63: =IF(C63=0,"",E63/ABS(C63)*100)
A64: 69 | B64: 合同负债 | C64: ='5-13合同负债'!ContractDebitBookValue -> 0 | D64: ='5-13合同负债'!ContractDebitValuationPrice -> 0 | E64: =D64-C64 -> 0 | F64: =IF(C64=0,"",E64/ABS(C64)*100)
A65: 70 | B65: 应付职工薪酬 | C65: ='5-流动负债汇总'!C12 -> 0 | D65: ='5-流动负债汇总'!D12 -> 0 | E65: =D65-C65 -> 0 | F65: =IF(C65=0,"",E65/ABS(C65)*100)
A66: 71 | B66: 应交税费 | C66: ='5-流动负债汇总'!C13 -> 0 | D66: ='5-流动负债汇总'!D13 -> 0 | E66: =D66-C66 -> 0 | F66: =IF(C66=0,"",E66/ABS(C66)*100)
A67: 72 | B67: 其他应付款 | C67: ='5-流动负债汇总'!C16+'5-流动负债汇总'!C14+'5-流动负债汇总'!C15 -> 0 | D67: ='5-流动负债汇总'!D16+'5-流动负债汇总'!D14+'5-流动负债汇总'!D15 -> 0 | E67: =D67-C67 -> 0 | F67: =IF(C67=0,"",E67/ABS(C67)*100)
A68: 74 | B68: 一年内到期的非流动负债 | C68: ='5-流动负债汇总'!C17 -> 0 | D68: ='5-流动负债汇总'!D17 -> 0 | E68: =D68-C68 -> 0 | F68: =IF(C68=0,"",E68/ABS(C68)*100)
A69: 75 | B69: 其他流动负债 | C69: ='5-流动负债汇总'!C18 -> 0 | D69: ='5-流动负债汇总'!D18 -> 0 | E69: =D69-C69 -> 0 | F69: =IF(C69=0,"",E69/ABS(C69)*100)
A70: 76 | B70: 五、非流动负债合计 | C70: ='6-非流动负债汇总 '!C27 -> 0 | D70: ='6-非流动负债汇总 '!D27 -> 0 | E70: =D70-C70 -> 0 | F70: =IF(C70=0,"",E70/ABS(C70)*100)
A71: 77 | B71: 长期借款 | C71: ='6-非流动负债汇总 '!C7 -> 0 | D71: ='6-非流动负债汇总 '!D7 -> 0 | E71: =D71-C71 -> 0 | F71: =IF(C71=0,"",E71/ABS(C71)*100)
A72: 78 | B72: 应付债券 | C72: ='6-非流动负债汇总 '!C8 -> 0 | D72: ='6-非流动负债汇总 '!D8 -> 0 | E72: =D72-C72 -> 0 | F72: =IF(C72=0,"",E72/ABS(C72)*100)
A73: 81 | B73: 长期应付款 | C73: ='6-非流动负债汇总 '!C9 -> 0 | D73: ='6-非流动负债汇总 '!D9 -> 0 | E73: =D73-C73 -> 0 | F73: =IF(C73=0,"",E73/ABS(C73)*100)
A74: 82 | B74: 专项应付款 | C74: ='6-非流动负债汇总 '!C10 -> 0 | D74: ='6-非流动负债汇总 '!D10 -> 0 | E74: =D74-C74 -> 0 | F74: =IF(C74=0,"",E74/ABS(C74)*100)
A75: 83 | B75: 预计负债 | C75: ='6-非流动负债汇总 '!C11 -> 0 | D75: ='6-非流动负债汇总 '!D11 -> 0 | E75: =D75-C75 -> 0 | F75: =IF(C75=0,"",E75/ABS(C75)*100)
A76: 84 | B76: 递延所得税负债 | C76: ='6-非流动负债汇总 '!C12 -> 0 | D76: ='6-非流动负债汇总 '!D12 -> 0 | E76: =D76-C76 -> 0 | F76: =IF(C76=0,"",E76/ABS(C76)*100)
A77: 85 | B77: 其他非流动负债 | C77: ='6-非流动负债汇总 '!C13 -> 0 | D77: ='6-非流动负债汇总 '!D13 -> 0 | E77: =D77-C77 -> 0 | F77: =IF(C77=0,"",E77/ABS(C77)*100)
A78: 86 | B78: 六、负债总计 | C78: =C59+C70 -> 0 | D78: =D59+D70 -> 0 | E78: =D78-C78 -> 0 | F78: =IF(C78=0,"",E78/ABS(C78)*100)
A79: 87 | B79: 七、净资产（所有者权益） | C79: =C58-C78 -> 1.1494796e+08 | D79: =D58-D78 -> 1.2376949e+08 | E79: =D79-C79 -> 8821533.2 | F79: =IF(C79=0,"",E79/ABS(C79)*100) -> 7.6743714
B80: 其中：扣除打开长投评估值的净资产
F81: 评估机构：北京中企华资产评估有限责任公司
G82: 打印边界

Sheet 1-汇总表
A1: 山西华润昌裕煤业有限公司资产处置明细表
A2: 评估基准日：2020年03月31日
F3: 表1
A4: 产权所有单位：山西华润昌裕煤业有限公司 | F4: 金额单位：人民币万元
A5: 项 目 | C5: 账面价值 | D5: 评估价值 | E5: 增减值 | F5: 增值率%
C6: A | D6: B | E6: C=B-A | F6: D=C/A×100%
A7: 流动资产 | B7: 1 | C7: 476.43 | D7: 493.28 | E7: 16.85 | F7: 3.536721
A8: 非流动资产 | B8: 2 | C8: 11018.37 | D8: 11883.68 | E8: 865.31 | F8: 7.8533395
A9: 其中：长期股权投资 | B9: 3 | C9: 0 | D9: 0 | E9: 0
A10: 投资性房地产 | B10: 4 | C10: 0 | D10: 0 | E10: 0
A11: 固定资产 | B11: 5 | C11: 137.74 | D11: 2552.06 | E11: 2414.32 | F11: 1752.8096
A12: 在建工程 | B12: 6 | C12: 6708.99 | D12: 3120.66 | E12: -3588.33 | F12: -53.485398
A13: 油气资产 | B13: 7 | C13: 0 | D13: 0 | E13: 0
A14: 无形资产 | B14: 8 | C14: 4171.64 | D14: 6210.96 | E14: 2039.32 | F14: 48.88533
A15: 其中：土地使用权 | B15: 9 | C15: 0 | D15: 0 | E15: 0
A16: 其他非流动资产 | B16: 10 | C16: 0 | D16: 0 | E16: 0
A17: 资产总计 | B17: 11 | C17: 11494.8 | D17: 12376.96 | E17: 882.16 | F17: 7.6744267
A18: 流动负债 | B18: 12 | C18: 0 | D18: 0 | E18: 0
A19: 非流动负债 | B19: 13 | C19: 0 | D19: 0 | E19: 0
A20: 负债总计 | B20: 14 | C20: 0 | D20: 0 | E20: 0
A21: 净资产 | B21: 15 | C21: 11494.8 | D21: 12376.96 | E21: 882.16 | F21: 7.6744267

Sheet 2-分类汇总
A1: 返回索引目录
A2: 资产分类汇总表
A3: 评估基准日：2020年03月31日
F4: 表2
A5: 产权持有单位：山西华润昌裕煤业有限公司 | F5: 金额单位：人民币元
A6: 序号 | B6: 科目名称 | C6: 账面价值 | D6: 评估价值 | E6: 增减值 | F6: 增值率%
A7: 1 | B7: 一、流动资产合计 | C7: 4764299.6 | D7: 4932751.2 | E7: 168451.68 | F7: 3.5357071
A8: 2 | B8: 货币资金 | C8: 200780.4 | D8: 200780.4 | E8: 0 | F8: 0
A9: 3 | B9: 交易性金融资产 | C9: 0 | D9: 0 | E9: 0
A10: 4 | B10: 应收票据 | C10: 0 | D10: 0 | E10: 0
A11: 5 | B11: 应收账款合计 | C11: 0 | D11: 0 | E11: 0
A12: 6 | B12: 减：坏账准备 | C12: 0 | D12: 0 | E12: 0
A13: 7 | B13: 应收账款净额 | C13: 0 | D13: 0 | E13: 0
A14: 8 | B14: 预付款项 | C14: 431576.4 | D14: 431576.4 | E14: 0 | F14: 0
A15: 9 | B15: 应收利息 | C15: 0 | D15: 0 | E15: 0
A16: 10 | B16: 应收股利 | C16: 0 | D16: 0 | E16: 0
A17: 11 | B17: 其他应收款合计 | C17: 3304698.5 | D17: 3244668.5 | E17: -60030 | F17: -1.8165046
A18: 12 | B18: 减：坏账准备 | C18: 60030 | D18: 0 | E18: -60030 | F18: -100
A19: 13 | B19: 其他应收款净额 | C19: 3244668.5 | D19: 3244668.5 | E19: 0 | F19: 0
A20: 14 | B20: 存货合计 | C20: 2665575.1 | D20: 1055726 | E20: -1609849.1 | F20: -60.394063
A21: 15 | B21: 减：存货跌价准备 | C21: 1778300.8 | D21: 0 | E21: -1778300.8 | F21: -100
A22: 16 | B22: 存货净额 | C22: 887274.32 | D22: 1055726 | E22: 168451.68 | F22: 18.985299
A23: 17 | B23: 一年内到期的非流动资产 | C23: 0 | D23: 0 | E23: 0
A24: 18 | B24: 其他流动资产 | C24: 0 | D24: 0 | E24: 0
A25: 19 | B25: 二、非流动资产合计 | C25: 1.1018366e+08 | D25: 118836740 | E25: 8653081.5 | F25: 7.8533256
A26: 20 | B26: 可供出售金融资产 | C26: 0 | D26: 0 | E26: 0
A27: 21 | B27: 持有至到期投资合计 | C27: 0 | D27: 0 | E27: 0
A28: 22 | B28: 减：持有至到期投资减值准备 | C28: 0 | D28: 0 | E28: 0
A29: 23 | B29: 持有至到期投资净额 | C29: 0 | D29: 0 | E29: 0
A30: 24 | B30: 长期应收款 | C30: 0 | D30: 0 | E30: 0
A31: 25 | B31: 长期股权投资合计 | C31: 0 | D31: 0 | E31: 0
A32: 26 | B32: 减：长期股权投资减值准备 | C32: 0 | D32: 0 | E32: 0
A33: 27 | B33: 长期股权投资净额 | C33: 0 | D33: 0 | E33: 0
A34: 28 | B34: 投资性房地产合计 | C34: 0 | D34: 0 | E34: 0
A35: 29 | B35: 减：投资性房地产减值准备 | C35: 0 | D35: 0 | E35: 0
A36: 30 | B36: 投资性房地产净额 | C36: 0 | D36: 0 | E36: 0
A37: 31 | B37: 固定资产原值 | C37: 13227561 | D37: 57493980 | E37: 44266419 | F37: 334.65291
A38: 32 | B38: 其中：建筑物类 | C38: 303504 | D38: 52946400 | E38: 52642896 | F38: 17345.042
A39: 33 | B39: 设 备 类 | C39: 12924057 | D39: 4547580 | E39: -8376477.2 | F39: -64.813062
A40: 34 | B40: 土 地 类 | C40: 0 | D40: 0 | E40: 0
A41: 35 | B41: 减：累计折旧 | C41: 9223813.9 | D41: 31973399 | E41: 22749585 | F41: 246.63968
A42: 36 | B42: 固定资产净值 | C42: 4003747.3 | D42: 25520581 | E42: 21516834 | F42: 537.41738
A43: 37 | B43: 其中：建筑物类 | C43: 221313.36 | D43: 23189353 | E43: 22968040 | F43: 10378.063
A44: 38 | B44: 设 备 类 | C44: 3782433.9 | D44: 2331228 | E44: -1451205.9 | F44: -38.366987
A45: 39 | B45: 土 地 类 | C45: 0 | D45: 0 | E45: 0
A46: 40 | B46: 减：固定资产减值准备 | C46: 2626357.9 | D46: 0 | E46: -2626357.9 | F46: -100
A47: 41 | B47: 固定资产净额 | C47: 1377389.4 | D47: 25520581 | E47: 24143192 | F47: 1752.8226
A48: 42 | B48: 在建工程 | C48: 67089869 | D48: 31206559 | E48: -35883310 | F48: -53.485438
A49: 43 | B49: 工程物资 | C49: 0 | D49: 0 | E49: 0
A50: 44 | B50: 固定资产清理 | C50: 0 | D50: 0 | E50: 0
A51: 45 | B51: 生产性生物资产 | C51: 0 | D51: 0 | E51: 0
A52: 46 | B52: 油气资产合计 | C52: 0 | D52: 0 | E52: 0
A53: 47 | B53: 减：油气资产减值准备 | C53: 0 | D53: 0 | E53: 0
A54: 48 | B54: 油气资产净额 | C54: 0 | D54: 0 | E54: 0
A55: 49 | B55: 无形资产合计 | C55: 41716400 | D55: 62109600 | E55: 20393200 | F55: 48.88533
A56: 50 | B56: 其中：土地使用权 | C56: 0 | D56: 0 | E56: 0
A57: 51 | B57: 减：无形资产减值准备 | C57: 0 | D57: 0 | E57: 0
A58: 52 | B58: 无形资产净额 | C58: 41716400 | D58: 62109600 | E58: 20393200 | F58: 48.88533
A59: 53 | B59: 开发支出 | C59: 0 | D59: 0 | E59: 0
A60: 54 | B60: 商誉 | C60: 0 | D60: 0 | E60: 0
A61: 55 | B61: 长期待摊费用 | C61: 0 | D61: 0 | E61: 0
A62: 56 | B62: 递延所得税资产 | C62: 0 | D62: 0 | E62: 0
A63: 57 | B63: 其他非流动资产 | C63: 0 | D63: 0 | E63: 0
A64: 58 | B64: 三、资产总计 | C64: 1.1494796e+08 | D64: 1.2376949e+08 | E64: 8821533.2 | F64: 7.6743714
A65: 59 | B65: 四、流动负债合计 | C65: 0 | D65: 0 | E65: 0
A66: 60 | B66: 短期借款 | C66: 0 | D66: 0 | E66: 0
A67: 61 | B67: 交易性金融负债 | C67: 0 | D67: 0 | E67: 0
A68: 62 | B68: 应付票据 | C68: 0 | D68: 0 | E68: 0
A69: 63 | B69: 应付账款 | C69: 0 | D69: 0 | E69: 0
A70: 64 | B70: 预收款项 | C70: 0 | D70: 0 | E70: 0
A71: 65 | B71: 应付职工薪酬 | C71: 0 | D71: 0 | E71: 0
A72: 66 | B72: 应交税费 | C72: 0 | D72: 0 | E72: 0
A73: 67 | B73: 应付利息 | C73: 0 | D73: 0 | E73: 0
A74: 68 | B74: 应付股利 | C74: 0 | D74: 0 | E74: 0
A75: 69 | B75: 其他应付款 | C75: 0 | D75: 0 | E75: 0
A76: 70 | B76: 一年内到期的非流动负债 | C76: 0 | D76: 0 | E76: 0
... A86: 80 | B86: 六、负债总计 | C86: 0 | D86: 0 | E86: 0
A87: 81 | B87: 七、净资产（所有者权益） | C87: 1.1494796e+08 | D87: 1.2376949e+08 | E87: 8821533.2 | F87: 7.6743714
A88: 82 | B88: 八、不含长投标识为“Y” | C88: 1.1494796e+08 | D88: 1.2376949e+08 | E88: 8821533.2 | F88: 7.6743714
A89: 83 | B89: 九、关联方资产 | E89: 0
A90: 84 | B90: 十、关联方负债 | E90: 0

Sheet 3-流动汇总
A1: 返回索引目录
A2: 流动资产汇总表
A3: 评估基准日：2020年03月31日
F4: 表3
A5: 产权持有单位：山西华润昌裕煤业有限公司 | F5: 金额单位：人民币元
A6: 编号 | B6: 科目名称 | C6: 账面价值 | D6: 评估价值 | E6: 增减值 | F6: 增值率%
A7: 3-1 | B7: 货币资金 | C7: 200780.4 | D7: 200780.4 | E7: 0 | F7: 0
A8: 3-2 | B8: 交易性金融资产 | C8: 0 | D8: 0 | E8: 0
A9: 3-3 | B9: 应收票据 | C9: 0 | D9: 0 | E9: 0
A10: 3-4 | B10: 应收账款合计 | C10: 0 | D10: 0 | E10: 0
B11: 减：坏账准备 | C11: 0 | E11: 0
B12: 应收账款净额 | C12: 0 | D12: 0 | E12: 0
A13: 3-5 | B13: 预付款项 | C13: 431576.4 | D13: 431576.4 | E13: 0 | F13: 0
A14: 3-6 | B14: 应收利息 | C14: 0 | D14: 0 | E14: 0
A15: 3-7 | B15: 应收股利 | C15: 0 | D15: 0 | E15: 0
A16: 3-8 | B16: 其他应收款合计 | C16: 3304698.5 | D16: 3244668.5 | E16: -60030 | F16: -1.8165046
B17: 减：坏账准备 | C17: 60030 | E17: -60030 | F17: -100
B18: 其他应收款净额 | C18: 3244668.5 | D18: 3244668.5 | E18: 0 | F18: 0
A19: 3-9 | B19: 存货合计 | C19: 2665575.1 | D19: 1055726 | E19: -1609849.1 | F19: -60.394063
B20: 减：存货跌价准备 | C20: 1778300.8 | E20: -1778300.8 | F20: -100
B21: 存货净额 | C21: 887274.32 | D21: 1055726 | E21: 168451.68 | F21: 18.985299
A22: 3-10 | B22: 一年内到期的非流动资产 | C22: 0 | D22: 0 | E22: 0
A23: 3-11 | B23: 其他流动资产 | C23: 0 | D23: 0 | E23: 0
A27: 流动资产合计 | C27: 4764299.6 | D27: 4932751.2 | E27: 168451.68 | F27: 3.5357071

Sheet 表3-1货币汇总表
A1: 返回索引目录
A2: 货币资金汇总表
A3: 评估基准日：2020年03月31日
F4: 表3-1
A5: 产权持有单位：山西华润昌裕煤业有限公司 | F5: 金额单位：人民币元
A6: 编号 | B6: 科目名称 | C6: 账面价值 | D6: 评估价值 | E6: 增减值 | F6: 增值率% | G6: 备注
A7: 3-1-1 | B7: 现金 | C7: 0 | D7: 0 | E7: 0
A8: 3-1-2 | B8: 银行存款 | C8: 41.35 | D8: 41.35 | E8: 0 | F8: 0
A9: 3-1-3 | B9: 其他货币资金 | C9: 200739.05 | D9: 200739.05 | E9: 0 | F9: 0
A27: 合 计 | C27: 200780.4 | D27: 200780.4 | E27: 0 | F27: 0

Sheet 3-1-1现金
A1: 返回索引目录
A2: 货币资金—现金评估明细表
A3: ="评估基准日："&TEXT(基本信息输入表!M7,"yyyy年mm月dd日") -> 评估基准日：2020年03月31日
H4: 表3-1-1
A5: =基本信息输入表!K6&"："&基本信息输入表!M6 -> 被评估单位：山西华润昌裕煤业有限公司 | H5: 金额单位：人民币元
A6: 序号 | B6: 存放部门（单位) | C6: 币种 | D6: 外币账面金额 | E6: 评估基准日汇率 | F6: 账面价值 | G6: 评估价值 | H6: 增值率% | I6: 备注 | J6: 唯一标识列
A7: =IF(D7="","",ROW()-6) | H7: =IF(F7=0,"",(G7-F7)/F7*100) | J7: A1
A8: =IF(D8="","",ROW()-6) | H8: =IF(F8=0,"",(G8-F8)/F8*100) | J8: A2
J9: A3
J10: A4
J11: A5
J12: A6
J13: A7
J14: A8
A15: =IF(D15="","",ROW()-6) | H15: =IF(F15=0,"",(G15-F15)/F15*100) | J15: A9
A16: =IF(D16="","",ROW()-6) | H16: =IF(F16=0,"",(G16-F16)/F16*100) | J16: A10
A17: =IF(D17="","",ROW()-6) | H17: =IF(F17=0,"",(G17-F17)/F17*100) | J17: A11
A18: =IF(D18="","",ROW()-6) | H18: =IF(F18=0,"",(G18-F18)/F18*100) | J18: A12
A19: =IF(D19="","",ROW()-6) | H19: =IF(F19=0,"",(G19-F19)/F19*100) | J19: A13
A20: =IF(D20="","",ROW()-6) | H20: =IF(F20=0,"",(G20-F20)/F20*100) | J20: A14
A21: =IF(D21="","",ROW()-6) | H21: =IF(F21=0,"",(G21-F21)/F21*100) | J21: A15
A22: 合 计 | F22: =SUM(F7:F21) -> 0 | G22: =SUM(G7:G21) -> 0 | H22: =IF(F22=0,"",(G22-F22)/F22*100)
A23: =基本信息输入表!$K$6&"填表人："&基本信息输入表!$M$14 -> 被评估单位填表人：阎丽红 | G23: ="评估人员："&基本信息输入表!$Q$14 -> 评估人员：孙艳平 | J23: 打印边界
A24: ="填表日期："&YEAR(基本信息输入表!$O$14)&"年"&MONTH(基本信息输入表!$O$14)&"月"&DAY(基本信息输入表!$O$14)&"日" -> 填表日期：2020年4月25日

Sheet 3-1-2银行存款
A1: 返回索引目录
A2: 货币资金—银行存款明细表
A3: 评估基准日：2020年03月31日
I4: 表3-1-2
A5: 产权持有单位：山西华润昌裕煤业有限公司 | I5: 金额单位：人民币元
A6: 序号 | B6: 开户银行 | C6: 账号 | D6: 币种 | E6: 外币账面金额 | F6: 评估基准日汇率 | G6: 账面价值 | H6: 评估价值 | I6: 增值率% | J6: 备注
A7: 1 | B7: 中国工商银行古交市支行 | C7: 0502150109000148456 | D7: 人民币 | G7: 26.01 | H7: 26.01 | I7: 0
A8: 2 | B8: 中国工商银行五一路支行 | C8: 0502122019020185138 | D8: 人民币 | G8: 15.34 | H8: 15.34 | I8: 0
A27: 合 计 | G27: 41.35 | H27: 41.35 | I27: 0

Sheet 3-1-3其他货币资金
A1: 返回索引目录
A2: 货币资金—其他货币资金明细表
A3: 评估基准日：2020年03月31日
J4: 表3-1-3
A5: 产权持有单位：山西华润昌裕煤业有限公司 | J5: 金额单位：人民币元
A6: 序号 | B6: 名称及内容 | C6: 用途 | D6: 币种 | E6: 外币账面金额 | F6: 评估基准日汇率 | G6: 账面价值 | H6: 评估价值 | I6: 增值率% | J6: 备注
A7: 1 | B7: 中国工商银行古交市支行 | C7: 土地复垦费 | D7: 人民币 | G7: 200739.05 | H7: 200739.05 | I7: 0
A27: 合 计 | G27: 200739.05 | H27: 200739.05 | I27: 0

Sheet 3-2交易性金融资产汇总
A1: 返回索引目录
A2: 交易性金融资产评估汇总表
A3: ="评估基准日："&TEXT(基本信息输入表!M7,"yyyy年mm月dd日") -> 评估基准日：2020年03月31日
F4: 表3-2
A5: =基本信息输入表!K6&"："&基本信息输入表!M6 -> 被评估单位：山西华润昌裕煤业有限公司 | F5: 金额单位：人民币元
A6: 编号 | B6: 科目名称 | C6: 账面价值 | D6: 评估价值 | E6: 增减值 | F6: 增值率%
A7: 3-2-1 | B7: 交易性金融资产-股票投资 | C7: ='3-2-1交易性-股票'!I27 -> 0 | D7: ='3-2-1交易性-股票'!J27 -> 0 | E7: =D7-C7 -> 0 | F7: =IF(C7=0,"",E7/C7*100)
A8: 3-2-2 | B8: 交易性金融资产-债券投资 | C8: ='3-2-2交易性-债券'!I27 -> 0 | D8: ='3-2-2交易性-债券'!J27 -> 0 | E8: =D8-C8 -> 0 | F8: =IF(C8=0,"",E8/C8*100)
A9: 3-2-3 | B9: 交易性金融资产-基金投资 | C9: ='3-2-3交易性-基金'!I27 -> 0 | D9: ='3-2-3交易性-基金'!J27 -> 0 | E9: =D9-C9 -> 0 | F9: =IF(C9=0,"",E9/C9*100)
A10: 3-2-4 | B10: 交易性金融资产--其他投资 | E10: =D10-C10 -> 0 | F10: =IF(C10=0,"",E10/C10*100)
F11: =IF(C11=0,"",E11/C11*100)
A27: 合 计 | C27: =SUM(C7:C26) -> 0 | D27: =SUM(D7:D26) -> 0 | E27: =D27-C27 -> 0 | F27: =IF(C27=0,"",E27/C27*100)
D28: ="评估人员："&基本信息输入表!$Q$17 -> 评估人员：孙艳平 | G28: <END>
G29: 打印边界

Sheet 3-2-1交易性-股票
A1: 返回索引目录
A2: 交易性金融资产—股票投资评估明细表
A3: ="评估基准日："&TEXT(基本信息输入表!M7,"yyyy年mm月dd日") -> 评估基准日：2020年03月31日
K4: 表3-2-1
A5: =基本信息输入表!K6&"："&基本信息输入表!M6 -> 被评估单位：山西华润昌裕煤业有限公司 | K5: 金额单位：人民币元
A6: 序号 | B6: 被投资单位名称 | C6: 股票名称 | D6: 股票代码 | E6: 投资日期 | F6: 持股数量 | G6: 成 本 | H6: 基准日收盘价元/股 | I6: 账面价值 | J6: 评估价值 | K6: 增值率% | L6: 备注 | M6: 唯一标识列
A7: =IF(C7="","",ROW()-6) | K7: =IF(I7=0,"",(J7-I7)/I7*100) | M7: D1
A8: =IF(C8="","",ROW()-6) | K8: =IF(I8=0,"",(J8-I8)/I8*100) | M8: D2
A9: =IF(C9="","",ROW()-6) | K9: =IF(I9=0,"",(J9-I9)/I9*100) | M9: D3
A10: =IF(C10="","",ROW()-6) | K10: =IF(I10=0,"",(J10-I10)/I10*100) | M10: D4
A11: =IF(C11="","",ROW()-6) | K11: =IF(I11=0,"",(J11-I11)/I11*100) | M11: D5
A12: =IF(C12="","",ROW()-6) | K12: =IF(I12=0,"",(J12-I12)/I12*100) | M12: D6
A13: =IF(C13="","",ROW()-6) | K13: =IF(I13=0,"",(J13-I13)/I13*100) | M13: D7
A14: =IF(C14="","",ROW()-6) | K14: =IF(I14=0,"",(J14-I14)/I14*100) | M14: D8
A15: =IF(C15="","",ROW()-6) | K15: =IF(I15=0,"",(J15-I15)/I15*100) | M15: D9
A16: =IF(C16="","",ROW()-6) | K16: =IF(I16=0,"",(J16-I16)/I16*100) | M16: D10
A17: =IF(C17="","",ROW()-6) | K17: =IF(I17=0,"",(J17-I17)/I17*100) | M17: D11
A18: =IF(C18="","",ROW()-6) | K18: =IF(I18=0,"",(J18-I18)/I18*100) | M18: D12
... A26: =IF(C26="","",ROW()-6) | K26: =IF(I26=0,"",(J26-I26)/I26*100) | M26: D20
A27: 合 计 | I27: =SUM(I7:I26) -> 0 | J27: =SUM(J7:J26) -> 0 | K27: =IF(I27=0,"",(J27-I27)/I27*100)
A28: =基本信息输入表!$K$6&"填表人："&基本信息输入表!$M$18 -> 被评估单位填表人：阎丽红 | J28: ="评估人员："&基本信息输入表!$Q$18 -> 评估人员：孙艳平 | M28: 打印边界
A29: ="填表日期："&YEAR(基本信息输入表!$O$18)&"年"&MONTH(基本信息输入表!$O$18)&"月"&DAY(基本信息输入表!$O$18)&"日" -> 填表日期：2020年4月25日

Sheet 3-2-2交易性-债券
A1: 返回索引目录
A2: 交易性金融资产—债券投资评估明细表
A3: ="评估基准日："&TEXT(基本信息输入表!M7,"yyyy年mm月dd日") -> 评估基准日：2020年03月31日
K4: 表3-2-2
A5: =基本信息输入表!K6&"："&基本信息输入表!M6 -> 被评估单位：山西华润昌裕煤业有限公司 | K5: 金额单位：人民币元
A6: 序号 | B6: 被投资单位名称 | C6: 债券名称 | D6: 债券代码 | E6: 发行日期 | F6: 投资日期 | G6: 票面利率% | H6: 成本 | I6: 账面价值 | J6: 评估价值 | K6: 增值率% | L6: 备注 | M6: 唯一标识列
A7: =IF(C7="","",ROW()-6) | K7: =IF(I7=0,"",(J7-I7)/I7*100) | M7: E1
A8: =IF(C8="","",ROW()-6) | K8: =IF(I8=0,"",(J8-I8)/I8*100) | M8: E2
A9: =IF(C9="","",ROW()-6) | K9: =IF(I9=0,"",(J9-I9)/I9*100) | M9: E3
A10: =IF(C10="","",ROW()-6) | K10: =IF(I10=0,"",(J10-I10)/I10*100) | M10: E4
A11: =IF(C11="","",ROW()-6) | K11: =IF(I11=0,"",(J11-I11)/I11*100) | M11: E5
A12: =IF(C12="","",ROW()-6) | K12: =IF(I12=0,"",(J12-I12)/I12*100) | M12: E6
A13: =IF(C13="","",ROW()-6) | K13: =IF(I13=0,"",(J13-I13)/I13*100) | M13: E7
A14: =IF(C14="","",ROW()-6) | K14: =IF(I14=0,"",(J14-I14)/I14*100) | M14: E8
A15: =IF(C15="","",ROW()-6) | K15: =IF(I15=0,"",(J15-I15)/I15*100) | M15: E9
A16: =IF(C16="","",ROW()-6) | K16: =IF(I16=0,"",(J16-I16)/I16*100) | M16: E10
A17: =IF(C17="","",ROW()-6) | K17: =IF(I17=0,"",(J17-I17)/I17*100) | M17: E11
A18: =IF(C18="","",ROW()-6) | K18: =IF(I18=0,"",(J18-I18)/I18*100) | M18: E12
... A26: =IF(C26="","",ROW()-6) | K26: =IF(I26=0,"",(J26-I26)/I26*100) | M26: E20
A27: 合 计 | I27: =SUM(I7:I26) -> 0 | J27: =SUM(J7:J26) -> 0 | K27: =IF(I27=0,"",(J27-I27)/I27*100)
A28: =基本信息输入表!$K$6&"填表人："&基本信息输入表!$M$19 -> 被评估单位填表人：阎丽红 | J28: ="评估人员："&基本信息输入表!$Q$19 -> 评估人员：孙艳平 | M28: 打印边界
A29: ="填表日期："&YEAR(基本信息输入表!$O$19)&"年"&MONTH(基本信息输入表!$O$19)&"月"&DAY(基本信息输入表!$O$19)&"日" -> 填表日期：2020年4月25日

Sheet 3-2-3交易性-基金
A1: 返回索引目录
A2: 交易性金融资产—基金投资评估明细表
A3: ="评估基准日："&TEXT(基本信息输入表!M7,"yyyy年mm月dd日") -> 评估基准日：2020年03月31日
K4: 表3-2-3
A5: =基本信息输入表!K6&"："&基本信息输入表!M6 -> 被评估单位：山西华润昌裕煤业有限公司 | K5: 金额单位：人民币元
A6: 序号 | B6: 基金发行单位 | C6: 基金名称 | D6: 基金类型 | E6: 基金代码 | F6: 投资日期 | G6: 成本 | H6: 基准日净值/份 | I6: 账面价值 | J6: 评估价值 | K6: 增值率% | L6: 备注 | M6: 唯一标识列
A7: =IF(C7="","",ROW()-6) | K7: =IF(I7=0,"",(J7-I7)/I7*100) | M7: F1
A8: =IF(C8="","",ROW()-6) | K8: =IF(I8=0,"",(J8-I8)/I8*100) | M8: F2
A9: =IF(C9="","",ROW()-6) | K9: =IF(I9=0,"",(J9-I9)/I9*100) | M9: F3
A10: =IF(C10="","",ROW()-6) | K10: =IF(I10=0,"",(J10-I10)/I10*100) | M10: F4
A11: =IF(C11="","",ROW()-6) | K11: =IF(I11=0,"",(J11-I11)/I11*100) | M11: F5
A12: =IF(C12="","",ROW()-6) | K12: =IF(I12=0,"",(J12-I12)/I12*100) | M12: F6
A13: =IF(C13="","",ROW()-6) | K13: =IF(I13=0,"",(J13-I13)/I13*100) | M13: F7
A14: =IF(C14="","",ROW()-6) | K14: =IF(I14=0,"",(J14-I14)/I14*100) | M14: F8
A15: =IF(C15="","",ROW()-6) | K15: =IF(I15=0,"",(J15-I15)/I15*100) | M15: F9
A16: =IF(C16="","",ROW()-6) | K16: =IF(I16=0,"",(J16-I16)/I16*100) | M16: F10
A17: =IF(C17="","",ROW()-6) | K17: =IF(I17=0,"",(J17-I17)/I17*100) | M17: F11
A18: =IF(C18="","",ROW()-6) | K18: =IF(I18=0,"",(J18-I18)/I18*100) | M18: F12
... A26: =IF(C26="","",ROW()-6) | K26: =IF(I26=0,"",(J26-I26)/I26*100) | M26: F20
A27: 合 计 | I27: =SUM(I7:I26) -> 0 | J27: =SUM(J7:J26) -> 0 | K27: =IF(I27=0,"",(J27-I27)/I27*100)
A28: =基本信息输入表!$K$6&"填表人："&基本信息输入表!$M$20 -> 被评估单位填表人：阎丽红 | J28: ="评估人员："&基本信息输入表!$Q$20 -> 评估人员：孙艳平 | M28: 打印边界
A29: ="填表日期："&YEAR(基本信息输入表!$O$20)&"年"&MONTH(基本信息输入表!$O$20)&"月"&DAY(基本信息输入表!$O$20)&"日" -> 填表日期：2020年4月25日

Sheet 3-3应收票据
A1: 返回索引目录
A2: 应收票据评估明细表
A3: ="评估基准日："&TEXT(基本信息输入表!M7,"yyyy年mm月dd日") -> 评估基准日：2020年03月31日
J4: 表3-3
A5: =基本信息输入表!K6&"："&基本信息输入表!M6 -> 被评估单位：山西华润昌裕煤业有限公司 | J5: 金额单位：人民币元
A6: 序号 | B6: 户名（结算对象) | C6: 出票日期 | D6: 到期日期 | E6: 票面利率% | F6: 账面余额 | H6: 评估价值 | I6: 增值率% | J6: 备注
F7: 账面价值 | G7: 计提减值准备 | K7: 唯一标识列
A8: =IF(B8="","",ROW()-7) | I8: =IF(F8=0,"",(H8-F8)/F8*100) | K8: G1
A9: =IF(B9="","",ROW()-7) | I9: =IF(F9=0,"",(H9-F9)/F9*100) | K9: G2
A10: =IF(B10="","",ROW()-7) | I10: =IF(F10=0,"",(H10-F10)/F10*100) | K10: G3
A11: =IF(B11="","",ROW()-7) | I11: =IF(F11=0,"",(H11-F11)/F11*100) | K11: G4
A12: =IF(B12="","",ROW()-7) | I12: =IF(F12=0,"",(H12-F12)/F12*100) | K12: G5
A13: =IF(B13="","",ROW()-7) | I13: =IF(F13=0,"",(H13-F13)/F13*100) | K13: G6
A14: =IF(B14="","",ROW()-7) | I14: =IF(F14=0,"",(H14-F14)/F14*100) | K14: G7
A15: =IF(B15="","",ROW()-7) | I15: =IF(F15=0,"",(H15-F15)/F15*100) | K15: G8
A16: =IF(B16="","",ROW()-7) | I16: =IF(F16=0,"",(H16-F16)/F16*100) | K16: G9
A17: =IF(B17="","",ROW()-7) | I17: =IF(F17=0,"",(H17-F17)/F17*100) | K17: G10
A18: =IF(B18="","",ROW()-7) | I18: =IF(F18=0,"",(H18-F18)/F18*100) | K18: G11
A19: =IF(B19="","",ROW()-7) | I19: =IF(F19=0,"",(H19-F19)/F19*100) | K19: G12
... A24: =IF(B24="","",ROW()-7) | I24: =IF(F24=0,"",(H24-F24)/F24*100) | K24: G17
A25: 应收票据合计 | F25: =SUM(F8:F24) -> 0 | G25: =SUM(G8:G24) -> 0 | H25: =SUM(H8:H24) -> 0 | I25: =IF(F25=0,"",(H25-F25)/F25*100) | K25: G18
A26: 减：应收票据坏账准备 | F26: =G25 -> 0 | K26: G19
A27: 应收票据净额 | F27: =F25-F26 -> 0 | H27: =H25 -> 0 | I27: =IF(F27=0,"",(H27-F27)/F27*100)
A28: =基本信息输入表!$K$6&"填表人："&基本信息输入表!$M$21 -> 被评估单位填表人：阎丽红 | H28: ="评估人员："&基本信息输入表!$Q$21 -> 评估人员：孙艳平 | K28: 打印边界
A29: ="填表日期："&YEAR(基本信息输入表!$O$21)&"年"&MONTH(基本信息输入表!$O$21)&"月"&DAY(基本信息输入表!$O$21)&"日" -> 填表日期：2020年4月25日

Sheet 3-4应收账款
A1: 返回索引目录
A2: 应收账款评估明细表
A3: ="评估基准日："&TEXT(基本信息输入表!M7,"yyyy年mm月dd日") -> 评估基准日：2020年03月31日
L4: 表3-4
A5: =基本信息输入表!K6&"："&基本信息输入表!M6 -> 被评估单位：山西华润昌裕煤业有限公司 | L5: 金额单位：人民币元
A6: 序号 | B6: 欠款单位名称（结算对象) | C6: 业务内容 | D6: 最后一次 变动日期 | E6: 账龄（月） | F6: 币种 | G6: 外币账面金额 | H6: 账面余额 | I6: 坏账准备 | J6: 评估价值 | K6: 增值率% | L6: 备注
M7: 唯一标识列
K8: =IF(H8=0,"",(J8-H8)/(H8)*100) | M8: H1
M9: H2
M10: H3
M11: H4
M12: H5
M13: H6
M14: H7
M15: H8
A16: =IF(B16="","",ROW()-7) | K16: =IF(H16=0,"",(J16-H16)/(H16)*100) | M16: H9
A17: =IF(B17="","",ROW()-7) | K17: =IF(H17=0,"",(J17-H17)/(H17)*100) | M17: H10
A18: =IF(B18="","",ROW()-7) | K18: =IF(H18=0,"",(J18-H18)/(H18)*100) | M18: H11
A19: =IF(B19="","",ROW()-7) | K19: =IF(H19=0,"",(J19-H19)/(H19)*100) | M19: H12
A20: 应收账款合计 | H20: =SUM(H8:H19) -> 0 | I20: =SUM(I8:I19) -> 0 | J20: =SUM(J8:J19) -> 0 | K20: =IF(H20=0,"",(J20-H20)/(H20)*100)
A21: 减：坏账准备 | H21: =I20 -> 0
A22: 减：评估风险损失 | J22: =H21 -> 0
A23: 应收账款净额 | H23: =H20-H21 -> 0 | J23: =J20-J22 -> 0 | K23: =IF(H23=0,"",(J23-H23)/(H23)*100)
A24: =基本信息输入表!$K$6&"填表人："&基本信息输入表!$M$22 -> 被评估单位填表人：阎丽红 | J24: ="评估人员："&基本信息输入表!$Q$22 -> 评估人员：孙艳平 | M24: 打印边界
A25: ="填表日期："&YEAR(基本信息输入表!$O$22)&"年"&MONTH(基本信息输入表!$O$22)&"月"&DAY(基本信息输入表!$O$22)&"日" -> 填表日期：2020年4月25日

Sheet 3-5预付款项
A1: 返回索引目录
A2: 预付款项明细表
A3: 评估基准日：2020年03月31日
M4: 表3-5
A5: 产权持有单位：山西华润昌裕煤业有限公司 | M5: 金额单位：人民币元
A6: 序号 | B6: 收款单位名称（结算对象) | C6: 业务内容 | D6: 发生日期 | E6: 账龄（月） | F6: 币种 | G6: 外币账面金额 | H6: 基准日汇率 | I6: 账面余额 | J6: 计提减值准备 | K6: 评估价值 | L6: 增值率% | M6: 备注
A8: 1 | B8: 中国石油天然气股份有限公司山西太原销售分公司 | C8: 燃料款 | D8: 43497 | E8: 8 | F8: 人民币 | I8: 12717.44 | K8: 12717.44 | L8: 0
A9: 2 | B9: 古交市物资公司 | C9: 火工品 | D9: 41843 | E9: 63 | F9: 人民币 | I9: 5707.84 | K9: 5707.84 | L9: 0
A10: 3 | B10: 国网山西省电力公司太原供电公司 | C10: 电费 | D10: 43096 | E10: 22 | F10: 人民币 | I10: 413151.12 | K10: 413151.12 | L10: 0
A23: 预付款项合计 | I23: 431576.4 | J23: 0 | K23: 431576.4 | L23: 0
A24: 减：预付款项坏账准备 | I24: 0
A25: 预付款项净额 | I25: 431576.4 | K25: 431576.4 | L25: 0

Sheet 3-6应收利息
A1: 返回索引目录
A2: 应收利息评估明细表
A3: ="评估基准日："&TEXT(基本信息输入表!M7,"yyyy年mm月dd日") -> 评估基准日：2020年03月31日
J4: 表3-6
A5: =基本信息输入表!K6&"："&基本信息输入表!M6 -> 被评估单位：山西华润昌裕煤业有限公司 | J5: 金额单位：人民币元
A6: 序号 | B6: 欠款单位名称（结算对象) | C6: 发生日期 | D6: 本金 | E6: 利息所属期间 | F6: 利息率% | G6: 账面价值 | H6: 评估价值 | I6: 增值率% | J6: 备注 | K6: 唯一标识列
A7: =IF(B7="","",ROW()-6) | I7: =IF(G7=0,"",(H7-G7)/G7*100) | K7: J1
A8: =IF(B8="","",ROW()-6) | I8: =IF(G8=0,"",(H8-G8)/G8*100) | K8: J2
A9: =IF(B9="","",ROW()-6) | I9: =IF(G9=0,"",(H9-G9)/G9*100) | K9: J3
A10: =IF(B10="","",ROW()-6) | I10: =IF(G10=0,"",(H10-G10)/G10*100) | K10: J4
A11: =IF(B11="","",ROW()-6) | I11: =IF(G11=0,"",(H11-G11)/G11*100) | K11: J5
A12: =IF(B12="","",ROW()-6) | I12: =IF(G12=0,"",(H12-G12)/G12*100) | K12: J6
A13: =IF(B13="","",ROW()-6) | I13: =IF(G13=0,"",(H13-G13)/G13*100) | K13: J7
A14: =IF(B14="","",ROW()-6) | I14: =IF(G14=0,"",(H14-G14)/G14*100) | K14: J8
A15: =IF(B15="","",ROW()-6) | I15: =IF(G15=0,"",(H15-G15)/G15*100) | K15: J9
A16: =IF(B16="","",ROW()-6) | I16: =IF(G16=0,"",(H16-G16)/G16*100) | K16: J10
A17: =IF(B17="","",ROW()-6) | I17: =IF(G17=0,"",(H17-G17)/G17*100) | K17: J11
A18: =IF(B18="","",ROW()-6) | I18: =IF(G18=0,"",(H18-G18)/G18*100) | K18: J12
... A28: =IF(B28="","",ROW()-6) | I28: =IF(G28=0,"",(H28-G28)/G28*100) | K28: J22
A29: 合 计 | G29: =SUM(G7:G28) -> 0 | H29: =SUM(H7:H28) -> 0 | I29: =IF(G29=0,"",(H29-G29)/G29*100)
A30: =基本信息输入表!$K$6&"填表人："&基本信息输入表!$M$24 -> 被评估单位填表人：阎丽红 | H30: ="评估人员："&基本信息输入表!$Q$24 -> 评估人员：孙艳平 | K30: 打印边界
A31: ="填表日期："&YEAR(基本信息输入表!$O$24)&"年"&MONTH(基本信息输入表!$O$24)&"月"&DAY(基本信息输入表!$O$24)&"日" -> 填表日期：2020年4月25日

Sheet 3-7应收股利
A1: 返回索引目录
A2: 应收股利（应收利润）评估明细表
A3: ="评估基准日："&TEXT(基本信息输入表!M7,"yyyy年mm月dd日") -> 评估基准日：2020年03月31日
H4: 表3-7
A5: =基本信息输入表!K6&"："&基本信息输入表!M6 -> 被评估单位：山西华润昌裕煤业有限公司 | H5: 金额单位：人民币元
A6: 序号 | B6: 户名（结算对象) | C6: 发生日期 | D6: 股利（利润）所属期间 | E6: 账面价值 | F6: 评估价值 | G6: 增值率% | H6: 备注 | I6: 唯一标识列
A7: =IF(B7="","",ROW()-6) | G7: =IF(E7=0,"",(F7-E7)/E7*100) | I7: K1
A8: =IF(B8="","",ROW()-6) | G8: =IF(E8=0,"",(F8-E8)/E8*100) | I8: K2
A9: =IF(B9="","",ROW()-6) | G9: =IF(E9=0,"",(F9-E9)/E9*100) | I9: K3
A10: =IF(B10="","",ROW()-6) | G10: =IF(E10=0,"",(F10-E10)/E10*100) | I10: K4
A11: =IF(B11="","",ROW()-6) | G11: =IF(E11=0,"",(F11-E11)/E11*100) | I11: K5
A12: =IF(B12="","",ROW()-6) | G12: =IF(E12=0,"",(F12-E12)/E12*100) | I12: K6
A13: =IF(B13="","",ROW()-6) | G13: =IF(E13=0,"",(F13-E13)/E13*100) | I13: K7
A14: =IF(B14="","",ROW()-6) | G14: =IF(E14=0,"",(F14-E14)/E14*100) | I14: K8
A15: =IF(B15="","",ROW()-6) | G15: =IF(E15=0,"",(F15-E15)/E15*100) | I15: K9
A16: =IF(B16="","",ROW()-6) | G16: =IF(E16=0,"",(F16-E16)/E16*100) | I16: K10
A17: =IF(B17="","",ROW()-6) | G17: =IF(E17=0,"",(F17-E17)/E17*100) | I17: K11
A18: =IF(B18="","",ROW()-6) | G18: =IF(E18=0,"",(F18-E18)/E18*100) | I18: K12
... A26: =IF(B26="","",ROW()-6) | G26: =IF(E26=0,"",(F26-E26)/E26*100) | I26: K20
A27: 合 计 | E27: =SUM(E7:E26) -> 0 | F27: =SUM(F7:F26) -> 0 | G27: =IF(E27=0,"",(F27-E27)/E27*100)
A28: =基本信息输入表!$K$6&"填表人："&基本信息输入表!$M$25 -> 被评估单位填表人：阎丽红 | F28: ="评估人员："&基本信息输入表!$Q$25 -> 评估人员：孙艳平 | I28: 打印边界
A29: ="填表日期："&YEAR(基本信息输入表!$O$25)&"年"&MONTH(基本信息输入表!$O$25)&"月"&DAY(基本信息输入表!$O$25)&"日" -> 填表日期：2020年4月25日

Sheet 3-8其他应收款
A1: 返回索引目录
A2: 其他应收款明细表
A3: 评估基准日：2020年03月31日
L4: 表3-8
A5: 产权持有单位：山西华润昌裕煤业有限公司 | L5: 金额单位：人民币元
A6: 序号 | B6: 欠款单位名称（结算对象) | C6: 业务内容 | D6: 最后一次 变动日期 | E6: 账龄（月） | F6: 币种 | G6: 外币账面金额 | H6: 账面余额 | I6: 坏账准备 | J6: 评估价值 | K6: 增值率% | L6: 备注
A8: 1 | B8: 岳仁伟 CYMY0.综合科 | C8: 个人借款 | D8: 41092 | E8: 87 | F8: 人民币 | H8: 44397 | I8: 44397 | J8: 44397 | K8: 0
A9: 2 | B9: 海向宏 CYMY0.综合科 | C9: 个人借款 | D9: 41091 | E9: 87 | F9: 人民币 | H9: 15633 | I9: 15633 | J9: 15633 | K9: 0
A10: 4 | B10: 山西华润昌裕煤业有限公司职工 | C10: 代扣养老保险 | D10: 43709 | E10: 1 | F10: 人民币 | H10: -392.8 | J10: -392.8 | K10: 0
A11: 6 | B11: 山西华润昌裕煤业有限公司职工 | C11: 代扣养老保险 | D11: 43710 | E11: 1 | F11: 人民币 | H11: 90851.18 | J11: 90851.18 | K11: 0
A12: 6 | B12: 山西华润昌裕煤业有限公司职工 | C12: 代扣失业保险 | D12: 43711 | E12: 1 | F12: 人民币 | H12: 10524.59 | J12: 10524.59 | K12: 0
A13: 8 | B13: 山西华润昌裕煤业有限公司职工 | C13: 代扣住房公积金 | D13: 43709 | E13: 1 | F13: 人民币 | H13: 367645.24 | J13: 367645.24 | K13: 0
A14: 8 | B14: 山西华润昌裕煤业有限公司职工 | C14: 代扣医疗保险 | D14: 43710 | E14: 1 | F14: 人民币 | H14: -46171.66 | J14: -46171.66 | K14: 0
A15: 10 | B15: 山西华润昌裕煤业有限公司职工 | C15: 代扣保险年金 | D15: 43711 | E15: 1 | F15: 人民币 | H15: -4716.8 | J15: -4716.8 | K15: 0
A16: 10 | B16: 山西华润昌裕煤业有限公司职工 | C16: 代扣医疗保险 | D16: 43712 | E16: 1 | F16: 人民币 | H16: -125 | J16: -125 | K16: 0
A17: 12 | B17: 史磊 | C17: 个人借款 | D17: 43272 | E17: 16 | F17: 人民币 | H17: 101999.68 | J17: 101999.68 | K17: 0
A18: 11 | B18: 预缴税费-其他税费. | C18: 留底增值税项税额 | D18: 43921 | E18: 1 | F18: 人民币 | H18: 2725054 | J18: 2725054 | K18: 0
A28: 其他应收款合计 | H28: 3304698.5 | I28: 60030 | J28: 3304698.5 | K28: 0
A29: 减：坏账准备 | H29: 60030
A30: 减：评估风险损失 | J30: 60030
A31: 其他应收款净额 | H31: 3244668.5 | J31: 3244668.5 | K31: 0

Sheet 3-9存货汇总
A1: 返回索引目录
A2: 存货汇总表
G3: 表3-9
A4: 产权所有单位：山西华润昌裕煤业有限公司 | G4: 金额单位：人民币元
A5: 编号 | B5: 科目名称 | C5: 账面价值 | D5: 计提减值准备金额 | E5: 评估价值 | F5: 增减值 | G5: 增值率%
A6: 3-9-1 | B6: 材料采购（在途物资） | C6: 0 | D6: 0 | E6: 0 | F6: 0
A7: 3-9-2 | B7: 原材料 | C7: 2665575.1 | D7: 1778300.8 | E7: 1055726 | F7: 168451.68 | G7: 18.985299
A8: 3-9-3 | B8: 在库周转材料 | C8: 0 | D8: 0 | E8: 0 | F8: 0
A9: 3-9-4 | B9: 委托加工物资 | C9: 0 | D9: 0 | E9: 0 | F9: 0
A10: 3-9-5 | B10: 产成品（库存商品） | C10: 0 | D10: 0 | E10: 0 | F10: 0
A11: 3-9-6 | B11: 在产品（自制半成品） | C11: 0 | D11: 0 | E11: 0 | F11: 0
A12: 3-9-7 | B12: 发出商品 | C12: 0 | D12: 0 | E12: 0 | F12: 0
A13: 3-9-8 | B13: 在用周转材料 | C13: 0 | D13: 0 | E13: 0 | F13: 0
A14: 3-9-9 | B14: 开发产品 | C14: 0 | D14: 0 | E14: 0 | F14: 0
A15: 3-9-10 | B15: 开发成本 | C15: 0 | D15: 0 | E15: 0 | F15: 0
A16: 3-9-11 | B16: 消耗性生物资产 | C16: 0 | D16: 0 | E16: 0 | F16: 0
A17: 3-9-12 | B17: 工程施工 | C17: 0 | E17: 0 | F17: 0
A24: 存货合计 | C24: 2665575.1 | D24: 1778300.8 | E24: 1055726 | F24: -1609849.1 | G24: 18.985299
A25: 减：存货跌价准备 | C25: 1778300.8
A26: 存货净额 | C26: 887274.32 | E26: 1055726 | F26: 168451.68 | G26: 18.985299

Sheet 3-9-1材料采购（在途物资）
A1: 返回索引目录
A2: 存货—材料采购（在途物资）评估明细表
A3: ="评估基准日："&TEXT(基本信息输入表!M7,"yyyy年mm月dd日") -> 评估基准日：2020年03月31日
L4: 表3-9-1
A5: =基本信息输入表!K6&"："&基本信息输入表!M6 -> 被评估单位：山西华润昌裕煤业有限公司 | L5: 金额单位：人民币元
A6: 序号 | B6: 名称及规格型号 | C6: 计量单位 | D6: 账面价值 | G6: 计提减值准备金额 | H6: 评估价值 | K6: 增值率% | L6: 备注
D7: 数量 | E7: 单价 | F7: 金额 | H7: 实际数量 | I7: 评估单价 | J7: 金额 | M7: 唯一标识列
A8: =IF(B8="","",ROW()-7) | K8: =IF(F8=0,"",(J8-F8)/F8*100) | M8: M1
A9: =IF(B9="","",ROW()-7) | K9: =IF(F9=0,"",(J9-F9)/F9*100) | M9: M2
A10: =IF(B10="","",ROW()-7) | K10: =IF(F10=0,"",(J10-F10)/F10*100) | M10: M3
A11: =IF(B11="","",ROW()-7) | K11: =IF(F11=0,"",(J11-F11)/F11*100) | M11: M4
A12: =IF(B12="","",ROW()-7) | K12: =IF(F12=0,"",(J12-F12)/F12*100) | M12: M5
A13: =IF(B13="","",ROW()-7) | K13: =IF(F13=0,"",(J13-F13)/F13*100) | M13: M6
A14: =IF(B14="","",ROW()-7) | K14: =IF(F14=0,"",(J14-F14)/F14*100) | M14: M7
A15: =IF(B15="","",ROW()-7) | K15: =IF(F15=0,"",(J15-F15)/F15*100) | M15: M8
A16: =IF(B16="","",ROW()-7) | K16: =IF(F16=0,"",(J16-F16)/F16*100) | M16: M9
A17: =IF(B17="","",ROW()-7) | K17: =IF(F17=0,"",(J17-F17)/F17*100) | M17: M10
A18: =IF(B18="","",ROW()-7) | K18: =IF(F18=0,"",(J18-F18)/F18*100) | M18: M11
A19: =IF(B19="","",ROW()-7) | K19: =IF(F19=0,"",(J19-F19)/F19*100) | M19: M12
... A24: =IF(B24="","",ROW()-7) | K24: =IF(F24=0,"",(J24-F24)/F24*100) | M24: M17
A25: 材料采购（在途物资）合计 | F25: =SUM(F8:F24) -> 0 | G25: =SUM(G8:G24) -> 0 | J25: =SUM(J8:J24) -> 0 | K25: =IF(F25=0,"",(J25-F25)/F25*100)
A26: 减：材料采购（在途物资）跌价准备 | F26: =G25 -> 0
A27: 材料采购（在途物资）净额 | F27: =F25-F26 -> 0 | J27: =J25-J26 -> 0 | K27: =IF(F27=0,"",(J27-F27)/F27*100)
A28: =基本信息输入表!$K$6&"填表人："&基本信息输入表!$M$28 -> 被评估单位填表人：阎丽红 | J28: ="评估人员："&基本信息输入表!$Q$28 -> 评估人员：孙艳平 | M28: 打印边界
A29: ="填表日期："&YEAR(基本信息输入表!$O$28)&"年"&MONTH(基本信息输入表!$O$28)&"月"&DAY(基本信息输入表!$O$28)&"日" -> 填表日期：2020年4月25日

Sheet 3-9-3在库周转材料
A1: 返回索引目录
A2: 存货—在库周转材料评估明细表
A3: ="评估基准日："&TEXT(基本信息输入表!M7,"yyyy年mm月dd日") -> 评估基准日：2020年03月31日
O4: 表3-9-3
A5: =基本信息输入表!K6&"："&基本信息输入表!M6 -> 被评估单位：山西华润昌裕煤业有限公司 | O5: 金额单位：人民币元
A6: 序号 | B6: 名称及规格型号 | C6: 计量单位 | D6: 存放地点 | E6: 账面价值 | H6: 计提减值准备金额 | I6: 购进年月 | J6: 基准日近期单价 | K6: 评估价值 | N6: 增值率% | O6: 备注
E7: 数量 | F7: 单价 | G7: 金额 | K7: 实际数量 | L7: 评估单价 | M7: 金额 | P7: 唯一标识列
A8: =IF(B8="","",ROW()-7) | N8: =IF(G8-H8=0,"",(M8-G8+H8)/(G8-H8)*100) | P8: O1
A9: =IF(B9="","",ROW()-7) | N9: =IF(G9-H9=0,"",(M9-G9+H9)/(G9-H9)*100) | P9: O2
A10: =IF(B10="","",ROW()-7) | N10: =IF(G10-H10=0,"",(M10-G10+H10)/(G10-H10)*100) | P10: O3
A11: =IF(B11="","",ROW()-7) | N11: =IF(G11-H11=0,"",(M11-G11+H11)/(G11-H11)*100) | P11: O4
A12: =IF(B12="","",ROW()-7) | N12: =IF(G12-H12=0,"",(M12-G12+H12)/(G12-H12)*100) | P12: O5
A13: =IF(B13="","",ROW()-7) | N13: =IF(G13-H13=0,"",(M13-G13+H13)/(G13-H13)*100) | P13: O6
A14: =IF(B14="","",ROW()-7) | N14: =IF(G14-H14=0,"",(M14-G14+H14)/(G14-H14)*100) | P14: O7
A15: =IF(B15="","",ROW()-7) | N15: =IF(G15-H15=0,"",(M15-G15+H15)/(G15-H15)*100) | P15: O8
A16: =IF(B16="","",ROW()-7) | N16: =IF(G16-H16=0,"",(M16-G16+H16)/(G16-H16)*100) | P16: O9
A17: =IF(B17="","",ROW()-7) | N17: =IF(G17-H17=0,"",(M17-G17+H17)/(G17-H17)*100) | P17: O10
A18: =IF(B18="","",ROW()-7) | N18: =IF(G18-H18=0,"",(M18-G18+H18)/(G18-H18)*100) | P18: O11
A19: =IF(B19="","",ROW()-7) | N19: =IF(G19-H19=0,"",(M19-G19+H19)/(G19-H19)*100) | P19: O12
... A28: =IF(B28="","",ROW()-7) | N28: =IF(G28-H28=0,"",(M28-G28+H28)/(G28-H28)*100) | P28: O21
A29: 在用周转材料合计 | G29: =SUM(G8:G28) -> 0 | H29: =SUM(H8:H28) -> 0 | M29: =SUM(M8:M28) -> 0 | N29: =IF(G29-H29=0,"",(M29-G29+H29)/(G29-H29)*100)
A30: 减：在用周转材料跌价准备 | G30: =H29 -> 0
A31: 在用周转材料净额 | G31: =G29-G30 -> 0 | M31: =M29-M30 -> 0 | N31: =IF(G31-H31=0,"",(M31-G31+H31)/(G31-H31)*100)
A32: =基本信息输入表!$K$6&"填表人："&基本信息输入表!$M$30 -> 被评估单位填表人：阎丽红 | M32: ="评估人员："&基本信息输入表!$Q$30 -> 评估人员：孙艳平
A33: ="填表日期："&YEAR(基本信息输入表!$O$30)&"年"&MONTH(基本信息输入表!$O$30)&"月"&DAY(基本信息输入表!$O$30)&"日" -> 填表日期：2020年4月25日

Sheet 3-9-4委托加工物资
A1: 返回索引目录
A2: 存货—委托加工物资评估明细表
A3: ="评估基准日："&TEXT(基本信息输入表!M7,"yyyy年mm月dd日") -> 评估基准日：2020年03月31日
L4: 表3-9-4
A5: =基本信息输入表!K6&"："&基本信息输入表!M6 -> 被评估单位：山西华润昌裕煤业有限公司 | M5: 金额单位：人民币元
A6: 序号 | B6: 名称及规格型号 | C6: 加工单位名称 | D6: 计量单位 | E6: 账面价值 | H6: 计提减值准备金额 | I6: 评估价值 | L6: 增值率% | M6: 备注
E7: 数量 | F7: 单价 | G7: 金额 | I7: 实际数量 | J7: 评估单价 | K7: 金额 | N7: 唯一标识列
A8: =IF(B8="","",ROW()-7) | L8: =IF(G8-H8=0,"",(K8-G8+H8)/(G8-H8)*100) | N8: P1
A9: =IF(B9="","",ROW()-7) | L9: =IF(G9-H9=0,"",(K9-G9+H9)/(G9-H9)*100) | N9: P2
A10: =IF(B10="","",ROW()-7) | L10: =IF(G10-H10=0,"",(K10-G10+H10)/(G10-H10)*100) | N10: P3
A11: =IF(B11="","",ROW()-7) | L11: =IF(G11-H11=0,"",(K11-G11+H11)/(G11-H11)*100) | N11: P4
A12: =IF(B12="","",ROW()-7) | L12: =IF(G12-H12=0,"",(K12-G12+H12)/(G12-H12)*100) | N12: P5
A13: =IF(B13="","",ROW()-7) | L13: =IF(G13-H13=0,"",(K13-G13+H13)/(G13-H13)*100) | N13: P6
A14: =IF(B14="","",ROW()-7) | L14: =IF(G14-H14=0,"",(K14-G14+H14)/(G14-H14)*100) | N14: P7
A15: =IF(B15="","",ROW()-7) | L15: =IF(G15-H15=0,"",(K15-G15+H15)/(G15-H15)*100) | N15: P8
A16: =IF(B16="","",ROW()-7) | L16: =IF(G16-H16=0,"",(K16-G16+H16)/(G16-H16)*100) | N16: P9
A17: =IF(B17="","",ROW()-7) | L17: =IF(G17-H17=0,"",(K17-G17+H17)/(G17-H17)*100) | N17: P10
A18: =IF(B18="","",ROW()-7) | L18: =IF(G18-H18=0,"",(K18-G18+H18)/(G18-H18)*100) | N18: P11
A19: =IF(B19="","",ROW()-7) | L19: =IF(G19-H19=0,"",(K19-G19+H19)/(G19-H19)*100) | N19: P12
... A24: =IF(B24="","",ROW()-7) | L24: =IF(G24-H24=0,"",(K24-G24+H24)/(G24-H24)*100) | N24: P17
A25: 委托加工物资合计 | G25: =SUM(G8:G24) -> 0 | H25: =SUM(H8:H24) -> 0 | K25: =SUM(K8:K24) -> 0 | L25: =IF(G25-H25=0,"",(K25-G25+H25)/(G25-H25)*100)
A26: 减：委托加工物资跌价准备 | G26: =H25 -> 0
A27: 委托加工物资净额 | G27: =G25-G26 -> 0 | K27: =K25-K26 -> 0 | L27: =IF(G27-H27=0,"",(K27-G27+H27)/(G27-H27)*100)
A28: =基本信息输入表!$K$6&"填表人："&基本信息输入表!$M$31 -> 被评估单位填表人：阎丽红 | K28: ="评估人员："&基本信息输入表!$Q$31 -> 评估人员：孙艳平 | N28: 打印边界
A29: ="填表日期："&YEAR(基本信息输入表!$O$31)&"年"&MONTH(基本信息输入表!$O$31)&"月"&DAY(基本信息输入表!$O$31)&"日" -> 填表日期：2020年4月25日

Sheet 3-9-5产成品（库存商品）
A1: 返回索引目录
A2: 存货—产成品（库存商品、开发产品、农产品）评估明细表
A3: ="评估基准日："&TEXT(基本信息输入表!M7,"yyyy年mm月dd日") -> 评估基准日：2020年03月31日
O4: 表3-9-5
A5: =基本信息输入表!K6&"："&基本信息输入表!M6 -> 被评估单位：山西华润昌裕煤业有限公司 | O5: 金额单位：人民币元
A6: 序号 | B6: 名 称 | C6: 规格型号 | D6: 计量单位 | E6: 基准日不含增值税销售单价 | F6: 销售状态 畅销/正常/滞销 | G6: 账面价值 | J6: 计提减值准备金额 | K6: 评估价值 | N6: 增值率% | O6: 备注
G7: 数量 | H7: 单价 | I7: 金额 | K7: 实际数量 | L7: 评估单价 | M7: 金额 | P7: 唯一标识列
A8: =IF(B8="","",ROW()-7) | N8: =IF(I8-J8=0,"",(M8-I8+J8)/(I8-J8)*100) | P8: Q1
P9: Q2
A10: =IF(B10="","",ROW()-7) | N10: =IF(I10-J10=0,"",(M10-I10+J10)/(I10-J10)*100) | P10: Q3
A11: =IF(B11="","",ROW()-7) | N11: =IF(I11-J11=0,"",(M11-I11+J11)/(I11-J11)*100) | P11: Q4
A12: =IF(B12="","",ROW()-7) | N12: =IF(I12-J12=0,"",(M12-I12+J12)/(I12-J12)*100) | P12: Q5
A13: =IF(B13="","",ROW()-7) | N13: =IF(I13-J13=0,"",(M13-I13+J13)/(I13-J13)*100) | P13: Q6
A14: =IF(B14="","",ROW()-7) | N14: =IF(I14-J14=0,"",(M14-I14+J14)/(I14-J14)*100) | P14: Q7
A15: =IF(B15="","",ROW()-7) | N15: =IF(I15-J15=0,"",(M15-I15+J15)/(I15-J15)*100) | P15: Q8
A16: =IF(B16="","",ROW()-7) | N16: =IF(I16-J16=0,"",(M16-I16+J16)/(I16-J16)*100) | P16: Q9
A17: =IF(B17="","",ROW()-7) | N17: =IF(I17-J17=0,"",(M17-I17+J17)/(I17-J17)*100) | P17: Q10
A18: =IF(B18="","",ROW()-7) | N18: =IF(I18-J18=0,"",(M18-I18+J18)/(I18-J18)*100) | P18: Q11
A19: =IF(B19="","",ROW()-7) | N19: =IF(I19-J19=0,"",(M19-I19+J19)/(I19-J19)*100) | P19: Q12
A20: =IF(B20="","",ROW()-7) | N20: =IF(I20-J20=0,"",(M20-I20+J20)/(I20-J20)*100) | P20: Q13
A21: =IF(B21="","",ROW()-7) | N21: =IF(I21-J21=0,"",(M21-I21+J21)/(I21-J21)*100) | P21: Q14
... A24: =IF(B24="","",ROW()-7) | N24: =IF(I24-J24=0,"",(M24-I24+J24)/(I24-J24)*100) | P24: Q17
A25: 产成品（库存商品）合计 | I25: =SUM(I8:I24) -> 0 | J25: =SUM(J8:J24) -> 0 | M25: =SUM(M8:M24) -> 0 | N25: =IF(I25-J25=0,"",(M25-I25+J25)/(I25-J25)*100)
A26: 减：产成品（库存商品）跌价准备 | I26: =J25 -> 0
A27: 产成品（库存商品）净额 | I27: =I25-I26 -> 0 | M27: =M25-M26 -> 0 | N27: =IF(I27-J27=0,"",(M27-I27+J27)/(I27-J27)*100)
A28: =基本信息输入表!$K$6&"填表人："&基本信息输入表!$M$32 -> 被评估单位填表人：阎丽红 | M28: ="评估人员："&基本信息输入表!$Q$32 -> 评估人员：孙艳平 | P28: 打印边界
A29: ="填表日期："&YEAR(基本信息输入表!$O$32)&"年"&MONTH(基本信息输入表!$O$32)&"月"&DAY(基本信息输入表!$O$32)&"日" -> 填表日期：2020年4月25日

Sheet 3-9-6在产品（自制半成品）
A1: 返回索引目录
A2: 存货—在产品（自制半成品）评估明细表
A3: ="评估基准日："&TEXT(基本信息输入表!M7,"yyyy年mm月dd日") -> 评估基准日：2020年03月31日
M4: 表3-9-6
A5: =基本信息输入表!K6&"："&基本信息输入表!M6 -> 被评估单位：山西华润昌裕煤业有限公司 | M5: 金额单位：人民币元
A6: 序号 | B6: 名称及规格型号 | C6: 计量单位 | D6: 账面价值 | G6: 计提减值准备金额 | H6: 完工程度% | I6: 评估价值 | L6: 增值率% | M6: 备注
D7: 数量 | E7: 单价 | F7: 金额 | I7: 实际数量 | J7: 评估单价 | K7: 金额 | N7: 唯一标识列
A8: =IF(B8="","",ROW()-7) | L8: =IF(F8-G8=0,"",(K8-F8+G8)/(F8-G8)*100) | N8: R1
A9: =IF(B9="","",ROW()-7) | L9: =IF(F9-G9=0,"",(K9-F9+G9)/(F9-G9)*100) | N9: R2
A10: =IF(B10="","",ROW()-7) | L10: =IF(F10-G10=0,"",(K10-F10+G10)/(F10-G10)*100) | N10: R3
A11: =IF(B11="","",ROW()-7) | L11: =IF(F11-G11=0,"",(K11-F11+G11)/(F11-G11)*100) | N11: R4
A12: =IF(B12="","",ROW()-7) | L12: =IF(F12-G12=0,"",(K12-F12+G12)/(F12-G12)*100) | N12: R5
A13: =IF(B13="","",ROW()-7) | L13: =IF(F13-G13=0,"",(K13-F13+G13)/(F13-G13)*100) | N13: R6
A14: =IF(B14="","",ROW()-7) | L14: =IF(F14-G14=0,"",(K14-F14+G14)/(F14-G14)*100) | N14: R7
A15: =IF(B15="","",ROW()-7) | L15: =IF(F15-G15=0,"",(K15-F15+G15)/(F15-G15)*100) | N15: R8
A16: =IF(B16="","",ROW()-7) | L16: =IF(F16-G16=0,"",(K16-F16+G16)/(F16-G16)*100) | N16: R9
A17: =IF(B17="","",ROW()-7) | L17: =IF(F17-G17=0,"",(K17-F17+G17)/(F17-G17)*100) | N17: R10
A18: =IF(B18="","",ROW()-7) | L18: =IF(F18-G18=0,"",(K18-F18+G18)/(F18-G18)*100) | N18: R11
A19: =IF(B19="","",ROW()-7) | L19: =IF(F19-G19=0,"",(K19-F19+G19)/(F19-G19)*100) | N19: R12
... A24: =IF(B24="","",ROW()-7) | L24: =IF(F24-G24=0,"",(K24-F24+G24)/(F24-G24)*100) | N24: R17
A25: 在产品（自制半成品）合计 | F25: =SUM(F8:F24) -> 0 | G25: =SUM(G8:G24) -> 0 | K25: =SUM(K8:K24) -> 0 | L25: =IF(F25-G25=0,"",(K25-F25+G25)/(F25-G25)*100)
A26: 减：在产品（自制半成品）跌价准备 | F26: =G25 -> 0
A27: 在产品（自制半成品）净额 | F27: =F25-F26 -> 0 | K27: =K25-K26 -> 0 | L27: =IF(F27-G27=0,"",(K27-F27+G27)/(F27-G27)*100)
A28: =基本信息输入表!$K$6&"填表人："&基本信息输入表!$M$33 -> 被评估单位填表人：阎丽红 | K28: ="评估人员："&基本信息输入表!$Q$33 -> 评估人员：孙艳平 | N28: 打印边界
A29: ="填表日期："&YEAR(基本信息输入表!$O$33)&"年"&MONTH(基本信息输入表!$O$33)&"月"&DAY(基本信息输入表!$O$33)&"日" -> 填表日期：2020年4月25日

Sheet 3-9-7发出商品
A1: 返回索引目录
A2: 存货—发出商品评估明细表
A3: ="评估基准日："&TEXT(基本信息输入表!M7,"yyyy年mm月dd日") -> 评估基准日：2020年03月31日
L4: 表3-9-7
A5: =基本信息输入表!K6&"："&基本信息输入表!M6 -> 被评估单位：山西华润昌裕煤业有限公司 | M5: 金额单位：人民币元
A6: 序号 | B6: 商品名称 | C6: 对方单位名称 | D6: 计量单位 | E6: 账面价值 | H6: 计提减值准备金额 | I6: 评估价值 | L6: 增值率% | M6: 备注
E7: 数量 | F7: 单价 | G7: 金额 | I7: 实际数量 | J7: 评估单价 | K7: 金额 | N7: 唯一标识列
A8: =IF(B8="","",ROW()-7) | L8: =IF(G8-H8=0,"",(K8-G8+H8)/(G8-H8)*100) | N8: S1
A9: =IF(B9="","",ROW()-7) | L9: =IF(G9-H9=0,"",(K9-G9+H9)/(G9-H9)*100) | N9: S2
A10: =IF(B10="","",ROW()-7) | L10: =IF(G10-H10=0,"",(K10-G10+H10)/(G10-H10)*100) | N10: S3
A11: =IF(B11="","",ROW()-7) | L11: =IF(G11-H11=0,"",(K11-G11+H11)/(G11-H11)*100) | N11: S4
A12: =IF(B12="","",ROW()-7) | L12: =IF(G12-H12=0,"",(K12-G12+H12)/(G12-H12)*100) | N12: S5
A13: =IF(B13="","",ROW()-7) | L13: =IF(G13-H13=0,"",(K13-G13+H13)/(G13-H13)*100) | N13: S6
A14: =IF(B14="","",ROW()-7) | L14: =IF(G14-H14=0,"",(K14-G14+H14)/(G14-H14)*100) | N14: S7
A15: =IF(B15="","",ROW()-7) | L15: =IF(G15-H15=0,"",(K15-G15+H15)/(G15-H15)*100) | N15: S8
A16: =IF(B16="","",ROW()-7) | L16: =IF(G16-H16=0,"",(K16-G16+H16)/(G16-H16)*100) | N16: S9
A17: =IF(B17="","",ROW()-7) | L17: =IF(G17-H17=0,"",(K17-G17+H17)/(G17-H17)*100) | N17: S10
A18: =IF(B18="","",ROW()-7) | L18: =IF(G18-H18=0,"",(K18-G18+H18)/(G18-H18)*100) | N18: S11
A19: =IF(B19="","",ROW()-7) | L19: =IF(G19-H19=0,"",(K19-G19+H19)/(G19-H19)*100) | N19: S12
... A24: =IF(B24="","",ROW()-7) | L24: =IF(G24-H24=0,"",(K24-G24+H24)/(G24-H24)*100) | N24: S17
A25: 发出商品合计 | G25: =SUM(G8:G24) -> 0 | H25: =SUM(H8:H24) -> 0 | K25: =SUM(K8:K24) -> 0 | L25: =IF(G25-H25=0,"",(K25-G25+H25)/(G25-H25)*100)
A26: 减：发出商品跌价准备 | G26: =H25 -> 0
A27: 发出商品净额 | G27: =G25-G26 -> 0 | K27: =K25-K26 -> 0 | L27: =IF(G27-H27=0,"",(K27-G27+H27)/(G27-H27)*100)
A28: =基本信息输入表!$K$6&"填表人："&基本信息输入表!$M$34 -> 被评估单位填表人：阎丽红 | K28: ="评估人员："&基本信息输入表!$Q$34 -> 评估人员：孙艳平
A29: ="填表日期："&YEAR(基本信息输入表!$O$34)&"年"&MONTH(基本信息输入表!$O$34)&"月"&DAY(基本信息输入表!$O$34)&"日" -> 填表日期：2020年4月25日

Sheet 3-9-8在用周转材料
A1: 返回索引目录
A2: 存货—在用周转材料评估明细表
A3: ="评估基准日："&TEXT(基本信息输入表!M7,"yyyy年mm月dd日") -> 评估基准日：2020年03月31日
N4: 表3-9-8
A5: =基本信息输入表!K6&"："&基本信息输入表!M6 -> 被评估单位：山西华润昌裕煤业有限公司 | N5: 金额单位：人民币元
A6: 序号 | B6: 名称及规格型号 | C6: 计量单位 | D6: 启用日期 | E6: 原始入账价值 | F6: 账面价值（摊余价值） | H6: 计提减值准备金额 | I6: 实际数量 | J6: 评估价值 | M6: 增值率% | N6: 备注
F7: 数量 | G7: 金额 | J7: 评估原价 | K7: 成新率% | L7: 金额 | O7: 唯一标识列
A8: =IF(B8="","",ROW()-7) | M8: =IF(G8-H8=0,"",(L8-G8+H8)/(G8-H8)*100) | O8: T1
A9: =IF(B9="","",ROW()-7) | M9: =IF(G9-H9=0,"",(L9-G9+H9)/(G9-H9)*100) | O9: T2
A10: =IF(B10="","",ROW()-7) | M10: =IF(G10-H10=0,"",(L10-G10+H10)/(G10-H10)*100) | O10: T3
A11: =IF(B11="","",ROW()-7) | M11: =IF(G11-H11=0,"",(L11-G11+H11)/(G11-H11)*100) | O11: T4
A12: =IF(B12="","",ROW()-7) | M12: =IF(G12-H12=0,"",(L12-G12+H12)/(G12-H12)*100) | O12: T5
A13: =IF(B13="","",ROW()-7) | M13: =IF(G13-H13=0,"",(L13-G13+H13)/(G13-H13)*100) | O13: T6
A14: =IF(B14="","",ROW()-7) | M14: =IF(G14-H14=0,"",(L14-G14+H14)/(G14-H14)*100) | O14: T7
A15: =IF(B15="","",ROW()-7) | M15: =IF(G15-H15=0,"",(L15-G15+H15)/(G15-H15)*100) | O15: T8
A16: =IF(B16="","",ROW()-7) | M16: =IF(G16-H16=0,"",(L16-G16+H16)/(G16-H16)*100) | O16: T9
A17: =IF(B17="","",ROW()-7) | M17: =IF(G17-H17=0,"",(L17-G17+H17)/(G17-H17)*100) | O17: T10
A18: =IF(B18="","",ROW()-7) | M18: =IF(G18-H18=0,"",(L18-G18+H18)/(G18-H18)*100) | O18: T11
A19: =IF(B19="","",ROW()-7) | M19: =IF(G19-H19=0,"",(L19-G19+H19)/(G19-H19)*100) | O19: T12
... A24: =IF(B24="","",ROW()-7) | M24: =IF(G24-H24=0,"",(L24-G24+H24)/(G24-H24)*100) | O24: T17
A25: 在用周转材料合计 | G25: =SUM(G8:G24) -> 0 | H25: =SUM(H8:H24) -> 0 | L25: =SUM(L8:L24) -> 0 | M25: =IF(G25-H25=0,"",(L25-G25+H25)/(G25-H25)*100)
A26: 减：在用周转材料跌价准备 | G26: =H25 -> 0
A27: 在用周转材料净额 | G27: =G25-G26 -> 0 | L27: =L25-L26 -> 0 | M27: =IF(G27-H27=0,"",(L27-G27+H27)/(G27-H27)*100)
A28: =基本信息输入表!$K$6&"填表人："&基本信息输入表!$M$35 -> 被评估单位填表人：阎丽红 | L28: ="评估人员："&基本信息输入表!$Q$35 -> 评估人员：孙艳平 | O28: 打印边界
A29: ="填表日期："&YEAR(基本信息输入表!$O$35)&"年"&MONTH(基本信息输入表!$O$35)&"月"&DAY(基本信息输入表!$O$35)&"日" -> 填表日期：2020年4月25日

Sheet 3-9-9开发产品
A1: 返回索引目录
A2: 存货—开发产品评估明细表
A3: ="评估基准日："&TEXT(基本信息输入表!M7,"yyyy年mm月dd日") -> 评估基准日：2020年03月31日
X4: 表3-9-9
A5: =基本信息输入表!K6&"："&基本信息输入表!M6 -> 被评估单位：山西华润昌裕煤业有限公司 | Y5: 金额单位：人民币元
A6: 序号 | B6: 项目名称 | C6: 土地证号或不动产权证书号 | D6: 土地使用权人 | E6: 详细地址 | F6: 土地用途 | G6: 结构 | H6: 开工日期 | I6: 完工日期 | J6: 建设用地规划 | K6: 建设工程规划 | L6: 建筑工程施工 | M6: 商品房预售 | N6: 基准日留存面积（平方米，车位填写个数） | T6: 账面价值 | U6: 跌价准备金额 | V6: 账面净额 | W6: 评估价值 | X6: 增值率% | Y6: 备注
J7: 许可证号 | K7: 许可证号 | L7: 许可证号 | M7: 许可证号 | N7: 住宅 | O7: 商业 | P7: 公共配套 | Q7: 车位（个） | R7: 幼儿园/菜市场 | S7: 其他 | W7: 金额 | Z7: 唯一标识列
A8: =IF(C8="","",ROW()-7) | X8: =IF(T8-U8=0,"",(W8-T8+U8)/(T8-U8)*100) | Z8: U1
A9: =IF(C9="","",ROW()-7) | X9: =IF(T9-U9=0,"",(W9-T9+U9)/(T9-U9)*100) | Z9: U2
A10: =IF(C10="","",ROW()-7) | X10: =IF(T10-U10=0,"",(W10-T10+U10)/(T10-U10)*100) | Z10: U3
A11: =IF(C11="","",ROW()-7) | X11: =IF(T11-U11=0,"",(W11-T11+U11)/(T11-U11)*100) | Z11: U4
A12: =IF(C12="","",ROW()-7) | X12: =IF(T12-U12=0,"",(W12-T12+U12)/(T12-U12)*100) | Z12: U5
A13: =IF(C13="","",ROW()-7) | X13: =IF(T13-U13=0,"",(W13-T13+U13)/(T13-U13)*100) | Z13: U6
A14: =IF(C14="","",ROW()-7) | X14: =IF(T14-U14=0,"",(W14-T14+U14)/(T14-U14)*100) | Z14: U7
A15: =IF(C15="","",ROW()-7) | X15: =IF(T15-U15=0,"",(W15-T15+U15)/(T15-U15)*100) | Z15: U8
A16: =IF(C16="","",ROW()-7) | Z16: U9
A17: =IF(C17="","",ROW()-7) | X17: =IF(T17-U17=0,"",(W17-T17+U17)/(T17-U17)*100) | Z17: U10
A18: =IF(C18="","",ROW()-7) | X18: =IF(T18-U18=0,"",(W18-T18+U18)/(T18-U18)*100) | Z18: U11
A19: =IF(C19="","",ROW()-7) | X19: =IF(T19-U19=0,"",(W19-T19+U19)/(T19-U19)*100) | Z19: U12
A20: =IF(C20="","",ROW()-7) | X20: =IF(T20-U20=0,"",(W20-T20+U20)/(T20-U20)*100) | Z20: U13
A21: =IF(C21="","",ROW()-7) | X21: =IF(T21-U21=0,"",(W21-T21+U21)/(T21-U21)*100) | Z21: U14
A22: =IF(C22="","",ROW()-7) | X22: =IF(T22-U22=0,"",(W22-T22+U22)/(T22-U22)*100) | Z22: U15
A23: =IF(C23="","",ROW()-7) | X23: =IF(T23-U23=0,"",(W23-T23+U23)/(T23-U23)*100) | Z23: U16
A24: =IF(C24="","",ROW()-7) | X24: =IF(T24-U24=0,"",(W24-T24+U24)/(T24-U24)*100) | Z24: U17
A25: 开发产品合计 | T25: =SUM(T8:T24) -> 0 | U25: =SUM(U8:U24) -> 0 | V25: =SUM(V8:V24) -> 0 | W25: =SUM(W8:W24) -> 0 | X25: =IF(T25-U25=0,"",(W25-T25+U25)/(T25-U25)*100)
A26: 减：开发产品跌价准备 | T26: =U25 -> 0 | X26: =IF(T26-U26=0,"",(W26-T26+U26)/(T26-U26)*100)
A27: 开发产品净额 | T27: =T25-T26 -> 0 | V27: =V25 -> 0 | W27: =W25-W26 -> 0 | X27: =IF(T27-U27=0,"",(W27-T27+U27)/(T27-U27)*100)
A28: =基本信息输入表!$K$6&"填表人："&基本信息输入表!$M$36 -> 被评估单位填表人：阎丽红 | W28: ="评估人员："&基本信息输入表!$Q$36 -> 评估人员：孙艳平 | Z28: 打印边界
A29: ="填表日期："&YEAR(基本信息输入表!$O$36)&"年"&MONTH(基本信息输入表!$O$36)&"月"&DAY(基本信息输入表!$O$36)&"日" -> 填表日期：2020年4月25日

Sheet 3-9-10开发成本
A1: 返回索引目录
A2: 存货—开发成本评估明细表
A3: ="评估基准日："&TEXT(基本信息输入表!M7,"yyyy年mm月dd日") -> 评估基准日：2020年03月31日
Y4: 表3-9-10
A5: =基本信息输入表!K6&"："&基本信息输入表!M6 -> 被评估单位：山西华润昌裕煤业有限公司 | Z5: 金额单位：人民币元
A6: 序号 | B6: 项目名称 | C6: 土地证号或不动产权证书号 | D6: 土地使用权人 | E6: 详细地址 | F6: 土地用途 | G6: 土地使用权面积（平方米） | H6: 结构 | I6: 开工日期 | J6: 预计完工日期 | K6: 建设用地规划 | L6: 建设工程规划 | M6: 建筑工程施工 | N6: 预售 | O6: 基准日留存面积（平方米，车位填写个数） | U6: 账面价值 | V6: 跌价准备 | W6: 账面净额 | X6: 评估价值 | Y6: 增值率% | Z6: 备注
K7: 许可证号 | L7: 许可证号 | M7: 许可证号 | N7: 许可证号 | O7: 住宅 | P7: 商业 | Q7: 公共配套 | R7: 车位（个） | S7: 幼儿园/菜市场 | T7: 其他 | AA7: 唯一标识列
A8: =IF(C8="","",ROW()-7) | Y8: =IF(W8=0,"",(X8-W8)/W8*100) | AA8: V1
A9: =IF(C9="","",ROW()-7) | Y9: =IF(W9=0,"",(X9-W9)/W9*100) | AA9: V2
A10: =IF(C10="","",ROW()-7) | Y10: =IF(W10=0,"",(X10-W10)/W10*100) | AA10: V3
A11: =IF(C11="","",ROW()-7) | Y11: =IF(W11=0,"",(X11-W11)/W11*100) | AA11: V4
A12: =IF(C12="","",ROW()-7) | Y12: =IF(W12=0,"",(X12-W12)/W12*100) | AA12: V5
A13: =IF(C13="","",ROW()-7) | Y13: =IF(W13=0,"",(X13-W13)/W13*100) | AA13: V6
A14: =IF(C14="","",ROW()-7) | Y14: =IF(W14=0,"",(X14-W14)/W14*100) | AA14: V7
A15: =IF(C15="","",ROW()-7) | Y15: =IF(W15=0,"",(X15-W15)/W15*100) | AA15: V8
A16: =IF(C16="","",ROW()-7) | Y16: =IF(W16=0,"",(X16-W16)/W16*100) | AA16: V9
A17: =IF(C17="","",ROW()-7) | Y17: =IF(W17=0,"",(X17-W17)/W17*100) | AA17: V10
A18: =IF(C18="","",ROW()-7) | Y18: =IF(W18=0,"",(X18-W18)/W18*100) | AA18: V11
A19: =IF(C19="","",ROW()-7) | Y19: =IF(W19=0,"",(X19-W19)/W19*100) | AA19: V12
... A24: =IF(C24="","",ROW()-7) | Y24: =IF(W24=0,"",(X24-W24)/W24*100) | AA24: V17
A25: 开发成本合计 | U25: =SUM(U8:U24) -> 0 | V25: =SUM(V8:V24) -> 0 | W25: =SUM(W8:W24) -> 0 | X25: =SUM(X8:X24) -> 0 | Y25: =IF(W25=0,"",(X25-W25)/W25*100)
A26: 减：跌价准备 | U26: =V25 -> 0 | Y26: =IF(W26=0,"",(X26-W26)/W26*100)
A27: 开发成本净额 | U27: =U25-U26 -> 0 | W27: =W25-W26 -> 0 | X27: =X25-X26 -> 0 | Y27: =IF(W27=0,"",(X27-W27)/W27*100)
A28: =基本信息输入表!$K$6&"填表人："&基本信息输入表!$M$37 -> 被评估单位填表人：阎丽红 | X28: ="评估人员："&基本信息输入表!$Q$37 -> 评估人员：孙艳平 | AA28: 打印边界
A29: ="填表日期："&YEAR(基本信息输入表!$O$37)&"年"&MONTH(基本信息输入表!$O$37)&"月"&DAY(基本信息输入表!$O$37)&"日" -> 填表日期：2020年4月25日

Sheet 3-9-11消耗性生物资产
A1: 返回索引目录
A2: 存货—消耗性生物资产评估明细表
A3: ="评估基准日："&TEXT(基本信息输入表!M7,"yyyy年mm月dd日") -> 评估基准日：2020年03月31日
O4: 表3-9-11
A5: =基本信息输入表!K6&"："&基本信息输入表!M6 -> 被评估单位：山西华润昌裕煤业有限公司 | O5: 金额单位：人民币元
A6: 序号 | B6: 名 称 | C6: 规格型号 | D6: 计量单位 | E6: 基准日不含增值税销售单价 | F6: 销售状态 畅销/正常/滞销 | G6: 账面价值 | J6: 计提减值准备金额 | K6: 评估价值 | N6: 增值率% | O6: 备注
G7: 数量 | H7: 单价 | I7: 金额 | K7: 实际数量 | L7: 评估单价 | M7: 金额 | P7: 唯一标识列
A8: =IF(B8="","",ROW()-7) | N8: =IF(I8-J8=0,"",(M8-I8+J8)/(I8-J8)*100) | P8: W1
A9: =IF(B9="","",ROW()-7) | N9: =IF(I9-J9=0,"",(M9-I9+J9)/(I9-J9)*100) | P9: W2
A10: =IF(B10="","",ROW()-7) | N10: =IF(I10-J10=0,"",(M10-I10+J10)/(I10-J10)*100) | P10: W3
A11: =IF(B11="","",ROW()-7) | N11: =IF(I11-J11=0,"",(M11-I11+J11)/(I11-J11)*100) | P11: W4
A12: =IF(B12="","",ROW()-7) | N12: =IF(I12-J12=0,"",(M12-I12+J12)/(I12-J12)*100) | P12: W5
A13: =IF(B13="","",ROW()-7) | N13: =IF(I13-J13=0,"",(M13-I13+J13)/(I13-J13)*100) | P13: W6
A14: =IF(B14="","",ROW()-7) | N14: =IF(I14-J14=0,"",(M14-I14+J14)/(I14-J14)*100) | P14: W7
A15: =IF(B15="","",ROW()-7) | N15: =IF(I15-J15=0,"",(M15-I15+J15)/(I15-J15)*100) | P15: W8
A16: =IF(B16="","",ROW()-7) | N16: =IF(I16-J16=0,"",(M16-I16+J16)/(I16-J16)*100) | P16: W9
A17: =IF(B17="","",ROW()-7) | N17: =IF(I17-J17=0,"",(M17-I17+J17)/(I17-J17)*100) | P17: W10
A18: =IF(B18="","",ROW()-7) | N18: =IF(I18-J18=0,"",(M18-I18+J18)/(I18-J18)*100) | P18: W11
A19: =IF(B19="","",ROW()-7) | N19: =IF(I19-J19=0,"",(M19-I19+J19)/(I19-J19)*100) | P19: W12
... A24: =IF(B24="","",ROW()-7) | N24: =IF(I24-J24=0,"",(M24-I24+J24)/(I24-J24)*100) | P24: W17
A25: 消耗性生物资产合计 | I25: =SUM(I8:I24) -> 0 | J25: =SUM(J8:J24) -> 0 | M25: =SUM(M8:M24) -> 0 | N25: =IF(I25-J25=0,"",(M25-I25+J25)/(I25-J25)*100)
A26: 减：消耗性生物资产跌价准备 | I26: =J25 -> 0
A27: 消耗性生物资产净额 | I27: =I25-I26 -> 0 | M27: =M25-M26 -> 0 | N27: =IF(I27-J27=0,"",(M27-I27+J27)/(I27-J27)*100)
A28: =基本信息输入表!$K$6&"填表人："&基本信息输入表!$M$38 -> 被评估单位填表人：阎丽红 | M28: ="评估人员："&基本信息输入表!$Q$38 -> 评估人员：孙艳平 | P28: 打印边界
A29: ="填表日期："&YEAR(基本信息输入表!$O$38)&"年"&MONTH(基本信息输入表!$O$38)&"月"&DAY(基本信息输入表!$O$38)&"日" -> 填表日期：2020年4月25日

Sheet 3-9-12工程施工
A1: 返回索引目录
A2: 存货——工程施工评估明细表
A3: ="评估基准日："&TEXT(基本信息输入表!M7,"yyyy年mm月dd日") -> 评估基准日：2020年03月31日
AD4: 表3-9-12
A5: =基本信息输入表!K6&"："&基本信息输入表!M6 -> 被评估单位：山西华润昌裕煤业有限公司 | AD5: 金额单位：人民币元
A6: 序号 | B6: 项目名称 | C6: 计量单位 | D6: 合同金额 | E6: 开工时间 | F6: 预计完工时间 | G6: 基准日完工程度% | H6: 预计 | I6: 已结转 | J6: 已结转 | K6: 账面价值 | Y6: 评估价值 | AB6: 增减值 | AC6: 增值率% | AD6: 备注
H7: 总成本 | I7: 成本 | J7: 收入 | K7: 材料费 | L7: 人工费 | M7: 机械使用费 | N7: QHSE费用 | O7: 运输费 | P7: 安装费 | Q7: 分包费 | R7: 税金 | S7: 制造费用 | T7: 其他费用 | U7: 合同成本 | V7: 合同毛利 | W7: 工程结算 | X7: 金额 | Y7: 实际数量 | Z7: 评估单价 | AA7: 金额 | AE7: 唯一标识列
U8: =SUM(K8:T8) -> 0 | X8: =U8+V8-W8 -> 0 | AB8: =AA8-X8 -> 0 | AC8: =IF(X8=0,"",AB8/X8*100) | AE8: X1
U9: =SUM(K9:T9) -> 0 | X9: =U9+V9-W9 -> 0 | AB9: =AA9-X9 -> 0 | AE9: X2
U10: =SUM(K10:T10) -> 0 | X10: =U10+V10-W10 -> 0 | AB10: =AA10-X10 -> 0 | AE10: X3
U11: =SUM(K11:T11) -> 0 | X11: =U11+V11-W11 -> 0 | AB11: =AA11-X11 -> 0 | AE11: X4
U12: =SUM(K12:T12) -> 0 | AB12: =AA12-X12 -> 0 | AE12: X5
U13: =SUM(K13:T13) -> 0 | X13: =U13+V13-W13 -> 0 | AB13: =AA13-X13 -> 0 | AE13: X6
U14: =SUM(K14:T14) -> 0 | X14: =U14+V14-W14 -> 0 | AB14: =AA14-X14 -> 0 | AE14: X7
U15: =SUM(K15:T15) -> 0 | X15: =U15+V15-W15 -> 0 | AB15: =AA15-X15 -> 0 | AC15: =IF(X15=0,"",AB15/X15*100) | AE15: X8
U16: =SUM(K16:T16) -> 0 | X16: =U16+V16-W16 -> 0 | AB16: =AA16-X16 -> 0 | AC16: =IF(X16=0,"",AB16/X16*100) | AE16: X9
U17: =SUM(K17:T17) -> 0 | X17: =U17+V17-W17 -> 0 | AB17: =AA17-X17 -> 0 | AE17: X10
U18: =SUM(K18:T18) -> 0 | X18: =U18+V18-W18 -> 0 | AB18: =AA18-X18 -> 0 | AE18: X11
U19: =SUM(K19:T19) -> 0 | X19: =U19+V19-W19 -> 0 | AB19: =AA19-X19 -> 0 | AE19: X12
U20: =SUM(K20:T20) -> 0 | X20: =U20+V20-W20 -> 0 | AB20: =AA20-X20 -> 0 | AE20: X13
U21: =SUM(K21:T21) -> 0 | X21: =U21+V21-W21 -> 0 | AB21: =AA21-X21 -> 0 | AE21: X14
U22: =SUM(K22:T22) -> 0 | X22: =U22+V22-W22 -> 0 | AB22: =AA22-X22 -> 0 | AE22: X15
U23: =SUM(K23:T23) -> 0 | X23: =U23+V23-W23 -> 0 | AB23: =AA23-X23 -> 0 | AE23: X16
U24: =SUM(K24:T24) -> 0 | X24: =U24+V24-W24 -> 0 | AB24: =AA24-X24 -> 0 | AE24: X17
U25: =SUM(K25:T25) -> 0 | X25: =U25+V25-W25 -> 0 | AB25: =AA25-X25 -> 0 | AE25: X18
U26: =SUM(K26:T26) -> 0 | X26: =U26+V26-W26 -> 0 | AB26: =AA26-X26 -> 0 | AC26: =IF(X26=0,"",AB26/X26*100) | AE26: X19
A27: 合 计 | D27: =SUM(D8:D26) -> 0 | H27: =SUM(H8:H26) -> 0 | I27: =SUM(I8:I26) -> 0 | J27: =SUM(J8:J26) -> 0 | K27: =SUM(K8:K26) -> 0 | M27: =SUM(M8:M26) -> 0 | O27: =SUM(O8:O26) -> 0 | P27: =SUM(P8:P26) -> 0 | Q27: =SUM(Q8:Q26) -> 0 | R27: =SUM(R8:R26) -> 0 | S27: =SUM(S8:S26) -> 0 | T27: =SUM(T8:T26) -> 0 | U27: =SUM(U8:U26) -> 0 | V27: =SUM(V8:V26) -> 0 | ... AB27: =SUM(AB8:AB26) -> 0 | AC27: =IF(X27=0,"",AB27/X27*100) | AD27: =SUM(AD8:AD26) -> 0
A28: =基本信息输入表!$K$6&"填表人："&基本信息输入表!$M$39 -> 被评估单位填表人：阎丽红 | AA28: ="评估人员："&基本信息输入表!$Q$39 -> 评估人员：孙艳平 | AE28: 打印边界
A29: ="填表日期："&YEAR(基本信息输入表!$O$38)&"年"&MONTH(基本信息输入表!$O$38)&"月"&DAY(基本信息输入表!$O$38)&"日" -> 填表日期：2020年4月25日

Sheet 3-10一年到期非流动资产
A1: 返回索引目录
A2: 一年内到期的非流动资产评估明细表
A3: ="评估基准日："&TEXT(基本信息输入表!M7,"yyyy年mm月dd日") -> 评估基准日：2020年03月31日
H4: 表3-10
A5: =基本信息输入表!K6&"："&基本信息输入表!M6 -> 被评估单位：山西华润昌裕煤业有限公司 | H5: 金额单位：人民币元
A6: 序号 | B6: 项目及内容 | C6: 发生日期 | D6: 结算内容 | E6: 账面价值 | F6: 评估价值 | G6: 增值率% | H6: 备注 | I6: 唯一标识列
A7: =IF(B7="","",ROW()-6) | G7: =IF(E7=0,"",(F7-E7)/E7*100) | I7: Y1
A8: =IF(B8="","",ROW()-6) | G8: =IF(E8=0,"",(F8-E8)/E8*100) | I8: Y2
A9: =IF(B9="","",ROW()-6) | G9: =IF(E9=0,"",(F9-E9)/E9*100) | I9: Y3
A10: =IF(B10="","",ROW()-6) | G10: =IF(E10=0,"",(F10-E10)/E10*100) | I10: Y4
A11: =IF(B11="","",ROW()-6) | G11: =IF(E11=0,"",(F11-E11)/E11*100) | I11: Y5
A12: =IF(B12="","",ROW()-6) | G12: =IF(E12=0,"",(F12-E12)/E12*100) | I12: Y6
A13: =IF(B13="","",ROW()-6) | G13: =IF(E13=0,"",(F13-E13)/E13*100) | I13: Y7
I14: Y8
I15: Y9
I16: Y10
A17: =IF(B17="","",ROW()-6) | G17: =IF(E17=0,"",(F17-E17)/E17*100) | I17: Y11
A18: =IF(B18="","",ROW()-6) | G18: =IF(E18=0,"",(F18-E18)/E18*100) | I18: Y12
A19: =IF(B19="","",ROW()-6) | G19: =IF(E19=0,"",(F19-E19)/E19*100) | I19: Y13
A20: =IF(B20="","",ROW()-6) | G20: =IF(E20=0,"",(F20-E20)/E20*100) | I20: Y14
A21: =IF(B21="","",ROW()-6) | G21: =IF(E21=0,"",(F21-E21)/E21*100) | I21: Y15
A22: =IF(B22="","",ROW()-6) | G22: =IF(E22=0,"",(F22-E22)/E22*100) | I22: Y16
A23: =IF(B23="","",ROW()-6) | G23: =IF(E23=0,"",(F23-E23)/E23*100) | I23: Y17
A24: =IF(B24="","",ROW()-6) | G24: =IF(E24=0,"",(F24-E24)/E24*100) | I24: Y18
A25: =IF(B25="","",ROW()-6) | G25: =IF(E25=0,"",(F25-E25)/E25*100) | I25: Y19
A26: =IF(B26="","",ROW()-6) | G26: =IF(E26=0,"",(F26-E26)/E26*100) | I26: Y20
A27: 合 计 | E27: =SUM(E7:E26) -> 0 | F27: =SUM(F7:F26) -> 0 | G27: =IF(E27=0,"",(F27-E27)/E27*100)
A28: =基本信息输入表!$K$6&"填表人："&基本信息输入表!$M$40 -> 被评估单位填表人：阎丽红 | F28: ="评估人员："&基本信息输入表!$Q$40 -> 评估人员：孙艳平 | I28: 打印边界
A29: ="填表日期："&YEAR(基本信息输入表!$O$40)&"年"&MONTH(基本信息输入表!$O$40)&"月"&DAY(基本信息输入表!$O$40)&"日" -> 填表日期：2020年4月25日

Sheet 3-9-2原材料
A1: 返回索引目录
A2: 存货—原材料明细表
A3: 评估基准日：2020年03月31日
O4: 表3-9-2
A5: 产权持有单位：山西华润昌裕煤业有限公司 | O5: 金额单位：人民币元
A6: 序号 | B6: 名称及规格型号 | C6: 计量单位 | D6: 存放地点 | E6: 账面价值 | H6: 计提减值准备金额 | I6: 购进年月 | J6: 基准日近期单价 | K6: 评估价值 | N6: 增值率% | O6: 备注
E7: 数量 | F7: 单价 | G7: 金额 | K7: 实际数量 | L7: 评估单价 | M7: 金额
A8: 1 | B8: 无缝钢管108mm ×4mm | C8: 公斤 | D8: 发电机房 | E8: 2216 | F8: 3.4987356 | G8: 7753.2 | I8: 41723 | K8: 2216 | L8: 3.5344227 | M8: 7832 | N8: 1.0163545
A9: 2 | B9: 尼龙棒Ф40mm | C9: 根 | D9: 仓库 | E9: 15 | F9: 75.339333 | G9: 1130.09 | I9: 41723 | K9: 15 | L9: 76.107795 | M9: 1141 | N9: 0.96540983
A10: 3 | B10: 光六角螺母M22 | C10: 个 | D10: 仓库 | E10: 220 | F10: 3.16 | G10: 695.2 | I10: 41723 | K10: 220 | L10: 3.192232 | M10: 702 | N10: 0.97813579
A11: 4 | B11: 蝶阀D71X-10 DN150 | C11: 台 | D11: 仓库 | E11: 4 | F11: 529.915 | G11: 2119.66 | I11: 41836.631 | K11: 4 | L11: 535.32013 | M11: 2141 | N11: 1.0067652
A12: 5 | B12: 锥柄麻花钻头Φ16.0mm | C12: 支 | D12: 仓库 | E12: 9 | F12: 17.094444 | G12: 153.85 | I12: 41723 | K12: 9 | L12: 17.268808 | M12: 155 | N12: 0.74748131
A13: 6 | B13: 方四电锤钻头Ф10mm*150mm | C13: 支 | D13: 仓库 | E13: 1 | F13: 6.84 | G13: 6.84 | I13: 41794.645 | K13: 1 | L13: 6.909768 | M13: 6 | N13: -12.280702
A14: 7 | B14: 电缆终端热缩头WSY-35/1.2 150-240mm | C14: 套 | D14: 仓库 | E14: 10 | F14: 1282.051 | G14: 12820.51 | I14: 41800.624 | K14: 10 | L14: 0 | M14: 0 | N14: -100 | O14: 过期
A15: 8 | B15: 玻璃转子流量计LZB-3WB | C15: 台 | D15: 仓库 | E15: 10 | F15: 158.12 | G15: 1581.2 | I15: 41794.645 | K15: 10 | L15: 159.73282 | M15: 1597 | N15: 0.99924108
A16: 9 | B16: 钢镐2KG(尖扁型) | C16: 个 | D16: 仓库 | E16: 8 | F16: 55.555 | G16: 444.44 | I16: 41794.645 | K16: 8 | L16: 56.121661 | M16: 448 | N16: 0.80100801
A17: 10 | B17: 恒温电烙铁75W | C17: 把 | D17: 仓库 | E17: 1 | F17: 66.67 | G17: 66.67 | I17: 41723 | K17: 1 | L17: 67.350034 | M17: 67 | N17: 0.49497525
A18: 11 | B18: 铁滑车 (单轮)2t | C18: 台 | D18: 仓库 | E18: 2 | F18: 299.145 | G18: 598.29 | I18: 41810.655 | K18: 2 | L18: 302.19628 | M18: 604 | N18: 0.95438667
A19: 12 | B19: 自动喷漆大红400ml/瓶 | C19: 瓶 | D19: 仓库 | E19: 1 | F19: 18.04 | G19: 18.04 | I19: 41810.655 | K19: 1 | L19: 0 | M19: 0 | N19: -100 | O19: 过期
A20: 13 | B20: 外墙涂料106 白 | C20: 公斤 | D20: 仓库 | E20: 85 | F20: 19.981882 | G20: 1698.46 | I20: 41810.655 | K20: 85 | L20: 0 | M20: 0 | N20: -100 | O20: 过期
A21: 14 | B21: 白腊杆φ2.51.5-2m | C21: 根 | D21: 仓库 | E21: 50 | F21: 10.2564 | G21: 512.82 | I21: 41794.645 | K21: 50 | L21: 10.361015 | M21: 518 | N21: 1.010101
A22: 15 | B22: 电话线HYV 2*1.5 | C22: 米 | D22: 仓库 | E22: 445 | F22: 2.22 | G22: 987.9 | I22: 41723 | K22: 445 | L22: 2.242644 | M22: 997 | N22: 0.92114586
A23: 16 | B23: 梯子4000mm | C23: 架 | D23: 仓库 | E23: 1 | F23: 2222.22 | G23: 2222.22 | I23: 41723 | K23: 1 | L23: 2244.8866 | M23: 2244 | N23: 0.98010098
A24: 17 | B24: 棉布工作服170 | C24: 套 | D24: 仓库 | E24: 3 | F24: 136.33667 | G24: 409.01 | I24: 41824.779 | K24: 3 | L24: 137.7273 | M24: 413 | N24: 0.97552627
A25: 18 | B25: 自吸式防尘口罩301-XK | C25: 个 | D25: 仓库 | E25: 122 | F25: 6.84 | G25: 834.48 | I25: 41723 | K25: 122 | L25: 6.909768 | M25: 842 | N25: 0.90116
A26: 19 | B26: 煤矿用阻燃通信光缆MGTSV-36B | C26: 米 | D26: 仓库 | E26: 2900 | F26: 24.300152 | G26: 70470.44 | I26: 41794.645 | K26: 2900 | L26: 24.548013 | M26: 71189 | N26: 1.0196616
A27: 20 | B27: 风镐尖G20 配件 | C27: 个 | D27: 仓库 | E27: 3 | F27: 72.649573 | G27: 217.95 | I27: 41794.645 | K27: 3 | L27: 73.390598 | M27: 220 | N27: 0.9405827
A28: 21 | B28: 7.5KW四级电机（2) | C28: 台 | D28: 大门外院子 | E28: 2 | F28: 648.6 | G28: 1297.2 | I28: 41723 | K28: 2 | L28: 100 | M28: 200 | N28: -84.582177 | O28: 年久损坏
A29: 22 | B29: 7.5KW六级电机（2） | C29: 台 | D29: 大门外院子 | E29: 1 | F29: 815.92 | G29: 815.92 | I29: 41723 | K29: 1 | L29: 120 | M29: 120 | N29: -85.292676 | O29: 年久损坏
A30: 23 | B30: 5.5KW二级电机 | C30: 台 | D30: 大门外院子 | E30: 2 | F30: 861.98 | G30: 1723.96 | I30: 41723 | K30: 2 | L30: 130 | M30: 260 | N30: -84.918444 | O30: 年久损坏
A31: 24 | B31: 风门开停 | C31: 台 | D31: 仓库 | E31: 2 | F31: 623 | G31: 1246 | I31: 41723 | K31: 2 | L31: 50 | M31: 100 | N31: -91.974318 | O31: 年久损坏
A32: 25 | B32: 潜水泵7.5KW78米 | C32: 台 | E32: 2 | F32: 1386.165 | G32: 2772.33 | I32: 41723 | K32: 2 | L32: 210 | M32: 420 | N32: -84.850288 | O32: 年久损坏
A33: 26 | B33: 潜水泵2.2KW2寸25米 | C33: 台 | D33: 仓库 | E33: 1 | F33: 2257.93 | G33: 2257.93 | I33: 41723 | K33: 1 | L33: 340 | M33: 340 | N33: -84.94196 | O33: 年久损坏
A34: 27 | B34: V6钉扣机 | C34: 台 | D34: 仓库 | E34: 1 | F34: 2444 | G34: 2444 | I34: 41723 | K34: 1 | L34: 196 | M34: 196 | N34: -91.98036 | O34: 年久损坏
A35: 28 | B35: 1.5KW污水泵1.5寸 | C35: 台 | D35: 仓库 | E35: 1 | F35: 935.39 | G35: 935.39 | I35: 41723 | K35: 1 | L35: 140 | M35: 140 | N35: -85.032981 | O35: 年久损坏
A36: 29 | B36: 汽车挡风玻璃 | C36: 块 | D36: 仓库 | E36: 14 | F36: 160 | G36: 2240 | I36: 41723 | K36: 14 | L36: 0 | M36: 0 | N36: -100 | O36: 年久损坏
A37: 30 | B37: 铲车侧盖 | C37: 块 | D37: 仓库 | E37: 2 | F37: 300 | G37: 600 | I37: 41723 | K37: 1 | L37: 30 | M37: 30 | N37: -95 | O37: 年久损坏，无实物1个
A38: 31 | B38: 管道泵1寸 | C38: 台 | D38: 仓库 | E38: 8 | F38: 780 | G38: 6240 | I38: 41723 | K38: 7 | L38: 78 | M38: 546 | N38: -91.25 | O38: 年久损坏，无实物1个
A39: 32 | B39: 逆指阀4寸 | C39: 个 | D39: 仓库 | E39: 1 | F39: 340 | G39: 340 | I39: 41723 | K39: 1 | L39: 27 | M39: 27 | N39: -92.058824 | O39: 年久损坏
A40: 33 | B40: 洗煤厂链板 | C40: 副 | D40: 焦化厂库房 | E40: 80 | F40: 100 | G40: 8000 | I40: 41723 | K40: 0 | N40: -100 | O40: 无实物80副
A41: 34 | B41: 管道泵带电机 | C41: 台 | D41: 仓库 | E41: 1 | F41: 260 | G41: 260 | I41: 41723 | K41: 1 | L41: 40 | M41: 40 | N41: -84.615385 | O41: 年久损坏
A42: 35 | B42: 钢梁2.4 | C42: 根 | D42: 仓库 | E42: 51 | F42: 230 | G42: 11730 | I42: 41723 | K42: 51 | L42: 23 | M42: 1173 | N42: -90 | O42: 年久损坏
A43: 36 | B43: 托滚80CM | C43: 根 | D43: 仓库 | E43: 4 | F43: 120 | G43: 480 | I43: 41723 | K43: 4 | L43: 10 | M43: 40 | N43: -91.666667 | O43: 年久损坏
A44: 37 | B44: 三节托锟 | C44: 根 | D44: 院内 | E44: 13 | F44: 360 | G44: 4680 | I44: 41723 | K44: 13 | L44: 29 | M44: 377 | N44: -91.944444 | O44: 年久损坏
A45: 38 | B45: 风速开停传感器 | C45: 个 | D45: 仓库 | E45: 2 | F45: 730 | G45: 1460 | I45: 41723 | K45: 2 | L45: 40 | M45: 80 | N45: -94.520548 | O45: 年久损坏
A46: 39 | B46: 后轮轴 | C46: 个 | D46: 仓库 | E46: 4 | F46: 560 | G46: 2240 | I46: 41723 | K46: 4 | L46: 56 | M46: 224 | N46: -90 | O46: 年久损坏
A47: 40 | B47: 带丝 | C47: 个 | D47: 仓库 | E47: 1 | F47: 320 | G47: 320 | I47: 41723 | K47: 1 | L47: 30 | M47: 30 | N47: -90.625 | O47: 年久损坏
A48: 41 | B48: 电话线 | C48: 米 | D48: 仓库 | E48: 300 | F48: 2 | G48: 600 | I48: 41723 | K48: 300 | L48: 0 | M48: 0 | N48: -100 | O48: 年久损坏
A49: 42 | B49: 锹把 | C49: 根 | D49: 仓库 | E49: 12 | F49: 5 | G49: 60 | I49: 41723 | K49: 12 | L49: 1 | M49: 12 | N49: -80 | O49: 年久损坏
A50: 43 | B50: 温度调节器 | C50: 个 | D50: 仓库 | E50: 2 | F50: 360 | G50: 720 | I50: 41723 | K50: 2 | L50: 20 | M50: 40 | N50: -94.444444 | O50: 年久损坏
A51: 44 | B51: 轮胎1200-20 | C51: 根 | D51: 仓库 | E51: 13 | F51: 1100 | G51: 14300 | I51: 41723 | K51: 13 | L51: 0 | M51: 0 | N51: -100 | O51: 年久损坏
A52: 45 | B52: 三轮车轮胎 | C52: 个 | D52: 仓库 | E52: 30 | F52: 280 | G52: 8400 | I52: 41723 | K52: 30 | L52: 0 | M52: 0 | N52: -100 | O52: 年久损坏
... A56: 49 | B56: 机滤JX 0818 | C56: 个 | D56: 仓库 | E56: 4 | F56: 90 | G56: 360 | I56: 41723 | K56: 4 | L56: 0 | M56: 0 | N56: -100 | O56: 技术淘汰
A57: 50 | B57: 直角挂板z--7 | C57: 个 | E57: 71 | F57: 11.111127 | G57: 788.89 | I57: 41803.637 | K57: 71 | L57: 11.22446 | M57: 796 | N57: 0.90126634
A58: 51 | B58: 截止阀J41H-16C DN40 | C58: 只 | D58: 仓库 | E58: 13 | F58: 376.92308 | G58: 4900 | I58: 41836.627 | K58: 13 | L58: 380.76769 | M58: 4949 | N58: 1
A59: 52 | B59: 柴滤CL206CL206 | C59: 个 | D59: 仓库 | E59: 1 | F59: 35 | G59: 35 | I59: 41723 | K59: 1 | L59: 0 | M59: 0 | N59: -100 | O59: 技术淘汰
A60: 53 | B60: 消防伸缩梯高6米 | C60: 把 | D60: 仓库 | E60: 1 | F60: 2222.22 | G60: 2222.22 | I60: 41723 | K60: 1 | L60: 2244.8866 | M60: 2244 | N60: 0.98010098
A61: 54 | B61: 软化水机头fleck2T-4T | C61: 个 | D61: 仓库 | E61: 2 | F61: 1581.195 | G61: 3162.39 | I61: 42192.463 | K61: 2 | L61: 158 | M61: 316 | N61: -90.007558 | O61: 技术淘汰
A62: 55 | B62: 薄钢板1.5mm | C62: 公斤 | D62: 仓库 | E62: 105 | F62: 4.4273333 | G62: 464.87 | I62: 41723 | K62: 105 | L62: 4.4724921 | M62: 469 | N62: 0.88842042
A63: 56 | B63: 镀锌铁丝14# | C63: 公斤 | D63: 仓库 | E63: 250 | F63: 4.22544 | G63: 1056.36 | I63: 42956.695 | K63: 250 | L63: 4.2685395 | M63: 1067 | N63: 1.0072324
A64: 57 | B64: 塑料涂覆布正压风筒FTZSS 600*10 | C64: 米 | D64: 仓库 | E64: 200 | F64: 29.4872 | G64: 5897.44 | I64: 42109.653 | K64: 200 | L64: 0 | M64: 0 | N64: -100 | O64: 老化
A65: 58 | B65: 蝶阀D71X-16 DN100 | C65: 个 | D65: 仓库 | E65: 8 | F65: 547.0075 | G65: 4376.06 | I65: 41836.631 | K65: 8 | L65: 552.58698 | M65: 4420 | N65: 1.0040996
A66: 59 | B66: 蝶阀D71X-16 DN200 | C66: 个 | D66: 仓库 | E66: 2 | F66: 1025.64 | G66: 2051.28 | I66: 41836.631 | K66: 2 | L66: 1036.1015 | M66: 2072 | N66: 1.010101
A67: 60 | B67: 锥柄麻花钻头Φ25.0mm | C67: 支 | D67: 仓库 | E67: 14 | F67: 25.640714 | G67: 358.97 | I67: 41723 | K67: 14 | L67: 25.90225 | M67: 362 | N67: 0.84408168
A68: 61 | B68: 角磨机125mm | C68: 台 | D68: 仓库 | E68: 1 | F68: 363.25 | G68: 363.25 | I68: 41794.645 | K68: 1 | L68: 366.95515 | M68: 366 | N68: 0.75705437
A69: 62 | B69: 双金属温度计0-150℃ L:150 | C69: 支 | D69: 仓库 | E69: 8 | F69: 55.555 | G69: 444.44 | I69: 41810.655 | K69: 8 | L69: 56.121661 | M69: 448 | N69: 0.80100801
A70: 63 | B70: 双头梅花扳手22×24mm | C70: 把 | D70: 仓库 | E70: 3 | F70: 16.24 | G70: 48.72 | I70: 41810.655 | K70: 3 | L70: 16.405648 | M70: 49 | N70: 0.57471264
A71: 64 | B71: 电缆挂钩100# | C71: 个 | D71: 仓库 | E71: 1000 | F71: 11.36753 | G71: 11367.53 | I71: 41723 | K71: 1000 | L71: 11.483479 | M71: 11483 | N71: 1.015788
A72: 65 | B72: 结构钢焊条J422 2.5mm | C72: 公斤 | D72: 仓库 | E72: 75 | F72: 9.6153333 | G72: 721.15 | I72: 41794.645 | K72: 75 | L72: 0 | M72: 0 | N72: -100 | O72: 过期
A73: 66 | B73: 电缆冷补胶334克/套 | C73: 套 | D73: 仓库 | E73: 15 | F73: 55.555333 | G73: 833.33 | I73: 41800.624 | K73: 15 | L73: 0 | M73: 0 | N73: -100 | O73: 过期
A74: 67 | B74: 二氧化碳灭火器手持式 2KG | C74: 具 | D74: 仓库 | E74: 8 | F74: 179.49 | G74: 1435.92 | I74: 41723 | K74: 8 | L74: 0 | M74: 0 | N74: -100 | O74: 过期
A75: 68 | B75: 铁锹方锹(大) | C75: 把 | D75: 仓库 | E75: 22 | F75: 7.8222727 | G75: 172.09 | I75: 42952.405 | K75: 22 | L75: 7.9020599 | M75: 173 | N75: 0.52879307
A76: 69 | B76: 尼龙绳6mm | C76: 千克 | D76: 仓库 | E76: 10 | F76: 58.929 | G76: 589.29 | I76: 41794.645 | K76: 10 | L76: 0 | M76: 0 | N76: -100 | O76: 过期
A77: 70 | B77: 安检服160--185 | C77: 套 | D77: 仓库 | E77: 10 | F77: 141.026 | G77: 1410.26 | I77: 41723 | K77: 10 | L77: 142.46447 | M77: 1424 | N77: 0.97428843
A78: 71 | B78: 安全帽500KGF,玻璃钢 | C78: 个 | D78: 仓库 | E78: 7 | F78: 85.47 | G78: 598.29 | I78: 41723 | K78: 7 | L78: 86.341794 | M78: 604 | N78: 0.95438667
A79: 72 | B79: 肥皂208克 雕牌 | C79: 块 | D79: 仓库 | E79: 113 | F79: 4.2685841 | G79: 482.35 | I79: 41723 | K79: 113 | L79: 0 | M79: 0 | N79: -100 | O79: 过期
A80: 73 | B80: 喇叭嘴（400馈电配件）外径约100mm，内径约79mm | C80: 个 | D80: 仓库 | E80: 20 | F80: 136.752 | G80: 2735.04 | I80: 41723 | K80: 20 | L80: 10 | M80: 200 | N80: -92.687493 | O80: 损坏
A81: 74 | B81: 同径三通（高压三通）KJ3 Φ10 | C81: 个 | D81: 仓库 | E81: 20 | F81: 7.265 | G81: 145.3 | I81: 41781.706 | K81: 20 | L81: 7.339103 | M81: 146 | N81: 0.48176187
A82: 75 | B82: 堵DN10 | C82: 个 | D82: 仓库 | E82: 5 | F82: 1.7094017 | G82: 8.55 | I82: 41781.706 | K82: 5 | L82: 1.7268376 | M82: 8 | N82: -6.4327485
A83: 76 | B83: 单级管道离心泵ISG80-200 | C83: 台 | D83: 仓库 | E83: 1 | F83: 27478.64 | G83: 27478.64 | I83: 41723 | K83: 1 | L83: 27758.922 | M83: 27758 | N83: 1.0166442
A84: 77 | B84: 轴流风机 | C84: 套 | D84: 仓库 | E84: 1 | F84: 2547.01 | G84: 2547.01 | I84: 41723 | K84: 1 | L84: 380 | M84: 380 | N84: -85.080545 | O84: 年久损坏
A85: 78 | B85: 五吨导链 | C85: 个 | D85: 仓库 | E85: 2 | F85: 1520 | G85: 3040 | I85: 41723 | K85: 2 | L85: 152 | M85: 304 | N85: -90 | O85: 年久损坏
A86: 79 | B86: 辅材 | C86: 个 | D86: 仓库 | E86: 1 | F86: 14040 | G86: 14040 | I86: 41723 | K86: 1 | L86: 1400 | M86: 1400 | N86: -90.02849 | O86: 配件年久损坏
A87: 80 | B87: 3KW四级电机 | C87: 台 | D87: 仓库 | E87: 5 | F87: 601.6 | G87: 3008 | I87: 41723 | K87: 5 | L87: 90 | M87: 450 | N87: -85.039894 | O87: 年久损坏
A88: 81 | B88: 7.5KW电机 | C88: 台 | D88: 仓库 | E88: 1 | F88: 850.95 | G88: 850.95 | I88: 41723 | K88: 1 | L88: 130 | M88: 130 | N88: -84.722957 | O88: 年久损坏
A89: 82 | B89: 隔爆不间断电源箱 | C89: 台 | D89: 仓库 | E89: 1 | F89: 990 | G89: 990 | I89: 41723 | K89: 1 | L89: 79 | M89: 79 | N89: -92.020202 | O89: 年久损坏
A90: 83 | B90: 马佛炉 | C90: 台 | D90: 仓库 | E90: 2 | F90: 1441.8 | G90: 2883.6 | I90: 41723 | K90: 2 | L90: 120 | M90: 240 | N90: -91.67707 | O90: 年久损坏
A91: 84 | B91: 保险柜（2） | C91: 个 | D91: 院内 | E91: 1 | F91: 2465 | G91: 2465 | I91: 41723 | K91: 1 | L91: 247 | M91: 247 | N91: -89.979716 | O91: 年久损坏
A92: 85 | B92: 石板闸刀开关500A | C92: 个 | D92: 仓库 | E92: 3 | F92: 85 | G92: 255 | I92: 41723 | K92: 3 | L92: 9 | M92: 27 | N92: -89.411765 | O92: 年久损坏
A93: 86 | B93: 油缸行程230 | C93: 支 | D93: 仓库 | E93: 2 | F93: 400 | G93: 800 | I93: 41723 | K93: 2 | L93: 40 | M93: 80 | N93: -90 | O93: 年久损坏
A94: 87 | B94: 蓬布 | C94: 块 | D94: 仓库 | E94: 3 | F94: 260 | G94: 780 | I94: 41723 | K94: 3 | L94: 0 | M94: 0 | N94: -100 | O94: 年久损坏
A95: 88 | B95: 液压支柱1.1米DZ1.1-30-100 | C95: 根 | D95: 仓库 | E95: 282 | F95: 650 | G95: 183300 | I95: 41723 | K95: 244 | L95: 65 | M95: 15860 | N95: -91.347518 | O95: 年久损坏，无实物38个
... A98: 91 | B98: 液压支柱2米DZ28-30/100 | C98: 根 | D98: 仓库 | E98: 173 | F98: 800 | G98: 138400 | I98: 41723 | K98: 173 | L98: 80 | M98: 13840 | N98: -90 | O98: 年久损坏
A99: 92 | B99: 高压电缆70平方 | C99: 米 | D99: 仓库 | E99: 30 | F99: 136 | G99: 4080 | I99: 41723 | K99: 0 | M99: 0 | N99: -100 | O99: 已出库
A100: 93 | B100: 道轮 | C100: 个 | D100: 仓库 | E100: 5 | F100: 900 | G100: 4500 | I100: 41723 | K100: 5 | L100: 90 | M100: 450 | N100: -90 | O100: 年久损坏
A101: 94 | B101: 靠轮 | C101: 个 | D101: 仓库 | E101: 9 | F101: 370 | G101: 3330 | I101: 41723 | K101: 9 | L101: 37 | M101: 333 | N101: -90 | O101: 年久损坏
A102: 95 | B102: 油桶 | C102: 个 | D102: 仓库 | E102: 2 | F102: 150 | G102: 300 | I102: 41723 | K102: 2 | L102: 12 | M102: 24 | N102: -92 | O102: 年久损坏
A103: 96 | B103: 250MM | C103: 台 | D103: 大门外仓库 | E103: 1 | F103: 1300 | G103: 1300 | I103: 41723 | K103: 0 | N103: -100 | O103: 无实物1个
A104: 97 | B104: 吹风机 | C104: 台 | E104: 3 | F104: 360 | G104: 1080 | I104: 41723 | K104: 3 | L104: 50 | M104: 150 | N104: -86.111111 | O104: 年久损坏
A105: 98 | B105: 方木60mm*40mm*4m | C105: 立方米 | D105: 仓库 | E105: 3 | F105: 3034.1867 | G105: 9102.56 | I105: 41723 | K105: 3 | L105: 3065.1354 | M105: 9195 | N105: 1.0155385
...

Sheet 3-11其他流动资产
A1: 返回索引目录
A2: 其他流动资产评估明细表
A3: ="评估基准日："&TEXT(基本信息输入表!M7,"yyyy年mm月dd日") -> 评估基准日：2020年03月31日
I4: 表3-11
A5: =基本信息输入表!K6&"："&基本信息输入表!M6 -> 被评估单位：山西华润昌裕煤业有限公司 | I5: 金额单位：人民币元
A6: 序号 | B6: 项目及内容 | C6: 发生日期 | D6: 结算内容 | E6: 成本 | F6: 账面价值 | G6: 评估价值 | H6: 增值率% | I6: 备注 | J6: 唯一标识列
A7: =IF(B7="","",ROW()-6) -> 1 | B7: 递延税项 | C7: 43921 | D7: 待抵扣的增值税进行税额 | G7: 0 | H7: =IF(F7=0,"",(G7-F7)/F7*100) | J7: Z1
A8: =IF(B8="","",ROW()-6) | H8: =IF(F8=0,"",(G8-F8)/F8*100) | J8: Z2
A9: =IF(B9="","",ROW()-6) | H9: =IF(F9=0,"",(G9-F9)/F9*100) | J9: Z3
A10: =IF(B10="","",ROW()-6) | H10: =IF(F10=0,"",(G10-F10)/F10*100) | J10: Z4
A11: =IF(B11="","",ROW()-6) | H11: =IF(F11=0,"",(G11-F11)/F11*100) | J11: Z5
A12: =IF(B12="","",ROW()-6) | H12: =IF(F12=0,"",(G12-F12)/F12*100) | J12: Z6
A13: =IF(B13="","",ROW()-6) | H13: =IF(F13=0,"",(G13-F13)/F13*100) | J13: Z7
A14: =IF(B14="","",ROW()-6) | H14: =IF(F14=0,"",(G14-F14)/F14*100) | J14: Z8
A15: =IF(B15="","",ROW()-6) | H15: =IF(F15=0,"",(G15-F15)/F15*100) | J15: Z9
A16: =IF(B16="","",ROW()-6) | H16: =IF(F16=0,"",(G16-F16)/F16*100) | J16: Z10
A17: =IF(B17="","",ROW()-6) | H17: =IF(F17=0,"",(G17-F17)/F17*100) | J17: Z11
A18: =IF(B18="","",ROW()-6) | H18: =IF(F18=0,"",(G18-F18)/F18*100) | J18: Z12
A19: =IF(B19="","",ROW()-6) | H19: =IF(F19=0,"",(G19-F19)/F19*100) | J19: Z13
... A26: =IF(B26="","",ROW()-6) | H26: =IF(F26=0,"",(G26-F26)/F26*100) | J26: Z20
A27: 合 计 | E27: =SUM(E7:E26) -> 0 | F27: =SUM(F7:F26) -> 0 | G27: =SUM(G7:G26) -> 0 | H27: =IF(F27=0,"",(G27-F27)/F27*100)
A28: =基本信息输入表!$K$6&"填表人："&基本信息输入表!$M$41 -> 被评估单位填表人：阎丽红 | G28: ="评估人员："&基本信息输入表!$Q$41 -> 评估人员：孙艳平 | J28: 打印边界
A29: ="填表日期："&YEAR(基本信息输入表!$O$41)&"年"&MONTH(基本信息输入表!$O$41)&"月"&DAY(基本信息输入表!$O$41)&"日" -> 填表日期：2020年4月25日

Sheet 3-12合同资产
A1: 返回索引目录
A2: 合同资产评估明细表
A3: ="评估基准日："&TEXT(基本信息输入表!M7,"yyyy年mm月dd日") -> 评估基准日：2020年03月31日
M4: 表3-12
A5: =基本信息输入表!K6&"："&基本信息输入表!M6 -> 被评估单位：山西华润昌裕煤业有限公司 | M5: 金额单位：人民币元
A6: 序号 | B6: 欠款单位名称（结算对象) | C6: 业务内容 | D6: 承担除信用风险之外的其他风险内容 | E6: 最后一次 变动日期 | F6: 账龄（月） | G6: 币种 | H6: 外币账面金额 | I6: 账面余额 | J6: 坏账准备 | K6: 评估价值 | L6: 增值率% | M6: 备注
N7: 唯一标识列
A8: =IF(B8="","",ROW()-7) | L8: =IF(I8=0,"",(K8-I8)/(I8)*100) | N8: AA1
A9: =IF(B9="","",ROW()-7) | L9: =IF(I9=0,"",(K9-I9)/(I9)*100) | N9: AA2
A10: =IF(B10="","",ROW()-7) | L10: =IF(I10=0,"",(K10-I10)/(I10)*100) | N10: AA3
A11: =IF(B11="","",ROW()-7) | L11: =IF(I11=0,"",(K11-I11)/(I11)*100) | N11: AA4
A12: =IF(B12="","",ROW()-7) | L12: =IF(I12=0,"",(K12-I12)/(I12)*100) | N12: AA5
A13: =IF(B13="","",ROW()-7) | L13: =IF(I13=0,"",(K13-I13)/(I13)*100) | N13: AA6
A14: =IF(B14="","",ROW()-7) | L14: =IF(I14=0,"",(K14-I14)/(I14)*100) | N14: AA7
A15: =IF(B15="","",ROW()-7) | L15: =IF(I15=0,"",(K15-I15)/(I15)*100) | N15: AA8
A16: =IF(B16="","",ROW()-7) | L16: =IF(I16=0,"",(K16-I16)/(I16)*100) | N16: AA9
A17: =IF(B17="","",ROW()-7) | L17: =IF(I17=0,"",(K17-I17)/(I17)*100) | N17: AA10
A18: =IF(B18="","",ROW()-7) | L18: =IF(I18=0,"",(K18-I18)/(I18)*100) | N18: AA11
A19: =IF(B19="","",ROW()-7) | L19: =IF(I19=0,"",(K19-I19)/(I19)*100) | N19: AA12
... A23: =IF(B23="","",ROW()-7) | L23: =IF(I23=0,"",(K23-I23)/(I23)*100) | N23: AA16
A24: 合同资产合计 | I24: =SUM(I8:I23) -> 0 | J24: =SUM(J8:J23) -> 0 | K24: =SUM(K8:K23) -> 0 | L24: =IF(I24=0,"",(K24-I24)/(I24)*100)
A25: 减：坏账准备 | I25: =J24 -> 0
A26: 减：评估风险损失 | K26: =I25 -> 0
A27: 合同资产净额 | I27: =I24-I25 -> 0 | K27: =K24-K26 -> 0 | L27: =IF(I27=0,"",(K27-I27)/(I27)*100)
A28: =基本信息输入表!$K$6&"填表人："&基本信息输入表!$M$22 -> 被评估单位填表人：阎丽红 | K28: ="评估人员："&基本信息输入表!$Q$22 -> 评估人员：孙艳平 | N28: 打印边界
A29: ="填表日期："&YEAR(基本信息输入表!$O$22)&"年"&MONTH(基本信息输入表!$O$22)&"月"&DAY(基本信息输入表!$O$22)&"日" -> 填表日期：2020年4月25日

Sheet 4-非流动资产汇总
A1: 非流动资产汇总表
A2: 评估基准日：2020年03月31日
F3: 表4
A4: 产权持有单位：山西华润昌裕煤业有限公司 | F4: 金额单位：人民币元
A5: 编号 | B5: 科目名称 | C5: 账面价值 | D5: 评估价值 | E5: 增减值 | F5: 增值率%
A6: 4-1 | B6: 可供出售金融资产 | C6: 0 | D6: 0 | E6: 0
A7: 4-2 | B7: 持有至到期投资合计 | C7: 0 | D7: 0 | E7: 0
B8: 减：持有至到期投资减值准备 | C8: 0 | D8: 0 | E8: 0
B9: 持有至到期投资净额 | C9: 0 | D9: 0 | E9: 0
A10: 4-3 | B10: 长期应收款 | C10: 0 | D10: 0 | E10: 0
A11: 4-4 | B11: 长期股权投资合计 | C11: 0 | D11: 0 | E11: 0
B12: 减：长期股权投资减值准备 | C12: 0 | D12: 0 | E12: 0
B13: 长期股权投资净额 | C13: 0 | D13: 0 | E13: 0
A14: 4-5 | B14: 投资性房地产合计 | C14: 0 | D14: 0 | E14: 0
B15: 减：投资性房地产减值准备 | C15: 0 | E15: 0
B16: 投资性房地产净额 | C16: 0 | D16: 0 | E16: 0
A17: 4-6 | B17: 固定资产原值 | C17: 13227561 | D17: 57493980 | E17: 44266419 | F17: 334.65291
B18: 其中：建筑物类 | C18: 303504 | D18: 52946400 | E18: 52642896 | F18: 17345.042
B19: 设 备 类 | C19: 12924057 | D19: 4547580 | E19: -8376477.2 | F19: -64.813062
B20: 土 地 类 | C20: 0 | D20: 0 | E20: 0
B21: 减：累计折旧 | C21: 9223813.9 | D21: 31973399 | E21: 22749585 | F21: 246.63968
B22: 固定资产净值 | C22: 4003747.3 | D22: 25520581 | E22: 21516834 | F22: 537.41738
B23: 其中：建筑物类 | C23: 221313.36 | D23: 23189353 | E23: 22968040 | F23: 10378.063
B24: 设 备 类 | C24: 3782433.9 | D24: 2331228 | E24: -1451205.9 | F24: -38.366987
B25: 土 地 类 | C25: 0 | D25: 0 | E25: 0
B26: 减：固定资产减值准备 | C26: 2626357.9 | E26: -2626357.9 | F26: -100
B27: 固定资产净额 | C27: 1377389.4 | D27: 25520581 | E27: 24143192 | F27: 1752.8226
A28: 4-7 | B28: 在建工程 | C28: 67089869 | D28: 31206559 | E28: -35883310 | F28: -53.485438
A29: 4-8 | B29: 工程物资 | C29: 0 | D29: 0 | E29: 0
A30: 4-9 | B30: 固定资产清理 | C30: 0 | D30: 0 | E30: 0
A31: 4-10 | B31: 生产性生物资产 | C31: 0 | D31: 0 | E31: 0
A32: 4-11 | B32: 油气资产合计 | C32: 0 | D32: 0 | E32: 0
B33: 减：油气资产减值准备 | C33: 0 | D33: 0 | E33: 0
B34: 油气资产净额 | C34: 0 | D34: 0 | E34: 0
A35: 4-12 | B35: 无形资产合计 | C35: 41716400 | D35: 62109600 | E35: 20393200 | F35: 48.88533
B36: 其中：土地使用权 | C36: 0 | D36: 0 | E36: 0
B37: 减：无形资产减值准备 | C37: 0 | D37: 0 | E37: 0
B38: 无形资产净额 | C38: 41716400 | D38: 62109600 | E38: 20393200 | F38: 48.88533
A39: 4-13 | B39: 开发支出 | C39: 0 | D39: 0 | E39: 0
A40: 4-14 | B40: 商誉 | C40: 0 | D40: 0 | E40: 0
A41: 4-15 | B41: 长期待摊费用 | C41: 0 | D41: 0 | E41: 0
A42: 4-16 | B42: 递延所得税资产 | C42: 0 | D42: 0 | E42: 0
A43: 4-17 | B43: 其他非流动资产 | C43: 0 | D43: 0 | E43: 0
A47: 合 计 | C47: 1.1018366e+08 | D47: 118836740 | E47: 8653081.5 | F47: 7.8533256

Sheet 4-1可供出售金融资产汇总
A1: 返回索引目录
A2: 可供出售金融资产评估汇总表
A3: ="评估基准日："&TEXT(基本信息输入表!M7,"yyyy年mm月dd日") -> 评估基准日：2020年03月31日
E4: 表4-1
A5: =基本信息输入表!K6&"："&基本信息输入表!M6 -> 被评估单位：山西华润昌裕煤业有限公司 | F5: 金额单位：人民币元
A6: 编号 | B6: 科目名称 | C6: 账面价值 | D6: 评估价值 | E6: 增减值 | F6: 增值率%
A7: 4-1-1 | B7: 可供出售金融资产-股票投资 | C7: ='4-1-1可出售-股票'!I27 -> 0 | D7: ='4-1-1可出售-股票'!K27 -> 0 | E7: =D7-C7 -> 0 | F7: =IF(C7=0,"",E7/C7*100)
A8: 4-1-2 | B8: 可供出售金融资产-债券投资 | C8: ='4-1-2可出售-债券'!I27 -> 0 | D8: ='4-1-2可出售-债券'!K27 -> 0 | E8: =D8-C8 -> 0 | F8: =IF(C8=0,"",E8/C8*100)
A9: 4-1-3 | B9: 可供出售金融资产-其他投资 | C9: ='4-1-3可出售-其他'!I27 -> 0 | D9: ='4-1-3可出售-其他'!K27 -> 0 | E9: =D9-C9 -> 0 | F9: =IF(C9=0,"",E9/C9*100)
A27: 合 计 | C27: =SUM(C7:C26) -> 0 | D27: =SUM(D7:D26) -> 0 | E27: =D27-C27 -> 0 | F27: =IF(C27=0,"",E27/C27*100)
D28: ="评估人员："&基本信息输入表!$Q$43 -> 评估人员：孙艳平 | G28: <END>
G29: 打印边界

Sheet 4-1-1可出售-股票
A1: 返回索引目录
A2: 可供出售金融资产—股票投资评估明细表
A3: ="评估基准日："&TEXT(基本信息输入表!M7,"yyyy年mm月dd日") -> 评估基准日：2020年03月31日
M4: 表4-1-1
A5: =基本信息输入表!K6&"："&基本信息输入表!M6 -> 被评估单位：山西华润昌裕煤业有限公司 | M5: 金额单位：人民币元
A6: 序号 | B6: 被投资单位名称 | C6: 股票性质 | D6: 股票代码 | E6: 投资日期 | F6: 持股数量 | G6: 基准日市价 | H6: 取得成本 | I6: 账面价值 | J6: 计提减值准备金额 | K6: 评估价值 | L6: 增值率% | M6: 备注
L7: =IF(I7-J7=0,"",(K7-I7+J7)/(I7-J7)*100) | N7: 唯一标识列
A8: =IF(B8="","",ROW()-7) | L8: =IF(I8-J8=0,"",(K8-I8+J8)/(I8-J8)*100) | N8: AB1
A9: =IF(B9="","",ROW()-7) | L9: =IF(I9-J9=0,"",(K9-I9+J9)/(I9-J9)*100) | N9: AB2
A10: =IF(B10="","",ROW()-7) | L10: =IF(I10-J10=0,"",(K10-I10+J10)/(I10-J10)*100) | N10: AB3
A11: =IF(B11="","",ROW()-7) | L11: =IF(I11-J11=0,"",(K11-I11+J11)/(I11-J11)*100) | N11: AB4
A12: =IF(B12="","",ROW()-7) | L12: =IF(I12-J12=0,"",(K12-I12+J12)/(I12-J12)*100) | N12: AB5
A13: =IF(B13="","",ROW()-7) | L13: =IF(I13-J13=0,"",(K13-I13+J13)/(I13-J13)*100) | N13: AB6
A14: =IF(B14="","",ROW()-7) | L14: =IF(I14-J14=0,"",(K14-I14+J14)/(I14-J14)*100) | N14: AB7
A15: =IF(B15="","",ROW()-7) | L15: =IF(I15-J15=0,"",(K15-I15+J15)/(I15-J15)*100) | N15: AB8
A16: =IF(B16="","",ROW()-7) | L16: =IF(I16-J16=0,"",(K16-I16+J16)/(I16-J16)*100) | N16: AB9
A17: =IF(B17="","",ROW()-7) | L17: =IF(I17-J17=0,"",(K17-I17+J17)/(I17-J17)*100) | N17: AB10
A18: =IF(B18="","",ROW()-7) | L18: =IF(I18-J18=0,"",(K18-I18+J18)/(I18-J18)*100) | N18: AB11
A19: =IF(B19="","",ROW()-7) | L19: =IF(I19-J19=0,"",(K19-I19+J19)/(I19-J19)*100) | N19: AB12
... A24: =IF(B24="","",ROW()-7) | L24: =IF(I24-J24=0,"",(K24-I24+J24)/(I24-J24)*100) | N24: AB17
A25: 合 计 | I25: =SUM(I7:I24) -> 0 | J25: =SUM(J7:J24) -> 0 | K25: =SUM(K7:K24) -> 0 | L25: =IF(I25-J25=0,"",(K25-I25+J25)/(I25-J25)*100)
A26: 减：减值准备 | I26: =J25 -> 0 | L26: =IF(I26-J26=0,"",(K26-I26+J26)/(I26-J26)*100)
A27: 净 额 | I27: =I25-I26 -> 0 | K27: =K25 -> 0 | L27: =IF(I27-J27=0,"",(K27-I27+J27)/(I27-J27)*100)
A28: =基本信息输入表!$K$6&"填表人："&基本信息输入表!$M$44 -> 被评估单位填表人：阎丽红 | K28: ="评估人员："&基本信息输入表!$Q$44 -> 评估人员：孙艳平 | N28: 打印边界
A29: ="填表日期："&YEAR(基本信息输入表!$O$44)&"年"&MONTH(基本信息输入表!$O$44)&"月"&DAY(基本信息输入表!$O$44)&"日" -> 填表日期：2020年4月25日

Sheet 4-1-2可出售-债券
A1: 返回索引目录
A2: 可供出售金融资产—债券投资评估明细表
A3: ="评估基准日："&TEXT(基本信息输入表!M7,"yyyy年mm月dd日") -> 评估基准日：2020年03月31日
M4: 表4-1-2
A5: =基本信息输入表!K6&"："&基本信息输入表!M6 -> 被评估单位：山西华润昌裕煤业有限公司 | M5: 金额单位：人民币元
A6: 序号 | B6: 被投资单位名称 | C6: 债券种类 | D6: 债券代码 | E6: 发行日期 | F6: 到期日 | G6: 票面利率% | H6: 成本（面值） | I6: 账面价值 | J6: 计提减值准备金额 | K6: 评估价值 | L6: 增值率% | M6: 备注
L7: =IF(I7-J7=0,"",(K7-I7+J7)/(I7-J7)*100) | N7: 唯一标识列
A8: =IF(B8="","",ROW()-7) | L8: =IF(I8-J8=0,"",(K8-I8+J8)/(I8-J8)*100) | N8: AC1
A9: =IF(B9="","",ROW()-7) | L9: =IF(I9-J9=0,"",(K9-I9+J9)/(I9-J9)*100) | N9: AC2
A10: =IF(B10="","",ROW()-7) | L10: =IF(I10-J10=0,"",(K10-I10+J10)/(I10-J10)*100) | N10: AC3
A11: =IF(B11="","",ROW()-7) | L11: =IF(I11-J11=0,"",(K11-I11+J11)/(I11-J11)*100) | N11: AC4
A12: =IF(B12="","",ROW()-7) | L12: =IF(I12-J12=0,"",(K12-I12+J12)/(I12-J12)*100) | N12: AC5
A13: =IF(B13="","",ROW()-7) | L13: =IF(I13-J13=0,"",(K13-I13+J13)/(I13-J13)*100) | N13: AC6
A14: =IF(B14="","",ROW()-7) | L14: =IF(I14-J14=0,"",(K14-I14+J14)/(I14-J14)*100) | N14: AC7
A15: =IF(B15="","",ROW()-7) | L15: =IF(I15-J15=0,"",(K15-I15+J15)/(I15-J15)*100) | N15: AC8
A16: =IF(B16="","",ROW()-7) | L16: =IF(I16-J16=0,"",(K16-I16+J16)/(I16-J16)*100) | N16: AC9
A17: =IF(B17="","",ROW()-7) | L17: =IF(I17-J17=0,"",(K17-I17+J17)/(I17-J17)*100) | N17: AC10
A18: =IF(B18="","",ROW()-7) | L18: =IF(I18-J18=0,"",(K18-I18+J18)/(I18-J18)*100) | N18: AC11
A19: =IF(B19="","",ROW()-7) | L19: =IF(I19-J19=0,"",(K19-I19+J19)/(I19-J19)*100) | N19: AC12
... A24: =IF(B24="","",ROW()-7) | L24: =IF(I24-J24=0,"",(K24-I24+J24)/(I24-J24)*100) | N24: AC17
A25: 合 计 | I25: =SUM(I8:I24) -> 0 | J25: =SUM(J8:J24) -> 0 | K25: =SUM(K8:K24) -> 0 | L25: =IF(I25-J25=0,"",(K25-I25+J25)/(I25-J25)*100)
A26: 减：减值准备 | I26: =J25 -> 0 | L26: =IF(I26-J26=0,"",(K26-I26+J26)/(I26-J26)*100)
A27: 净 额 | I27: =I25-I26 -> 0 | K27: =K25 -> 0 | L27: =IF(I27-J27=0,"",(K27-I27+J27)/(I27-J27)*100)
A28: =基本信息输入表!$K$6&"填表人："&基本信息输入表!$M$45 -> 被评估单位填表人：阎丽红 | K28: ="评估人员："&基本信息输入表!$Q$45 -> 评估人员：孙艳平 | N28: 打印边界
A29: ="填表日期："&YEAR(基本信息输入表!$O$45)&"年"&MONTH(基本信息输入表!$O$45)&"月"&DAY(基本信息输入表!$O$45)&"日" -> 填表日期：2020年4月25日

Sheet 4-1-3可出售-其他
A1: 返回索引目录
A2: 可供出售金融资产—其他投资评估明细表
A3: ="评估基准日："&TEXT(基本信息输入表!M7,"yyyy年mm月dd日") -> 评估基准日：2020年03月31日
M4: 表4-1-3
A5: =基本信息输入表!K6&"："&基本信息输入表!M6 -> 被评估单位：山西华润昌裕煤业有限公司 | M5: 金额单位：人民币元
A6: 序号 | B6: 被投资单位名称 | C6: 金融资产名称 | D6: 金融资产代码 | E6: 投资日期 | F6: 持有数量 | G6: 基准日市价 | H6: 成本 | I6: 账面价值 | J6: 计提减值准备金额 | K6: 评估价值 | L6: 增值率% | M6: 备注
N7: 唯一标识列
A8: =IF(B8="","",ROW()-7) | L8: =IF(I8-J8=0,"",(K8-I8+J8)/(I8-J8)*100) | N8: AD1
A9: =IF(B9="","",ROW()-7) | L9: =IF(I9-J9=0,"",(K9-I9+J9)/(I9-J9)*100) | N9: AD2
A10: =IF(B10="","",ROW()-7) | L10: =IF(I10-J10=0,"",(K10-I10+J10)/(I10-J10)*100) | N10: AD3
A11: =IF(B11="","",ROW()-7) | L11: =IF(I11-J11=0,"",(K11-I11+J11)/(I11-J11)*100) | N11: AD4
A12: =IF(B12="","",ROW()-7) | L12: =IF(I12-J12=0,"",(K12-I12+J12)/(I12-J12)*100) | N12: AD5
A13: =IF(B13="","",ROW()-7) | L13: =IF(I13-J13=0,"",(K13-I13+J13)/(I13-J13)*100) | N13: AD6
A14: =IF(B14="","",ROW()-7) | L14: =IF(I14-J14=0,"",(K14-I14+J14)/(I14-J14)*100) | N14: AD7
A15: =IF(B15="","",ROW()-7) | L15: =IF(I15-J15=0,"",(K15-I15+J15)/(I15-J15)*100) | N15: AD8
A16: =IF(B16="","",ROW()-7) | L16: =IF(I16-J16=0,"",(K16-I16+J16)/(I16-J16)*100) | N16: AD9
A17: =IF(B17="","",ROW()-7) | L17: =IF(I17-J17=0,"",(K17-I17+J17)/(I17-J17)*100) | N17: AD10
A18: =IF(B18="","",ROW()-7) | L18: =IF(I18-J18=0,"",(K18-I18+J18)/(I18-J18)*100) | N18: AD11
A19: =IF(B19="","",ROW()-7) | L19: =IF(I19-J19=0,"",(K19-I19+J19)/(I19-J19)*100) | N19: AD12
... A24: =IF(B24="","",ROW()-7) | L24: =IF(I24-J24=0,"",(K24-I24+J24)/(I24-J24)*100) | N24: AD17
A25: 合 计 | I25: =SUM(I8:I24) -> 0 | J25: =SUM(J8:J24) -> 0 | K25: =SUM(K8:K24) -> 0 | L25: =IF(I25-J25=0,"",(K25-I25+J25)/(I25-J25)*100)
A26: 减：减值准备 | I26: =J25 -> 0
A27: 净 额 | I27: =I25-I26 -> 0 | K27: =K25 -> 0 | L27: =IF(I27-J27=0,"",(K27-I27+J27)/(I27-J27)*100)
A28: =基本信息输入表!$K$6&"填表人："&基本信息输入表!$M$46 -> 被评估单位填表人：阎丽红 | K28: ="评估人员："&基本信息输入表!$Q$46 -> 评估人员：孙艳平 | N28: 打印边界
A29: ="填表日期："&YEAR(基本信息输入表!$O$46)&"年"&MONTH(基本信息输入表!$O$46)&"月"&DAY(基本信息输入表!$O$46)&"日" -> 填表日期：2020年4月25日

Sheet 4-2持有到期投资
A1: 返回索引目录
A2: 持有至到期投资评估明细表
A3: ="评估基准日："&TEXT(基本信息输入表!M7,"yyyy年mm月dd日") -> 评估基准日：2020年03月31日
K4: 表4-2
A5: =基本信息输入表!K6&"："&基本信息输入表!M6 -> 被评估单位：山西华润昌裕煤业有限公司 | K5: 金额单位：人民币元
A6: 序号 | B6: 被投资单位名称 | C6: 投资类别 | D6: 投资日期 | E6: 到期日 | F6: 票面利率% | G6: 投资成本 | H6: 账面价值 | I6: 计提减值准备金额 | J6: 评估价值 | K6: 增值率% | L6: 备注
K7: =IF(H7-I7=0,"",(J7-H7+I7)/(H7-I7)*100) | M7: 唯一标识列
A8: =IF(B8="","",ROW()-7) | K8: =IF(H8-I8=0,"",(J8-H8+I8)/(H8-I8)*100) | M8: AE1
A9: =IF(B9="","",ROW()-7) | K9: =IF(H9-I9=0,"",(J9-H9+I9)/(H9-I9)*100) | M9: AE2
A10: =IF(B10="","",ROW()-7) | K10: =IF(H10-I10=0,"",(J10-H10+I10)/(H10-I10)*100) | M10: AE3
A11: =IF(B11="","",ROW()-7) | K11: =IF(H11-I11=0,"",(J11-H11+I11)/(H11-I11)*100) | M11: AE4
A12: =IF(B12="","",ROW()-7) | K12: =IF(H12-I12=0,"",(J12-H12+I12)/(H12-I12)*100) | M12: AE5
A13: =IF(B13="","",ROW()-7) | K13: =IF(H13-I13=0,"",(J13-H13+I13)/(H13-I13)*100) | M13: AE6
A14: =IF(B14="","",ROW()-7) | K14: =IF(H14-I14=0,"",(J14-H14+I14)/(H14-I14)*100) | M14: AE7
A15: =IF(B15="","",ROW()-7) | K15: =IF(H15-I15=0,"",(J15-H15+I15)/(H15-I15)*100) | M15: AE8
A16: =IF(B16="","",ROW()-7) | K16: =IF(H16-I16=0,"",(J16-H16+I16)/(H16-I16)*100) | M16: AE9
A17: =IF(B17="","",ROW()-7) | K17: =IF(H17-I17=0,"",(J17-H17+I17)/(H17-I17)*100) | M17: AE10
A18: =IF(B18="","",ROW()-7) | K18: =IF(H18-I18=0,"",(J18-H18+I18)/(H18-I18)*100) | M18: AE11
A19: =IF(B19="","",ROW()-7) | K19: =IF(H19-I19=0,"",(J19-H19+I19)/(H19-I19)*100) | M19: AE12
... A24: =IF(B24="","",ROW()-7) | K24: =IF(H24-I24=0,"",(J24-H24+I24)/(H24-I24)*100) | M24: AE17
A25: 持有至到期投资资产合计 | H25: =SUM(H7:H24) -> 0 | I25: =SUM(I7:I24) -> 0 | J25: =SUM(J7:J24) -> 0 | K25: =IF(H25-I25=0,"",(J25-H25+I25)/(H25-I25)*100)
A26: 减：持有至到期投资减值准备 | H26: =I25 -> 0 | K26: =IF(H26-I26=0,"",(J26-H26+I26)/(H26-I26)*100)
A27: 持有至到期投资资产净额 | H27: =H25-H26 -> 0 | J27: =J25 -> 0 | K27: =IF(H27-I27=0,"",(J27-H27+I27)/(H27-I27)*100)
A28: =基本信息输入表!$K$6&"填表人："&基本信息输入表!$M$47 -> 被评估单位填表人：阎丽红 | J28: ="评估人员："&基本信息输入表!$Q$47 -> 评估人员：孙艳平 | M28: 打印边界
A29: ="填表日期："&YEAR(基本信息输入表!$O$47)&"年"&MONTH(基本信息输入表!$O$47)&"月"&DAY(基本信息输入表!$O$47)&"日" -> 填表日期：2020年4月25日
L30: ·

Sheet 4-3长期应收
A1: 返回索引目录
A2: 长期应收款评估明细表
A3: ="评估基准日："&TEXT(基本信息输入表!M7,"yyyy年mm月dd日") -> 评估基准日：2020年03月31日
H4: 表4-3
A5: =基本信息输入表!K6&"："&基本信息输入表!M6 -> 被评估单位：山西华润昌裕煤业有限公司 | H5: 金额单位：人民币元
A6: 序号 | B6: 欠款单位名称（结算对象) | C6: 业务内容 | D6: 发生日期 | E6: 账面价值 | F6: 计提减值准备金额 | G6: 评估价值 | H6: 增值率% | I6: 备注
H7: =IF(E7-F7=0,"",(G7-E7+F7)/(E7-F7)*100) | J7: 唯一标识列
A8: =IF(B8="","",ROW()-7) | H8: =IF(E8-F8=0,"",(G8-E8+F8)/(E8-F8)*100) | J8: AF1
A9: =IF(B9="","",ROW()-7) | H9: =IF(E9-F9=0,"",(G9-E9+F9)/(E9-F9)*100) | J9: AF2
A10: =IF(B10="","",ROW()-7) | H10: =IF(E10-F10=0,"",(G10-E10+F10)/(E10-F10)*100) | J10: AF3
A11: =IF(B11="","",ROW()-7) | H11: =IF(E11-F11=0,"",(G11-E11+F11)/(E11-F11)*100) | J11: AF4
A12: =IF(B12="","",ROW()-7) | H12: =IF(E12-F12=0,"",(G12-E12+F12)/(E12-F12)*100) | J12: AF5
A13: =IF(B13="","",ROW()-7) | H13: =IF(E13-F13=0,"",(G13-E13+F13)/(E13-F13)*100) | J13: AF6
A14: =IF(B14="","",ROW()-7) | H14: =IF(E14-F14=0,"",(G14-E14+F14)/(E14-F14)*100) | J14: AF7
A15: =IF(B15="","",ROW()-7) | H15: =IF(E15-F15=0,"",(G15-E15+F15)/(E15-F15)*100) | J15: AF8
A16: =IF(B16="","",ROW()-7) | H16: =IF(E16-F16=0,"",(G16-E16+F16)/(E16-F16)*100) | J16: AF9
A17: =IF(B17="","",ROW()-7) | H17: =IF(E17-F17=0,"",(G17-E17+F17)/(E17-F17)*100) | J17: AF10
A18: =IF(B18="","",ROW()-7) | H18: =IF(E18-F18=0,"",(G18-E18+F18)/(E18-F18)*100) | J18: AF11
A19: =IF(B19="","",ROW()-7) | H19: =IF(E19-F19=0,"",(G19-E19+F19)/(E19-F19)*100) | J19: AF12
... A24: =IF(B24="","",ROW()-7) | H24: =IF(E24-F24=0,"",(G24-E24+F24)/(E24-F24)*100) | J24: AF17
A25: 长期应收款合计 | E25: =SUM(E7:E24) -> 0 | F25: =SUM(F7:F24) -> 0 | G25: =SUM(G7:G24) -> 0 | H25: =IF(E25-F25=0,"",(G25-E25+F25)/(E25-F25)*100)
A26: 减：长期应收款坏账准备 | E26: =F25 -> 0 | H26: =IF(E26-F26=0,"",(G26-E26+F26)/(E26-F26)*100)
A27: 长期应收款净额 | E27: =E25-E26 -> 0 | G27: =G25 -> 0 | H27: =IF(E27-F27=0,"",(G27-E27+F27)/(E27-F27)*100)
A28: =基本信息输入表!$K$6&"填表人："&基本信息输入表!$M$48 -> 被评估单位填表人：阎丽红 | G28: ="评估人员："&基本信息输入表!$Q$48 -> 评估人员：孙艳平 | J28: 打印边界
A29: ="填表日期："&YEAR(基本信息输入表!$O$48)&"年"&MONTH(基本信息输入表!$O$48)&"月"&DAY(基本信息输入表!$O$48)&"日" -> 填表日期：2020年4月25日

Sheet 4-4股权投资
A1: 返回索引目录
A2: 长期股权投资评估明细表
A3: ="评估基准日："&TEXT(基本信息输入表!M7,"yyyy年mm月dd日") -> 评估基准日：2020年03月31日
L4: 表4-4
A5: =基本信息输入表!K6&"："&基本信息输入表!M6 -> 被评估单位：山西华润昌裕煤业有限公司 | L5: 金额单位：人民币元
A6: 序号 | B6: 被投资单位名称 | C6: 投资日期 | D6: 协议投资期限 | E6: 持股比例（%） | F6: 是否控股 | G6: 核算方法 | H6: 投资成本 | I6: 账面价值 | J6: 计提减值准备金额 | K6: 评估价值 | L6: 增值率% | M6: 备注 | N6: 被投资单位100%股权评估结果 | O6: 唯一标识列 | P6: 打开评估（Y/N) | Q6: 公司代码
L7: =IF(I7-J7=0,"",(K7-I7+J7)/(I7-J7)*100)
A8: =IF(B8="","",ROW()-7) | L8: =IF(I8-J8=0,"",(K8-I8+J8)/(I8-J8)*100) | O8: AG1
A9: =IF(B9="","",ROW()-7) | L9: =IF(I9-J9=0,"",(K9-I9+J9)/(I9-J9)*100) | O9: AG2 | P9: Y
A10: =IF(B10="","",ROW()-7) | L10: =IF(I10-J10=0,"",(K10-I10+J10)/(I10-J10)*100) | O10: AG3
A11: =IF(B11="","",ROW()-7) | L11: =IF(I11-J11=0,"",(K11-I11+J11)/(I11-J11)*100) | O11: AG4
A12: =IF(B12="","",ROW()-7) | L12: =IF(I12-J12=0,"",(K12-I12+J12)/(I12-J12)*100) | O12: AG5 | P12: Y
A13: =IF(B13="","",ROW()-7) | L13: =IF(I13-J13=0,"",(K13-I13+J13)/(I13-J13)*100) | O13: AG6
A14: =IF(B14="","",ROW()-7) | L14: =IF(I14-J14=0,"",(K14-I14+J14)/(I14-J14)*100) | O14: AG7
A15: =IF(B15="","",ROW()-7) | L15: =IF(I15-J15=0,"",(K15-I15+J15)/(I15-J15)*100) | O15: AG8
A16: =IF(B16="","",ROW()-7) | L16: =IF(I16-J16=0,"",(K16-I16+J16)/(I16-J16)*100) | O16: AG9 | P16: Y
A17: =IF(B17="","",ROW()-7) | L17: =IF(I17-J17=0,"",(K17-I17+J17)/(I17-J17)*100) | O17: AG10
A18: =IF(B18="","",ROW()-7) | L18: =IF(I18-J18=0,"",(K18-I18+J18)/(I18-J18)*100) | O18: AG11
A19: =IF(B19="","",ROW()-7) | L19: =IF(I19-J19=0,"",(K19-I19+J19)/(I19-J19)*100) | O19: AG12
A20: =IF(B20="","",ROW()-7) | L20: =IF(I20-J20=0,"",(K20-I20+J20)/(I20-J20)*100) | O20: AG13
A21: =IF(B21="","",ROW()-7) | L21: =IF(I21-J21=0,"",(K21-I21+J21)/(I21-J21)*100) | O21: AG14
A22: =IF(B22="","",ROW()-7) | L22: =IF(I22-J22=0,"",(K22-I22+J22)/(I22-J22)*100) | O22: AG15
A23: =IF(B23="","",ROW()-7) | L23: =IF(I23-J23=0,"",(K23-I23+J23)/(I23-J23)*100) | O23: AG16 | P23: Y
A24: =IF(B24="","",ROW()-7) | L24: =IF(I24-J24=0,"",(K24-I24+J24)/(I24-J24)*100) | O24: AG17
A25: 长期股权投资合计 | I25: =SUM(I7:I24) -> 0 | J25: =SUM(J7:J24) -> 0 | K25: =SUM(K7:K24) -> 0
A26: 减：长期股权投资减值准备 | I26: =J25 -> 0
A27: 长期股权投资净额 | I27: =I25-I26 -> 0 | K27: =K25 -> 0 | L27: =IF(I27=0,"",(K27-I27)/I27*100)
A28: =基本信息输入表!$K$6&"填表人："&基本信息输入表!$M$49 -> 被评估单位填表人：阎丽红 | K28: ="评估人员："&基本信息输入表!$Q$49 -> 评估人员：孙艳平 | N28: <END>
A29: ="填表日期："&YEAR(基本信息输入表!$O$49)&"年"&MONTH(基本信息输入表!$O$49)&"月"&DAY(基本信息输入表!$O$49)&"日" -> 填表日期：2020年4月25日 | N29: 打印边界

Sheet 4-5投资性房地产汇总
A1: 返回索引目录
A2: 投资性房地产汇总表
A3: ="评估基准日："&TEXT(基本信息输入表!M7,"yyyy年mm月dd日") -> 评估基准日：2020年03月31日
G4: 表4-5
A5: =基本信息输入表!K6&"："&基本信息输入表!M6 -> 被评估单位：山西华润昌裕煤业有限公司 | G5: 金额单位：人民币元
A6: 编号 | B6: 科目名称 | C6: 账面价值 | D6: 计提减值准备金额 | E6: 评估价值 | F6: 增减值 | G6: 增值率%
A7: 4-5-1 | B7: 投资性房地产（成本计量） | C7: ='4-5-1投资性房地产（成本计量）'!S25 -> 0 | D7: ='4-5-1投资性房地产（成本计量）'!T25 -> 0 | E7: ='4-5-1投资性房地产（成本计量）'!W25 -> 0 | F7: =E7-C7 -> 0 | G7: =IF(C7=0,"",F7/C7*100)
A8: 4-5-2 | B8: 投资性房地产（公允计量） | C8: ='4-5-2投资性房地产（公允计量）'!S27 -> 0 | E8: ='4-5-2投资性房地产（公允计量）'!T27 -> 0 | F8: =E8-C8 -> 0 | G8: =IF(C8=0,"",F8/C8*100)
A9: 4-5-3 | B9: 投资性地产（成本计量） | C9: ='4-5-3投资性地产（成本计量）'!N31 -> 0 | D9: ='4-5-3投资性地产（成本计量）'!O31 -> 0 | E9: ='4-5-3投资性地产（成本计量）'!P31 -> 0 | F9: =E9-C9 -> 0 | G9: =IF(C9=0,"",F9/C9*100)
A10: 4-5-4 | B10: 投资性地产（公允计量） | C10: ='4-5-4投资性地产（公允计量）'!N27 -> 0 | E10: ='4-5-4投资性地产（公允计量）'!O27 -> 0 | F10: =E10-C10 -> 0
A25: 投资性房地产合计 | C25: =SUM(C7:C24) -> 0 | D25: =SUM(D7:D24) -> 0 | E25: =SUM(E7:E24) -> 0 | F25: =E25-C25 -> 0 | G25: =IF(C25=0,"",F25/C25*100)
A26: 减：投资性房地产减值准备 | C26: =D25 -> 0 | G26: =IF(C26=0,"",F26/C26*100)
A27: 投资性房地产净额 | C27: =C25-C26 -> 0 | E27: =E25-E26 -> 0 | F27: =E27-C27 -> 0 | G27: =IF(C27=0,"",F27/C27*100)
E28: ="评估人员："&基本信息输入表!$Q$50 -> 评估人员：孙艳平 | H28: 打印边界

Sheet 4-5-1投资性房地产（成本计量）
A1: 返回索引目录
A2: 投资性房地产——房屋评估明细表（采用成本模式计量）
A3: ="评估基准日："&TEXT(基本信息输入表!M7,"yyyy年mm月dd日") -> 评估基准日：2020年03月31日
X4: 表4-5-1
A5: =基本信息输入表!K6&"："&基本信息输入表!M6 -> 被评估单位：山西华润昌裕煤业有限公司 | X5: 金额单位：人民币元
A6: 序号 | B6: 房屋对应宗地信息 | H6: 房产证号 | I6: 房产证载权利人 | J6: 房屋名称 | K6: 来源（外购、自建、自用转入、存货转入等） | L6: 房产用途 | M6: 结构 | N6: 建成 年月 | O6: 计量单位 | P6: 建筑面积 （m2） | Q6: 成本单价 (元/m2) | R6: 账面价值 | T6: 计提减值准备金额 | U6: 评估价值 | X6: 增值率% | Y6: 评估单价 (元/m2) | Z6: 备注
B7: 对应土地证号 | C7: 对应宗地名称 | D7: 宗地开发程度 | E7: 宗地位置 | F7: 宗地用途 | G7: 用地性质 | R7: 原值 | S7: 净值 | U7: 原值 | V7: 成新率% | W7: 净值 | AA7: 唯一标识列
A8: =IF(J8="","",ROW()-7) | X8: =IF(S8-T8=0,"",(W8-S8+T8)/(S8-T8)*100) | Y8: =IF(P8=0,"",U8/P8) | AA8: AH1
A9: =IF(J9="","",ROW()-7) | X9: =IF(S9-T9=0,"",(W9-S9+T9)/(S9-T9)*100) | Y9: =IF(P9=0,"",U9/P9) | AA9: AH2
A10: =IF(J10="","",ROW()-7) | X10: =IF(S10-T10=0,"",(W10-S10+T10)/(S10-T10)*100) | Y10: =IF(P10=0,"",U10/P10) | AA10: AH3
A11: =IF(J11="","",ROW()-7) | X11: =IF(S11-T11=0,"",(W11-S11+T11)/(S11-T11)*100) | Y11: =IF(P11=0,"",U11/P11) | AA11: AH4
A12: =IF(J12="","",ROW()-7) | X12: =IF(S12-T12=0,"",(W12-S12+T12)/(S12-T12)*100) | Y12: =IF(P12=0,"",U12/P12) | AA12: AH5
A13: =IF(J13="","",ROW()-7) | X13: =IF(S13-T13=0,"",(W13-S13+T13)/(S13-T13)*100) | Y13: =IF(P13=0,"",U13/P13) | AA13: AH6
A14: =IF(J14="","",ROW()-7) | X14: =IF(S14-T14=0,"",(W14-S14+T14)/(S14-T14)*100) | Y14: =IF(P14=0,"",U14/P14) | AA14: AH7
A15: =IF(J15="","",ROW()-7) | X15: =IF(S15-T15=0,"",(W15-S15+T15)/(S15-T15)*100) | Y15: =IF(P15=0,"",U15/P15) | AA15: AH8
A16: =IF(J16="","",ROW()-7) | X16: =IF(S16-T16=0,"",(W16-S16+T16)/(S16-T16)*100) | Y16: =IF(P16=0,"",U16/P16) | AA16: AH9
A17: =IF(J17="","",ROW()-7) | X17: =IF(S17-T17=0,"",(W17-S17+T17)/(S17-T17)*100) | Y17: =IF(P17=0,"",U17/P17) | AA17: AH10
A18: =IF(J18="","",ROW()-7) | X18: =IF(S18-T18=0,"",(W18-S18+T18)/(S18-T18)*100) | Y18: =IF(P18=0,"",U18/P18) | AA18: AH11
A19: =IF(J19="","",ROW()-7) | X19: =IF(S19-T19=0,"",(W19-S19+T19)/(S19-T19)*100) | Y19: =IF(P19=0,"",U19/P19) | AA19: AH12
... A24: =IF(J24="","",ROW()-7) | X24: =IF(S24-T24=0,"",(W24-S24+T24)/(S24-T24)*100) | Y24: =IF(P24=0,"",U24/P24) | AA24: AH17
A25: 投资性房地产－房屋合计 | R25: =SUM(R8:R24) -> 0 | S25: =SUM(S8:S24) -> 0 | T25: =SUM(T8:T24) -> 0 | U25: =SUM(U8:U24) -> 0 | W25: =SUM(W8:W24) -> 0 | X25: =IF(S25-T25=0,"",(W25-S25+T25)/(S25-T25)*100) | Y25: =IF(P25=0,"",U25/P25)
A26: 减：投资性房地产减值准备 | S26: =T25 -> 0 | Y26: =IF(P26=0,"",U26/P26)
A27: 投资性房地产－房屋净额 | R27: =R25-R26 -> 0 | S27: =S25-S26 -> 0 | U27: =U25 -> 0 | W27: =W25 -> 0 | X27: =IF(S27=0,"",(W27-S27)/S27*100) | Y27: =IF(P27=0,"",U27/P27)
A28: =基本信息输入表!$K$6&"填表人："&基本信息输入表!$M$51 -> 被评估单位填表人：阎丽红 | X28: ="评估人员："&基本信息输入表!$Q$51 -> 评估人员：孙艳平 | AA28: 打印边界
A29: ="填表日期："&YEAR(基本信息输入表!$O$51)&"年"&MONTH(基本信息输入表!$O$51)&"月"&DAY(基本信息输入表!$O$51)&"日" -> 填表日期：2020年4月25日

Sheet 4-5-2投资性房地产（公允计量）
A1: 返回索引目录
A2: 投资性房地产——房屋评估明细表（采用公允价值模式计量）
A3: ="评估基准日："&TEXT(基本信息输入表!M7,"yyyy年mm月dd日") -> 评估基准日：2020年03月31日
V4: 表4-5-2
A5: =基本信息输入表!K6&"："&基本信息输入表!M6 -> 被评估单位：山西华润昌裕煤业有限公司 | V5: 金额单位：人民币元
A6: 序号 | B6: 房屋对应宗地信息 | H6: 房产证号 | I6: 房产证载权利人 | J6: 房屋名称 | K6: 来源（外购、自建、自用转入、存货转入等） | L6: 房产用途 | M6: 结构 | N6: 建成 年月 | O6: 计量单位 | P6: 建筑面积 （m2） | Q6: 成本单价 (元/m2) | R6: 原始入账价值 （转入日公允价值） | S6: 账面价值 | T6: 评估价值 | U6: 增值率% | V6: 备注
B7: 对应土地证号 | C7: 对应宗地名称 | D7: 宗地开发程度 | E7: 宗地位置 | F7: 宗地用途 | G7: 用地性质 | W7: 唯一标识列
A8: =IF(J8="","",ROW()-7) | U8: =IF(S8=0,"",(T8-S8)/S8*100) | W8: AI1
A9: =IF(J9="","",ROW()-7) | U9: =IF(S9=0,"",(T9-S9)/S9*100) | W9: AI2
A10: =IF(J10="","",ROW()-7) | U10: =IF(S10=0,"",(T10-S10)/S10*100) | W10: AI3
A11: =IF(J11="","",ROW()-7) | U11: =IF(S11=0,"",(T11-S11)/S11*100) | W11: AI4
A12: =IF(J12="","",ROW()-7) | U12: =IF(S12=0,"",(T12-S12)/S12*100) | W12: AI5
W13: AI6
A14: =IF(J14="","",ROW()-7) | U14: =IF(S14=0,"",(T14-S14)/S14*100) | W14: AI7
A15: =IF(J15="","",ROW()-7) | U15: =IF(S15=0,"",(T15-S15)/S15*100) | W15: AI8
A16: =IF(J16="","",ROW()-7) | U16: =IF(S16=0,"",(T16-S16)/S16*100) | W16: AI9
A17: =IF(J17="","",ROW()-7) | U17: =IF(S17=0,"",(T17-S17)/S17*100) | W17: AI10
A18: =IF(J18="","",ROW()-7) | U18: =IF(S18=0,"",(T18-S18)/S18*100) | W18: AI11
A19: =IF(J19="","",ROW()-7) | U19: =IF(S19=0,"",(T19-S19)/S19*100) | W19: AI12
A20: =IF(J20="","",ROW()-7) | U20: =IF(S20=0,"",(T20-S20)/S20*100) | W20: AI13
A21: =IF(J21="","",ROW()-7) | U21: =IF(S21=0,"",(T21-S21)/S21*100) | W21: AI14
A22: =IF(J22="","",ROW()-7) | U22: =IF(S22=0,"",(T22-S22)/S22*100) | W22: AI15
A23: =IF(J23="","",ROW()-7) | U23: =IF(S23=0,"",(T23-S23)/S23*100) | W23: AI16
A24: =IF(J24="","",ROW()-7) | U24: =IF(S24=0,"",(T24-S24)/S24*100) | W24: AI17
A25: =IF(J25="","",ROW()-7) | U25: =IF(S25=0,"",(T25-S25)/S25*100) | W25: AI18
A26: =IF(J26="","",ROW()-7) | U26: =IF(S26=0,"",(T26-S26)/S26*100) | W26: AI19
A27: 合 计 | S27: =SUM(S7:S26) -> 0 | T27: =SUM(T7:T26) -> 0 | U27: =IF(S27=0,"",(T27-S27)/S27*100)
A28: =基本信息输入表!$K$6&"填表人："&基本信息输入表!$M$52 -> 被评估单位填表人：阎丽红 | T28: ="评估人员："&基本信息输入表!$Q$52 -> 评估人员：孙艳平 | W28: 打印边界
A29: ="填表日期："&YEAR(基本信息输入表!$O$52)&"年"&MONTH(基本信息输入表!$O$52)&"月"&DAY(基本信息输入表!$O$52)&"日" -> 填表日期：2020年4月25日

Sheet 4-5-3投资性地产（成本计量）
A1: 返回索引目录
A2: 投资性房地产——土地使用权评估明细表（采用成本模式计量）
A3: ="评估基准日："&TEXT(基本信息输入表!M7,"yyyy年mm月dd日") -> 评估基准日：2020年03月31日
Q4: 表4-5-3
A5: =基本信息输入表!K6&"："&基本信息输入表!M6 -> 被评估单位：山西华润昌裕煤业有限公司 | R5: 金额单位：人民币元
A6: 序号 | B6: 土地权证编号 | C6: 宗地名称 | D6: 来源（外购、自建、自用转入、存货转入等） | E6: 是否空地 | F6: 土地位置 | G6: 取得日期 | H6: 用地性质 | I6: 土地用途 | J6: 准用年限 | K6: 开发程度 | L6: 面积(m2) | M6: 原始入账价值 | N6: 账面价值 | O6: 计提减值准备金额 | P6: 评估价值 | Q6: 增值率% | R6: 备注
S7: 唯一标识列
A8: =IF(C8="","",ROW()-7) | Q8: =IF(N8-O8=0,"",(P8-N8+O8)/(N8-O8)*100) | S8: AJ1
A9: =IF(C9="","",ROW()-7) | Q9: =IF(N9-O9=0,"",(P9-N9+O9)/(N9-O9)*100) | S9: AJ2
A10: =IF(C10="","",ROW()-7) | Q10: =IF(N10-O10=0,"",(P10-N10+O10)/(N10-O10)*100) | S10: AJ3
A11: =IF(C11="","",ROW()-7) | Q11: =IF(N11-O11=0,"",(P11-N11+O11)/(N11-O11)*100) | S11: AJ4
A12: =IF(C12="","",ROW()-7) | Q12: =IF(N12-O12=0,"",(P12-N12+O12)/(N12-O12)*100) | S12: AJ5
A13: =IF(C13="","",ROW()-7) | Q13: =IF(N13-O13=0,"",(P13-N13+O13)/(N13-O13)*100) | S13: AJ6
A14: =IF(C14="","",ROW()-7) | Q14: =IF(N14-O14=0,"",(P14-N14+O14)/(N14-O14)*100) | S14: AJ7
A15: =IF(C15="","",ROW()-7) | Q15: =IF(N15-O15=0,"",(P15-N15+O15)/(N15-O15)*100) | S15: AJ8
A16: =IF(C16="","",ROW()-7) | Q16: =IF(N16-O16=0,"",(P16-N16+O16)/(N16-O16)*100) | S16: AJ9
A17: =IF(C17="","",ROW()-7) | Q17: =IF(N17-O17=0,"",(P17-N17+O17)/(N17-O17)*100) | S17: AJ10
A18: =IF(C18="","",ROW()-7) | Q18: =IF(N18-O18=0,"",(P18-N18+O18)/(N18-O18)*100) | S18: AJ11
A19: =IF(C19="","",ROW()-7) | Q19: =IF(N19-O19=0,"",(P19-N19+O19)/(N19-O19)*100) | S19: AJ12
... A30: =IF(C30="","",ROW()-7) | Q30: =IF(N30-O30=0,"",(P30-N30+O30)/(N30-O30)*100) | S30: AJ23
A31: 投资性地产合计 | N31: =SUM(N8:N30) -> 0 | O31: =SUM(O8:O30) -> 0 | P31: =SUM(P8:P30) -> 0 | Q31: =IF(N31-O31=0,"",(P31-N31+O31)/(N31-O31)*100)
A32: 减：投资性房地产减值准备 | N32: =O31 -> 0
A33: 投资性地产净额 | N33: =N31-N32 -> 0 | P33: =P31-P32 -> 0 | Q33: =IF(N33-O33=0,"",(P33-N33+O33)/(N33-O33)*100)
A34: =基本信息输入表!$K$6&"填表人："&基本信息输入表!$M$53 -> 被评估单位填表人：阎丽红 | P34: ="评估人员："&基本信息输入表!$Q$53 -> 评估人员：孙艳平 | S34: 打印边界
A35: ="填表日期："&YEAR(基本信息输入表!$O$53)&"年"&MONTH(基本信息输入表!$O$53)&"月"&DAY(基本信息输入表!$O$53)&"日" -> 填表日期：2020年4月25日

Sheet 4-5-4投资性地产（公允计量）
A1: 返回索引目录
A2: 投资性房地产——土地使用权评估明细表（采用公允价值模式计量）
A3: ="评估基准日："&TEXT(基本信息输入表!M7,"yyyy年mm月dd日") -> 评估基准日：2020年03月31日
Q4: 表4-5-4
A5: =基本信息输入表!K6&"："&基本信息输入表!M6 -> 被评估单位：山西华润昌裕煤业有限公司 | Q5: 金额单位：人民币元
A6: 序号 | B6: 土地权证编号 | C6: 宗地名称 | D6: 来源（外购、自建、自用转入、存货转入等） | E6: 是否空地 | F6: 土地位置 | G6: 取得日期 | H6: 用地性质 | I6: 土地用途 | J6: 准用年限 | K6: 开发程度 | L6: 面积 (m2) | M6: 原始入账价值 （转入日公允价值） | N6: 账面价值 | O6: 评估价值 | P6: 增值率% | Q6: 备注 | R6: 唯一标识列
A7: =IF(C7="","",ROW()-6) | P7: =IF(N7=0,"",(O7-N7)/N7*100) | R7: AK1
A8: =IF(C8="","",ROW()-6) | P8: =IF(N8=0,"",(O8-N8)/N8*100) | R8: AK2
A9: =IF(C9="","",ROW()-6) | P9: =IF(N9=0,"",(O9-N9)/N9*100) | R9: AK3
A10: =IF(C10="","",ROW()-6) | P10: =IF(N10=0,"",(O10-N10)/N10*100) | R10: AK4
A11: =IF(C11="","",ROW()-6) | P11: =IF(N11=0,"",(O11-N11)/N11*100) | R11: AK5
A12: =IF(C12="","",ROW()-6) | P12: =IF(N12=0,"",(O12-N12)/N12*100) | R12: AK6
A13: =IF(C13="","",ROW()-6) | P13: =IF(N13=0,"",(O13-N13)/N13*100) | R13: AK7
A14: =IF(C14="","",ROW()-6) | P14: =IF(N14=0,"",(O14-N14)/N14*100) | R14: AK8
A15: =IF(C15="","",ROW()-6) | P15: =IF(N15=0,"",(O15-N15)/N15*100) | R15: AK9
A16: =IF(C16="","",ROW()-6) | P16: =IF(N16=0,"",(O16-N16)/N16*100) | R16: AK10
A17: =IF(C17="","",ROW()-6) | P17: =IF(N17=0,"",(O17-N17)/N17*100) | R17: AK11
A18: =IF(C18="","",ROW()-6) | P18: =IF(N18=0,"",(O18-N18)/N18*100) | R18: AK12
... A26: =IF(C26="","",ROW()-6) | P26: =IF(N26=0,"",(O26-N26)/N26*100) | R26: AK20
A27: 合 计 | N27: =SUM(N7:N26) -> 0 | O27: =SUM(O7:O26) -> 0 | P27: =IF(N27=0,"",(O27-N27)/N27*100)
A28: =基本信息输入表!$K$6&"填表人："&基本信息输入表!$M$54 -> 被评估单位填表人：阎丽红 | O28: ="评估人员："&基本信息输入表!$Q$54 -> 评估人员：孙艳平 | R28: 打印边界
A29: ="填表日期："&YEAR(基本信息输入表!$O$54)&"年"&MONTH(基本信息输入表!$O$54)&"月"&DAY(基本信息输入表!$O$54)&"日" -> 填表日期：2020年4月25日

Sheet 4-6固定资产汇总
A1: 固定资产汇总表
A2: 评估基准日：2020年03月31日
I3: 表4-6
A4: 产权持有单位：山西华润昌裕煤业有限公司 | H4: 金额单位：人民币元
A5: 编号 | B5: 科目名称 | C5: 账面价值 | E5: 计提减值准备金额 | F5: 评估价值 | H5: 增值额 | J5: 增值率%
C6: 原值 | D6: 净值 | F6: 原值 | G6: 净值 | H6: 原值 | I6: 净值 | J6: 原值 | K6: 净值
B7: 房屋建筑物类合计 | C7: 303504 | D7: 221313.36 | E7: 0 | F7: 52946400 | G7: 23189353 | H7: 52642896 | I7: 22968040 | J7: 17345.042 | K7: 10378.063
A8: 4-6-1 | B8: 固定资产-房屋建筑物 | C8: 303504 | D8: 221313.36 | E8: 0 | F8: 214900 | G8: 64470 | H8: -88604 | I8: -156843.36 | J8: -29.193684 | K8: -70.869359
A9: 4-6-2 | B9: 固定资产-构筑物及其他辅助设施 | C9: 0 | D9: 0 | E9: 0 | F9: 0 | G9: 0 | H9: 0 | I9: 0
A10: 4-6-3 | B10: 固定资产-管道及沟槽 | C10: 0 | D10: 0 | E10: 0 | F10: 0 | G10: 0 | H10: 0 | I10: 0
A11: 4-6-4 | B11: 固定资产-井巷工程 | C11: 0 | D11: 0 | E11: 0 | F11: 52731500 | G11: 23124883 | H11: 52731500 | I11: 23124883
B13: 设备类合计 | C13: 12924057 | D13: 3782433.9 | E13: 2626357.9 | F13: 4547580 | G13: 2331228 | H13: -8376477.2 | I13: 1175152 | J13: -64.813062 | K13: 101.65007
A14: 4-6-5 | B14: 固定资产-机器设备 | C14: 7827915.5 | D14: 3765180.4 | E14: 2626357.9 | F14: 4181890 | G14: 1969108 | H14: -3646025.5 | I14: 830285.52 | J14: -46.577221 | K14: 72.90737
A15: 4-6-6 | B15: 固定资产-车辆 | C15: 4021286.4 | D15: 17253.51 | E15: 0 | F15: 344600 | G15: 344600 | H15: -3676686.4 | I15: 327346.49 | J15: -91.430603 | K15: 1897.2748
A16: 4-6-7 | B16: 固定资产-电子设备 | C16: 1074855.2 | D16: 0 | E16: 0 | F16: 21090 | G16: 17520 | H16: -1053765.2 | I16: 17520 | J16: -98.037875
A18: 4-6-8 | B18: 固定资产—土地 | D18: 0 | F18: 0 | G18: 0 | H18: 0 | I18: 0
A19: 4-6-9 | B19: 固定资产—船舶 | C19: 0 | D19: 0 | E19: 0 | F19: 0 | G19: 0 | H19: 0 | I19: 0
A21: 固定资产合计 | C21: 13227561 | D21: 4003747.3 | E21: 2626357.9 | F21: 57493980 | G21: 25520581 | H21: 44266419 | I21: 24143192 | J21: 334.65291 | K21: 1752.8226
A22: 减：固定资产减值准备 | D22: 2626357.9 | H22: 0 | I22: -2626357.9 | K22: -100
A23: 固定资产净额 | C23: 13227561 | D23: 1377389.4 | F23: 57493980 | G23: 25520581 | H23: 44266419 | I23: 24143192 | J23: 334.65291 | K23: 1752.8226
D24: 1156076

Sheet 4-6-1房屋建筑物
A1: 固定资产—房屋建筑物明细表
A2: 评估基准日：2020年03月31日
AB3: 表4-6-1
A4: 产权持有单位：山西华润昌裕煤业有限公司 | AC4: 金额单位：人民币元
A5: 序号 | B5: 资产编号 | C5: 宗地编号 | D5: 所占宗地情况 | F5: 对应土地证号 | G5: 房产证号 | H5: 房产证载权利人 | I5: 建筑物名称 | J5: 用途 | K5: 详细地址 | L5: 结构 | M5: 檐高(米) | N5: 层数 | O5: 层高 | P5: 资产状况 | Q5: 建筑面积 (m2) | R5: 建成 年月 | S5: 成本单价 (元/m2) | T5: 折旧年限 | U5: 账面价值 | W5: 计提减值准备金额 | X5: 评估价值 | AA5: 增值率% | AB5: 评估单价 (元/m2) | AC5: 备注
D6: 宗地面积 | E6: 宗地性质 | U6: 原值 | V6: 净值 | X6: 原值 | Y6: 成新率% | Z6: 净值
A7: 1 | B7: 8533444 | I7: 彩钢房澡堂 | J7: 非生产用房 | K7: 昌裕矿区 | L7: 简易结构 | M7: 3.5 | N7: 1 | O7: 3.5 | P7: 闲置 | Q7: 12 | R7: 41364 | S7: 439.25 | T7: 20 | U7: 5271 | V7: 4480.36 | X7: 8300 | Y7: 30 | Z7: 2490 | AA7: -44.424109 | AB7: 691.66667
A8: 2 | B8: 8533445 | I8: 彩钢房老大房 | J8: 生产用房 | K8: 昌裕矿区 | L8: 简易结构 | M8: 3.5 | N8: 1 | O8: 3.5 | P8: 闲置 | Q8: 20 | R8: 41364 | S8: 737.3 | T8: 20 | U8: 14746 | V8: 12534.11 | X8: 12800 | Y8: 30 | Z8: 3840 | AA8: -69.363601 | AB8: 640
A9: 3 | B9: 8533446 | I9: 彩钢房 | J9: 生产用房 | K9: 昌裕矿区 | L9: 简易结构 | M9: 2.5 | N9: 1 | O9: 2.5 | P9: 闲置 | Q9: 90 | R9: 41364 | S9: 500.4 | T9: 20 | U9: 45036 | V9: 38280.6 | X9: 57400 | Y9: 30 | Z9: 17220 | AA9: -55.016379 | AB9: 637.77778
A10: 4 | B10: 8533447 | I10: 塑料大棚 | J10: 生产用房 | K10: 昌裕矿区 | L10: 简易结构 | M10: 3.5 | N10: 1 | O10: 3.5 | P10: 闲置 | Q10: 200 | R10: 41364 | S10: 766.575 | T10: 8 | U10: 153315 | V10: 95821.89 | X10: 127500 | Y10: 30 | Z10: 38250 | AA10: -60.08219 | AB10: 637.5
A11: 5 | B11: 8533448 | I11: 主斜井绞车房 | J11: 生产用房 | K11: 昌裕矿区 | L11: 简易结构 | M11: 3.5 | N11: 1 | O11: 3.5 | P11: 废弃 | Q11: 20 | R11: 41364 | S11: 1717.7 | T11: 20 | U11: 34354 | V11: 29200.91 | AA11: -100 | AB11: 0 | AC11: 属于临时设施，建成永久设施后废弃闲置，已无利用价值
A12: 6 | B12: 8533449 | I12: 主斜井空压机房（棚） | J12: 生产用房 | K12: 昌裕矿区 | L12: 简易结构 | M12: 2 | N12: 1 | O12: 2 | P12: 废弃 | Q12: 10 | R12: 41364 | S12: 657.4 | T12: 8 | U12: 6574 | V12: 4108.75 | AA12: -100 | AB12: 0
A13: 7 | B13: 8533450 | I13: 主井临时检身房 | J13: 非生产用房 | K13: 昌裕矿区 | L13: 简易结构 | M13: 2.4 | N13: 1 | O13: 2.4 | P13: 在用 | Q13: 14 | R13: 41364 | S13: 342.07143 | T13: 20 | U13: 4789 | V13: 4070.67 | X13: 8900 | Y13: 30 | Z13: 2670 | AA13: -34.408832 | AB13: 635.71429
A14: 8 | B14: 8533451 | I14: 回风立井配电室 | J14: 生产用房 | K14: 昌裕矿区 | L14: 简易结构 | M14: 3 | N14: 1 | O14: 3 | P14: 废弃 | Q14: 9 | R14: 41364 | S14: 460.44444 | T14: 20 | U14: 4144 | V14: 3522.39 | AA14: -100 | AB14: 0 | AC14: 现场已破损严重，无法使用
A15: 9 | B15: 8533452 | I15: 回风立井绞车房 | J15: 生产用房 | K15: 昌裕矿区 | L15: 简易结构 | M15: 7 | N15: 1 | O15: 7 | P15: 废弃 | Q15: 42 | R15: 41364 | S15: 766.85714 | T15: 20 | U15: 32208 | V15: 27376.8 | AA15: -100 | AB15: 0
A16: 10 | B16: 8533453 | I16: 回风立井发电机房 | J16: 生产用房 | K16: 昌裕矿区 | L16: 简易结构 | M16: 3 | N16: 1 | O16: 1 | P16: 废弃 | Q16: 9 | R16: 41364 | S16: 340.77778 | T16: 8 | U16: 3067 | V16: 1916.88 | AA16: -100 | AB16: 0
A24: 房屋建筑物合计 | Q24: 426 | U24: 303504 | V24: 221313.36 | W24: 0 | X24: 214900 | Z24: 64470 | AA24: -70.869359
A25: 减：房屋建筑物减值准备 | V25: 0
A26: 房屋建筑物净额 | Q26: 426 | U26: 303504 | V26: 221313.36 | X26: 214900 | Z26: 64470 | AA26: -70.869359
A27: 填表日期：2020年4月25日

Sheet 4-6-2构筑物
A1: 返回索引目录
A2: 固定资产—构筑物及其他辅助设施评估明细表
A3: ="评估基准日："&TEXT(基本信息输入表!M7,"yyyy年mm月dd日") -> 评估基准日：2020年03月31日
R4: 表4-6-2
A5: =基本信息输入表!K6&"："&基本信息输入表!M6 -> 被评估单位：山西华润昌裕煤业有限公司 | Q5: 金额单位：人民币元
A6: 序号 | B6: 资产编号 | C6: 名称 | D6: 详细地址 | E6: 材质或结构 | F6: 规格尺寸 | G6: 计量单位 | H6: 数量 | I6: 资产状况 | J6: 建成年月 | K6: 折旧年限 | L6: 账面价值 | N6: 计提减值准备金额 | O6: 评估价值 | R6: 增值率% | S6: 评估单价(元/m2) | T6: 备注
L7: 原值 | M7: 净值 | O7: 原值 | P7: 成新率% | Q7: 净值 | U7: 唯一标识列
A8: =IF(C8="","",ROW()-7) | R8: =IF(M8-N8=0,"",(Q8-M8+N8)/(M8-N8)*100) | U8: AM1
A9: =IF(C9="","",ROW()-7) | R9: =IF(M9-N9=0,"",(Q9-M9+N9)/(M9-N9)*100) | U9: AM2
A10: =IF(C10="","",ROW()-7) | R10: =IF(M10-N10=0,"",(Q10-M10+N10)/(M10-N10)*100) | U10: AM3
A11: =IF(C11="","",ROW()-7) | R11: =IF(M11-N11=0,"",(Q11-M11+N11)/(M11-N11)*100) | U11: AM4
A12: =IF(C12="","",ROW()-7) | R12: =IF(M12-N12=0,"",(Q12-M12+N12)/(M12-N12)*100) | U12: AM5
A13: =IF(C13="","",ROW()-7) | R13: =IF(M13-N13=0,"",(Q13-M13+N13)/(M13-N13)*100) | U13: AM6
A14: =IF(C14="","",ROW()-7) | R14: =IF(M14-N14=0,"",(Q14-M14+N14)/(M14-N14)*100) | U14: AM7
A15: =IF(C15="","",ROW()-7) | R15: =IF(M15-N15=0,"",(Q15-M15+N15)/(M15-N15)*100) | U15: AM8
A16: =IF(C16="","",ROW()-7) | R16: =IF(M16-N16=0,"",(Q16-M16+N16)/(M16-N16)*100) | U16: AM9
A17: =IF(C17="","",ROW()-7) | R17: =IF(M17-N17=0,"",(Q17-M17+N17)/(M17-N17)*100) | U17: AM10
A18: =IF(C18="","",ROW()-7) | R18: =IF(M18-N18=0,"",(Q18-M18+N18)/(M18-N18)*100) | U18: AM11
A19: =IF(C19="","",ROW()-7) | R19: =IF(M19-N19=0,"",(Q19-M19+N19)/(M19-N19)*100) | U19: AM12
... A24: =IF(C24="","",ROW()-7) | R24: =IF(M24-N24=0,"",(Q24-M24+N24)/(M24-N24)*100) | U24: AM17
A25: 构筑物合计 | L25: =SUM(L8:L24) -> 0 | M25: =SUM(M8:M24) -> 0 | N25: =SUM(N8:N24) -> 0 | O25: =SUM(O8:O24) -> 0 | Q25: =SUM(Q8:Q24) -> 0 | R25: =IF(M25-N25=0,"",(Q25-M25+N25)/(M25-N25)*100)
A26: 减：构筑物及其他辅助设施减值准备 | M26: =N25 -> 0
A27: 构筑物净额 | L27: =L25-L26 -> 0 | M27: =M25-M26 -> 0 | O27: =O25 -> 0 | Q27: =Q25 -> 0 | R27: =IF(M27=0,"",(Q27-M27)/M27*100)
A28: =基本信息输入表!$K$6&"填表人："&基本信息输入表!$M$57 -> 被评估单位填表人：阎丽红 | Q28: ="评估人员："&基本信息输入表!$Q$57 -> 评估人员：孙艳平 | U28: 打印边界
A29: ="填表日期："&YEAR(基本信息输入表!$O$57)&"年"&MONTH(基本信息输入表!$O$57)&"月"&DAY(基本信息输入表!$O$57)&"日" -> 填表日期：2020年4月25日

Sheet 4-6-3管道沟槽
A1: 返回索引目录
A2: 固定资产—管道和沟槽评估明细表
A3: ="评估基准日："&TEXT(基本信息输入表!M7,"yyyy年mm月dd日") -> 评估基准日：2020年03月31日
T4: 表4-6-3
A5: =基本信息输入表!K6&"："&基本信息输入表!M6 -> 被评估单位：山西华润昌裕煤业有限公司 | T5: 金额单位：人民币元
A6: 序号 | B6: 资产编号 | C6: 名称 | D6: 起讫地址 | E6: 长度 (m) | F6: 漕深 (m) | G6: 沟宽*沟厚(mm*mm) 管径*壁厚(mm*mm) | H6: 材质 | I6: 绝缘方式 | J6: 资产状态 | K6: 建成年月 | L6: 折旧年限 | M6: 账面价值 | O6: 计提减值准备金额 | P6: 评估价值 | S6: 增值率% | T6: 备注
M7: 原值 | N7: 净值 | P7: 原值 | Q7: 成新率% | R7: 净值 | U7: 唯一标识列
A8: =IF(C8="","",ROW()-7) | S8: =IF(N8-O8=0,"",(R8-N8+O8)/(N8-O8)*100) | U8: AN1
A9: =IF(C9="","",ROW()-7) | S9: =IF(N9-O9=0,"",(R9-N9+O9)/(N9-O9)*100) | U9: AN2
A10: =IF(C10="","",ROW()-7) | S10: =IF(N10-O10=0,"",(R10-N10+O10)/(N10-O10)*100) | U10: AN3
A11: =IF(C11="","",ROW()-7) | S11: =IF(N11-O11=0,"",(R11-N11+O11)/(N11-O11)*100) | U11: AN4
A12: =IF(C12="","",ROW()-7) | S12: =IF(N12-O12=0,"",(R12-N12+O12)/(N12-O12)*100) | U12: AN5
A13: =IF(C13="","",ROW()-7) | S13: =IF(N13-O13=0,"",(R13-N13+O13)/(N13-O13)*100) | U13: AN6
A14: =IF(C14="","",ROW()-7) | S14: =IF(N14-O14=0,"",(R14-N14+O14)/(N14-O14)*100) | U14: AN7
A15: =IF(C15="","",ROW()-7) | S15: =IF(N15-O15=0,"",(R15-N15+O15)/(N15-O15)*100) | U15: AN8
A16: =IF(C16="","",ROW()-7) | S16: =IF(N16-O16=0,"",(R16-N16+O16)/(N16-O16)*100) | U16: AN9
A17: =IF(C17="","",ROW()-7) | S17: =IF(N17-O17=0,"",(R17-N17+O17)/(N17-O17)*100) | U17: AN10
A18: =IF(C18="","",ROW()-7) | S18: =IF(N18-O18=0,"",(R18-N18+O18)/(N18-O18)*100) | U18: AN11
A19: =IF(C19="","",ROW()-7) | S19: =IF(N19-O19=0,"",(R19-N19+O19)/(N19-O19)*100) | U19: AN12
... A24: =IF(C24="","",ROW()-7) | S24: =IF(N24-O24=0,"",(R24-N24+O24)/(N24-O24)*100) | U24: AN17
A25: 管道沟槽合计 | M25: =SUM(M8:M24) -> 0 | N25: =SUM(N8:N24) -> 0 | O25: =SUM(O8:O24) -> 0 | P25: =SUM(P8:P24) -> 0 | R25: =SUM(R8:R24) -> 0 | S25: =IF(N25-O25=0,"",(R25-N25+O25)/(N25-O25)*100)
A26: 减：管道和沟槽减值准备 | N26: =O25 -> 0
A27: 管道沟槽净额 | M27: =M25-M26 -> 0 | N27: =N25-N26 -> 0 | P27: =P25 -> 0 | R27: =R25 -> 0 | S27: =IF(N27=0,"",(R27-N27)/N27*100)
A28: =基本信息输入表!$K$6&"填表人："&基本信息输入表!$M$58 -> 被评估单位填表人：阎丽红 | R28: ="评估人员："&基本信息输入表!$Q$58 -> 评估人员：孙艳平 | U28: 打印边界
A29: ="填表日期："&YEAR(基本信息输入表!$O$58)&"年"&MONTH(基本信息输入表!$O$58)&"月"&DAY(基本信息输入表!$O$58)&"日" -> 填表日期：2020年4月25日

Sheet 4-6-4井巷工程
A2: 固定资产——井巷工程明细表
A3: 评估基准日：2020年03月31日
Z4: 表4-6-4
A5: 产权持有单位：山西华润昌裕煤业有限公司 | Z5: 金额单位：人民币元
A6: 序号 | B6: 资产编号 | C6: 井巷工程名称 | D6: 岩石硬度系数 | E6: 支护 | F6: 锚杆长度 (M) | G6: 锚杆数量 （根/M） | H6: 轨型 (KG/M) | I6: 轨距 (MM) | J6: 轨枕 | K6: 支护厚度 (mm) | L6: 掘进断面 (m2) | M6: 巷道倾角 | N6: 巷道长度 (M) | O6: 硐室体积 (M3) | P6: 竣工年月 | Q6: 折旧年限 | R6: 尚可使用年限 | S6: 账面价值 | U6: 计提减值准备金额 | V6: 评估价值 | Y6: 增值率% | Z6: 备注
E7: 方式 | S7: 原值 | T7: 净值 | V7: 原值 | W7: 成新率% | X7: 净值
A8: 1 | C8: 主斜井 | Z8: 账面值含在在建工程中
A9: 1-1 | C9: 表土段 | E9: 混凝土 | K9: 400 | L9: 10.57 | M9: 18 | N9: 30 | P9: 41395 | V9: 413900 | W9: 41 | X9: 169699 | Z9: 账面值含在在建工程中
A10: 1-2 | C10: 基岩段 | D10: 岩 | E10: 锚网喷 | K10: 100 | L10: 8.15 | M10: 18 | N10: 344 | P10: 41395 | V10: 5641200 | W10: 41 | X10: 2312892 | Z10: 账面值含在在建工程中
A11: 2 | C11: 副斜井 | V11: 0 | W11: 0 | X11: 0 | Z11: 账面值含在在建工程中
A12: 1-1 | C12: 表土段 | E12: 混凝土 | K12: 400 | L12: 9.43 | M12: 28 | N12: 23 | P12: 41487 | V12: 308800 | W12: 42 | X12: 129696 | Z12: 账面值含在在建工程中
A13: 1-2 | C13: 基岩段 | D13: 岩 | E13: 锚网喷 | K13: 100 | L13: 7.19 | M13: 28 | N13: 247 | P13: 41487 | V13: 3941800 | W13: 42 | X13: 1655556 | Z13: 账面值含在在建工程中
A14: 3 | C14: 回风立井 | V14: 0 | W14: 0 | X14: 0 | Z14: 账面值含在在建工程中
A15: 1-1 | C15: 表土段 | E15: 混凝土 | K15: 500 | L15: 15.9 | M15: 90 | N15: 25 | P15: 41791 | V15: 642500 | W15: 45 | X15: 289125 | Z15: 账面值含在在建工程中
A16: 1-2 | C16: 基岩段 | D16: 岩 | E16: 混凝土 | K16: 300 | L16: 13.2 | M16: 90 | N16: 134 | P16: 41791 | V16: 2739700 | W16: 45 | X16: 1232865 | Z16: 账面值含在在建工程中
A17: 4 | C17: 8#绕道 | D17: 岩 | E17: 锚网喷 | K17: 100 | L17: 7.36 | N17: 250 | P17: 41699 | V17: 3310000 | W17: 44 | X17: 1456400 | Z17: 账面值含在在建工程中
A18: 5 | C18: 9#绕道 | D18: 岩 | E18: 锚网喷 | K18: 100 | L18: 11.6 | N18: 86 | P18: 41456 | V18: 1425900 | W18: 42 | X18: 598878 | Z18: 账面值含在在建工程中
A19: 6 | C19: 8#煤库 | D19: 岩 | E19: 裸 | L19: 19.63 | N19: 21 | P19: 40909 | V19: 388400 | W19: 37 | X19: 143708 | Z19: 账面值含在在建工程中
A20: 7 | C20: 9#煤库 | D20: 岩 | E20: 裸 | L20: 19.63 | N20: 12 | P20: 40909 | V20: 222000 | W20: 37 | X20: 82140 | Z20: 账面值含在在建工程中
A21: 8 | C21: 回风大巷 | D21: 煤 | E21: 锚网喷 | K21: 100 | L21: 13.94 | N21: 1219 | P21: 41760 | V21: 17799100 | W21: 45 | X21: 8009595 | Z21: 账面值含在在建工程中
A22: 9 | C22: 9#采区轨道巷 | D22: 煤 | E22: 锚网喷 | K22: 100 | L22: 8.91 | N22: 342 | P22: 41518 | V22: 3646800 | W22: 42 | X22: 1531656 | Z22: 账面值含在在建工程中
A23: 10 | C23: 井底大巷 | D23: 岩 | E23: 锚网喷 | K23: 100 | L23: 9 | N23: 30 | P23: 41730 | V23: 434200 | W23: 45 | X23: 195390 | Z23: 账面值含在在建工程中
A24: 11 | C24: 井下消防材料库 | D24: 岩 | E24: 锚网喷 | K24: 100 | L24: 9 | N24: 30 | P24: 41791 | V24: 434200 | W24: 45 | X24: 195390 | Z24: 账面值含在在建工程中
A25: 12 | C25: 清撒巷 | D25: 岩 | E25: 锚网喷 | K25: 100 | L25: 9 | N25: 74 | P25: 41609 | V25: 1070900 | W25: 43 | X25: 460487 | Z25: 账面值含在在建工程中
A26: 13 | C26: 8#通风联络巷 | D26: 煤 | E26: 锚网喷 | K26: 100 | L26: 16 | N26: 234 | P26: 41671 | V26: 3912500 | W26: 44 | X26: 1721500 | Z26: 账面值含在在建工程中
A27: 14 | C27: 暗立井 | D27: 岩 | E27: 裸 | L27: 9.62 | N27: 21 | P27: 41699 | V27: 195500 | W27: 44 | X27: 86020 | Z27: 账面值含在在建工程中
A28: 15 | C28: 井底车场 | D28: 岩 | E28: 锚网喷 | K28: 100 | L28: 14 | N28: 140 | P28: 41850 | V28: 2566800 | W28: 46 | X28: 1180728 | Z28: 账面值含在在建工程中
A29: 16 | C29: 管子道 | D29: 岩 | E29: 锚网喷 | K29: 100 | L29: 9 | N29: 32.6 | P29: 41850 | V29: 471800 | W29: 46 | X29: 217028 | Z29: 账面值含在在建工程中
A30: 17 | C30: 水泵房 | D30: 岩 | E30: 锚网喷 | K30: 100 | L30: 9 | N30: 29.6 | P30: 41850 | V30: 428400 | W30: 46 | X30: 197064 | Z30: 账面值含在在建工程中
A31: 18 | C31: 采区胶带巷 | D31: 煤 | E31: 锚网喷 | K31: 100 | L31: 10.92 | N31: 234 | P31: 41850 | V31: 2737100 | W31: 46 | X31: 1259066 | Z31: 账面值含在在建工程中
A35: 井巷工程合计 | S35: 0 | T35: 0 | U35: 0 | V35: 52731500 | X35: 23124883
A36: 减：井巷工程减值准备 | T36: 0
A37: 井巷工程净额 | S37: 0 | T37: 0 | V37: 52731500 | X37: 23124883

Sheet 4-6-5机器设备
A1: 固定资产—机器设备明细表
A2: 评估基准日：2020年03月31日
V3: 表4-6-5
A4: 产权持有单位：山西华润昌裕煤业有限公司 | U4: 金额单位：人民币元
A5: 序号 | B5: 资产编号 | C5: 设备名称 | D5: 规格型号 | E5: 生产厂家 | F5: 设备材质 | G5: 资产状态 | H5: 设备重量（T） | I5: 计量单位 | J5: 数量 | K5: 存放地点 | L5: 购置日期 | M5: 启用日期 | N5: 折旧年限 | O5: 设备近期市场价格 | P5: 近期价格内涵 | Q5: 账面价值 | S5: 计提减值准备金额 | T5: 评估价值 | W5: 增值率% | X5: 备注
Q6: 原值 | R6: 净值 | T6: 原值 | U6: 成新率% | V6: 净值
A7: 1 | B7: 6668197 | C7: 矿用隔爆型潜污水电泵 | D7: 18.5KW扬程60米电压等级660伏 | F7: 铸铁、铜 | G7: 待报废 | H7: 0.2/0.0185 | I7: 台 | J7: 1 | K7: 井下5号密闭处 | L7: 42458 | M7: 41334 | N7: 10 | Q7: 10512.82 | R7: 6307.69 | T7: 970 | V7: 970 | W7: -84.621946 | X7: 已拆卸，损坏严重，无使用价值
A8: 2 | B8: 7145197 | C8: 矿用隔爆型潜水排污电泵 | D8: BQW20-50-7.5 | E8: 山西万泽矿机设备制造厂 | F8: 铸铁、铜 | G8: 待报废 | H8: 0.1/0.075 | I8: 台 | J8: 1 | K8: 井下9#层 | L8: 42516 | M8: 41122 | N8: 10 | Q8: 4269.82 | R8: 2633.07 | T8: 430 | V8: 430 | W8: -83.669253 | X8: 已拆卸，损坏严重，无使用价值
A9: 3 | B9: 7145198 | C9: 矿用隔爆型潜水排污电泵 | D9: BQW20-50-7.5 | E9: 山西万泽矿机设备制造厂 | F9: 铸铁、铜 | G9: 待报废 | H9: 0.1/0.075 | I9: 台 | J9: 1 | K9: 井下9#层 | L9: 42516 | M9: 41122 | N9: 10 | Q9: 4269.82 | R9: 2633.07 | T9: 430 | V9: 430 | W9: -83.669253 | X9: 已拆卸，损坏严重，无使用价值
A10: 4 | B10: 8383795 | C10: 空压机 | D10: VF-13/7活塞式13m3 | E10: 协兴空压机有限公司 | F10: 钢 | G10: 待报废 | H10: 0.075 | I10: 台 | J10: 1 | K10: 主井发电房 | L10: 42735 | M10: 41426 | N10: 10 | Q10: 42980 | R10: 29011.49 | T10: 3000 | V10: 3000 | W10: -89.659269 | X10: 已拆卸，损坏严重，无使用价值
A11: 5 | B11: 8383796 | C11: 伸缩保护筒 | D11: JLC-010204 | E11: 北方重工集团有限公司煤矿机械分公司 | F11: 钢 | G11: 待报废 | H11: 0.05 | I11: 个 | J11: 1 | K11: 回风大巷 | L11: 42735 | M11: 41214 | N11: 10 | Q11: 20854 | R11: 14076.46 | T11: 1500 | V11: 1500 | W11: -89.343912 | X11: 已拆卸，损坏严重，无使用价值
A12: 6 | B12: 8383797 | C12: 旋转油缸 | D12: JLC-010207 | E12: 北方重工集团有限公司煤矿机械分公司 | G12: 密闭 | I12: 个 | J12: 1 | K12: 井下 | L12: 42735 | M12: 41214 | N12: 10 | Q12: 21060 | R12: 14215.5 | T12: 0 | V12: 0 | W12: -100 | X12: 巷道密闭
A13: 7 | B13: 8383798 | C13: 炮头伸降油缸 | D13: JLC-010206 | E13: 北方重工集团有限公司煤矿机械分公司 | F13: 钢材 | G13: 待报废 | H13: 0.05 | I13: 个 | J13: 1 | K13: 回风大巷 | L13: 42735 | M13: 41214 | N13: 10 | Q13: 21795 | R13: 14711.61 | T13: 1500 | V13: 1500 | W13: -89.803971 | X13: 已拆卸，损坏严重，无使用价值
A14: 8 | B14: 8383799 | C14: 压力机 | D14: J23S-10 | E14: 济南鑫光试验机制造有限公司 | G14: 密闭 | I14: 台 | J14: 1 | K14: 井下 | L14: 42735 | M14: 41426 | N14: 10 | Q14: 25428 | R14: 17163.9 | T14: 0 | V14: 0 | W14: -100 | X14: 巷道密闭
A15: 9 | B15: 8383800 | C15: 耙斗装岩机用绞车 | D15: 2JPB-30 | E15: 济宁市百一机械设备有限公司 | G15: 密闭 | I15: 台 | J15: 1 | K15: 井下 | L15: 42735 | M15: 41334 | N15: 10 | Q15: 27764.57 | R15: 18741.11 | T15: 0 | V15: 0 | W15: -100 | X15: 巷道密闭
A16: 10 | B16: 8383801 | C16: 液压泵 | D16: MYT-140/320 | E16: 石家庄中煤装备制造有限公司 | G16: 密闭 | I16: 台 | J16: 1 | K16: 井下 | L16: 42735 | M16: 41061 | N16: 10 | Q16: 11539 | R16: 7788.82 | T16: 0 | V16: 0 | W16: -100 | X16: 巷道密闭
A17: 11 | B17: 8383802 | C17: 煤矿风机用隔爆型双电源真空电磁起动器QBZ(SF) | D17: QBZ-2×120/660(380)ASF | G17: 密闭 | I17: 个 | J17: 1 | K17: 井下 | L17: 42735 | M17: 41214 | N17: 10 | Q17: 12504 | R17: 8440.2 | T17: 0 | V17: 0 | W17: -100 | X17: 巷道密闭
A18: 12 | B18: 8383803 | C18: 炮头伸缩油缸 | D18: JLC-010205 | G18: 密闭 | I18: 个 | J18: 1 | K18: 井下 | L18: 42735 | M18: 41214 | N18: 10 | Q18: 14744 | R18: 9952.19 | T18: 0 | V18: 0 | W18: -100 | X18: 巷道密闭
A19: 13 | B19: 8383804 | C19: 一运尾槽 | D19: JLC-020201 | G19: 密闭 | I19: 个 | J19: 1 | K19: 井下 | L19: 42735 | M19: 41214 | N19: 10 | Q19: 12462 | R19: 8411.85 | T19: 0 | V19: 0 | W19: -100 | X19: 巷道密闭
A20: 14 | B20: 8383805 | C20: 全站仪 | D20: RTS-822R3 | E20: 太原市华瑞化验仪器有限公司 | F20: 塑料 | G20: 待报废 | H20: 0.02 | I20: 台 | J20: 1 | K20: 公寓楼三楼 | L20: 42735 | M20: 41000 | N20: 10 | Q20: 12026 | R20: 8117.54 | T20: 500 | V20: 500 | W20: -93.840498 | X20: 已拆卸，损坏严重，无使用价值
A21: 15 | B21: 8383806 | C21: 变频信号机组 | D21: KXJ-2-00 | E21: 大同市同大防爆电器有限公司 | G21: 密闭 | I21: 台 | J21: 1 | K21: 井下 | L21: 42735 | M21: 41214 | N21: 10 | Q21: 7898 | R21: 5331.14 | T21: 0 | V21: 0 | W21: -100 | X21: 巷道密闭
A22: 16 | B22: 8383807 | C22: 滚筒搅拌机 | D22: ZJC350电压380V 转速1440 | F22: 铁 | G22: 待报废 | H22: 0.75 | I22: 台 | J22: 1 | K22: 井口库房 | L22: 42735 | M22: 41244 | N22: 10 | Q22: 7616 | R22: 5140.79 | T22: 1290 | V22: 1290 | W22: -74.906581 | X22: 已拆卸，损坏严重，无使用价值
A23: 17 | B23: 8383808 | C23: 转子式混凝土喷射机 | D23: PC7U | F23: 铁 | G23: 待报废 | H23: 0.4 | I23: 台 | J23: 1 | K23: 井口库房 | L23: 42735 | M23: 41214 | N23: 10 | Q23: 5769 | R23: 3894.06 | T23: 690 | V23: 690 | W23: -82.280704 | X23: 已拆卸，损坏严重，无使用价值
A24: 18 | B24: 8383809 | C24: 防爆混凝土搅拌机 | D24: JZC300K | F24: 铁 | G24: 待报废 | H24: 0.4 | I24: 台 | J24: 1 | K24: 副井井口 | L24: 42735 | M24: 41214 | N24: 10 | Q24: 5885 | R24: 3972.38 | T24: 690 | V24: 690 | W24: -82.630061 | X24: 已拆卸，损坏严重，无使用价值
A25: 19 | B25: 8383810 | C25: 座钩式吊桶 | F25: 钢 | G25: 待报废 | H25: 0.2 | I25: 个 | J25: 1 | K25: 调度室旁 | L25: 42735 | M25: 41214 | N25: 10 | Q25: 4824 | R25: 3256.2 | T25: 440 | V25: 440 | W25: -86.487317 | X25: 已拆卸，损坏严重，无使用价值
A26: 20 | B26: 8383811 | C26: 液压锚杆钻机 | D26: MYT-100S | E26: 石家庄中煤装备制造有限公司 | G26: 密闭 | I26: 台 | J26: 1 | K26: 井下 | L26: 42735 | M26: 41395 | N26: 10 | Q26: 4723 | R26: 3188.02 | T26: 0 | V26: 0 | W26: -100 | X26: 巷道密闭
A27: 21 | B27: 8383812 | C27: 水准仪 | D27: KL532 | E27: 太原市华瑞化验仪器有限公司 | F27: 铁 | G27: 待报废 | H27: 0.01 | I27: 个 | J27: 1 | K27: 公寓楼三楼 | L27: 42735 | M27: 41000 | N27: 10 | Q27: 1718 | R27: 1159.64 | T27: 50 | V27: 50 | W27: -95.688317 | X27: 已拆卸，损坏严重，无使用价值
A28: 22 | B28: 8383813 | C28: 钢筋弯曲机 | D28: 昌裕矿专用 | F28: 铁 | G28: 待报废 | H28: 0.1 | I28: 台 | J28: 1 | K28: 材料大院 | L28: 42735 | M28: 41214 | N28: 10 | Q28: 3761 | R28: 2538.68 | T28: 300 | V28: 300 | W28: -88.182835 | X28: 已拆卸，损坏严重，无使用价值
A29: 23 | B29: 8383814 | C29: 三相发电机 | D29: 6.5GF-3 | F29: 钢、铜 | G29: 待报废 | H29: 0.9 | I29: 台 | J29: 1 | K29: 材料大院 | L29: 42735 | M29: 41395 | N29: 10 | Q29: 3693 | R29: 2492.76 | T29: 1970 | V29: 1970 | W29: -20.971132 | X29: 已拆卸，损坏严重，无使用价值
A30: 24 | B30: 8383815 | C30: 单三相通用发电机 | D30: 220V/380V电-DMS7500CX | F30: 钢、铜 | G30: 待报废 | H30: 0.9 | I30: 台 | J30: 1 | K30: 材料大院 | L30: 42735 | M30: 41214 | N30: 10 | Q30: 2728 | R30: 1841.41 | T30: 1970 | V30: 1970 | W30: 6.9832357 | X30: 已拆卸，损坏严重，无使用价值
A31: 25 | B31: 8383816 | C31: 给煤机漏斗 | D31: K-4A | E31: 山东中煤工矿物资有限公司 | F31: 铁 | G31: 待报废 | H31: 0.2 | I31: 个 | J31: 1 | K31: 井下 | L31: 42735 | M31: 41334 | N31: 10 | Q31: 2291 | R31: 1546.43 | T31: 340 | V31: 340 | W31: -78.013877 | X31: 已拆卸，损坏严重，无使用价值
A32: 26 | B32: 8383817 | C32: 给煤机漏斗 | D32: K-4A | E32: 山东中煤工矿物资有限公司 | F32: 铁 | G32: 待报废 | H32: 0.2 | I32: 个 | J32: 1 | K32: 井下 | L32: 42735 | M32: 41334 | N32: 10 | Q32: 2291 | R32: 1546.43 | T32: 340 | V32: 340 | W32: -78.013877 | X32: 已拆卸，损坏严重，无使用价值
A33: 27 | B33: 8383818 | C33: 扒斗装煤机 | D33: ZWY-60/17.2T | E33: 山东吉恒机械有限公司 | G33: 密闭 | I33: 台 | J33: 1 | K33: 井下 | L33: 42735 | M33: 41275 | N33: 10 | Q33: 100385 | R33: 67759.88 | T33: 0 | V33: 0 | W33: -100 | X33: 巷道密闭
A34: 28 | B34: 8383819 | C34: 固定式输送机 | D34: DTL80/20/22 | E34: 原平市旋宇起重运输机设备厂 | G34: 密闭 | I34: 台 | J34: 1 | K34: 井下 | L34: 42735 | M34: 41426 | N34: 10 | Q34: 146744.67 | R34: 99052.68 | T34: 0 | V34: 0 | W34: -100 | X34: 巷道密闭
A35: 29 | B35: 8383820 | C35: 800皮带尾滚筒 | D35: Φ300*118 | E35: 原平市旋宇起重运输机设备厂 | G35: 密闭 | I35: 个 | J35: 1 | K35: 井下 | L35: 42735 | M35: 41244 | N35: 10 | Q35: 2354 | R35: 1588.94 | T35: 0 | V35: 0 | W35: -100 | X35: 巷道密闭
A36: 30 | B36: 8383821 | C36: 800皮带头滚筒 | D36: Φ400*118 | E36: 原平市旋宇起重运输机设备厂 | G36: 密闭 | I36: 个 | J36: 1 | K36: 井下 | L36: 42735 | M36: 41244 | N36: 10 | Q36: 3877 | R36: 2616.97 | T36: 0 | V36: 0 | W36: -100 | X36: 巷道密闭
A37: 31 | B37: 8383822 | C37: 气动手持式钻机 | D37: ZQS-50/1.6S | E37: 江阴博民煤矿钻机制造有限公司 | G37: 密闭 | I37: 台 | J37: 1 | K37: 井下 | L37: 42735 | M37: 41061 | N37: 10 | Q37: 1249.1 | R37: 843.14 | T37: 0 | V37: 0 | W37: -100 | X37: 巷道密闭
A38: 32 | B38: 8383823 | C38: 轮式装载机 | D38: LW160 | G38: 密闭 | I38: 台 | J38: 1 | K38: 井下 | L38: 42735 | M38: 41061 | N38: 10 | Q38: 102864 | R38: 69433.2 | T38: 0 | V38: 0 | W38: -100 | X38: 巷道密闭
A39: 33 | B39: 8383824 | C39: 配电柜 | D39: LMZGI-054-270 | F39: 铁 | G39: 待报废 | H39: 0.02 | I39: 个 | J39: 1 | K39: 办公楼残值 | L39: 42735 | M39: 41214 | N39: 10 | Q39: 1500 | R39: 1012.5 | T39: 100 | V39: 100 | W39: -90.123457 | X39: 已拆卸，损坏严重，无使用价值
A40: 34 | B40: 8383825 | C40: 带式输送机 | D40: DTC80/40//37 | F40: 铁/胶带 | G40: 待报废 | H40: 12 | I40: 台 | J40: 1 | K40: 井下 | L40: 42735 | M40: 41518 | N40: 10 | Q40: 180933 | R40: 122129.76 | T40: 30000 | V40: 30000 | W40: -75.435963 | X40: 已拆卸，损坏严重，无使用价值
A41: 35 | B41: 8383826 | C41: 矿用隔爆型潜水排沙电泵 | D41: BQS12.5-100-7.5铸钢 | F41: 铸铁、铜 | G41: 待报废 | H41: 0.15/0.0075 | I41: 台 | J41: 1 | K41: 井底车场 | L41: 42735 | M41: 41518 | N41: 10 | Q41: 2303 | R41: 1554.53 | T41: 510 | V41: 510 | W41: -67.192656 | X41: 已拆卸，损坏严重，无使用价值
A42: 36 | B42: 8383827 | C42: 三相异步电动机 | D42: 380 1.5kw | G42: 密闭 | I42: 台 | J42: 1 | K42: 井下 | L42: 42735 | M42: 41395 | N42: 10 | Q42: 2692 | R42: 1817.11 | T42: 0 | V42: 0 | W42: -100 | X42: 巷道密闭
A43: 37 | B43: 8383828 | C43: 隔爆型三相异步电动机 | D43: YDK2-200L-4 | E43: 温州市雷电防爆电器有限公司 | F43: 钢、铜 | G43: 待报废 | H43: 0.25/0.04 | I43: 台 | J43: 1 | K43: 井口院子 | L43: 42735 | M43: 41214 | N43: 10 | Q43: 2572 | R43: 1736.11 | T43: 1900 | V43: 1900 | W43: 9.44007 | X43: 已拆卸，损坏严重，无使用价值
A44: 38 | B44: 8383829 | C44: 交流电焊机 | D44: BX3-315A | F44: 钢 | G44: 待报废 | H44: 0.1 | I44: 台 | J44: 1 | K44: 主井井下 | L44: 42735 | M44: 41518 | N44: 10 | Q44: 2431.5 | R44: 1641.27 | T44: 220 | V44: 220 | W44: -86.595746 | X44: 已拆卸，损坏严重，无使用价值
A45: 39 | B45: 8383830 | C45: 交流电焊机 | D45: BX3-315A | F45: 钢 | G45: 待报废 | H45: 0.1 | I45: 台 | J45: 1 | K45: 8#层外界 | L45: 42735 | M45: 41518 | N45: 10 | Q45: 2431.5 | R45: 1641.27 | T45: 220 | V45: 220 | W45: -86.595746 | X45: 已拆卸，损坏严重，无使用价值
A46: 40 | B46: 8383831 | C46: 排污潜水电泵 | D46: 50WQ11111 N=1.1KW | G46: 密闭 | I46: 台 | J46: 1 | K46: 井下 | L46: 42735 | M46: 41518 | N46: 10 | Q46: 1410 | R46: 951.75 | T46: 0 | V46: 0 | W46: -100 | X46: 巷道密闭
A47: 41 | B47: 8383832 | C47: 带式输送机 | D47: DSJ80/40/2*55 | F47: 铁/胶带 | G47: 待报废 | H47: 12 | I47: 台 | J47: 1 | K47: 井下 | L47: 42735 | M47: 41518 | N47: 10 | Q47: 851082 | R47: 574480.35 | T47: 45000 | V47: 45000 | W47: -92.166834 | X47: 已拆卸，损坏严重，无使用价值
A48: 42 | B48: 8383833 | C48: 悬臂式掘进机 | D48: EBZ 160 | E48: 北方重工集团有限公司煤矿机械分公司 | G48: 闲置 | I48: 台 | J48: 1 | K48: 井下 | L48: 42735 | M48: 41122 | N48: 10 | Q48: 2188103 | R48: 1476969.5 | T48: 2926600 | U48: 39 | V48: 1141374 | W48: -22.721899 | X48: 暂不使用
A49: 43 | B49: 8383834 | C49: 液压锚杆钻机 | D49: MYT-140/280 | E49: 石家庄中煤装备制造有限公司 | G49: 闲置 | I49: 台 | J49: 1 | K49: 8#层外界 | L49: 42735 | M49: 41122 | N49: 10 | Q49: 4167 | R49: 2812.71 | T49: 11300 | U49: 28 | V49: 3164 | W49: 12.489379 | X49: 暂不使用
A50: 44 | B50: 8383835 | C50: 凿岩机 | D50: YT28 | E50: 天水风动机械公司 | G50: 密闭 | I50: 台 | J50: 1 | K50: 井下 | L50: 42735 | M50: 41244 | N50: 10 | Q50: 2767.67 | R50: 1868.21 | T50: 0 | V50: 0 | W50: -100 | X50: 巷道密闭
A51: 45 | B51: 8383836 | C51: 凿岩机 | D51: YT28 | E51: 天水风动机械公司 | G51: 密闭 | I51: 台 | J51: 1 | K51: 井下 | L51: 42735 | M51: 41244 | N51: 10 | Q51: 2767.67 | R51: 1868.21 | T51: 0 | V51: 0 | W51: -100 | X51: 巷道密闭
A52: 46 | B52: 8383837 | C52: 矿用隔爆型煤电钻综合保护装置ZBZ(Z) | D52: ZBZ-4.0/660(380)Z | E52: 温州市雷电防爆电器有限公司 | F52: 铸钢 | G52: 待报废 | H52: 0.14 | I52: 台 | J52: 1 | K52: 办公楼库房 | L52: 42735 | M52: 41365 | N52: 10 | Q52: 1579 | R52: 1065.82 | T52: 310 | V52: 310 | W52: -70.914413 | X52: 已拆卸，损坏严重，无使用价值
A53: 47 | B53: 8383838 | C53: 切割机 | D53: J3G-400 3KW 380V | F53: 铁 | G53: 待报废 | H53: 0.1 | I53: 台 | J53: 1 | K53: 井口库房 | L53: 42735 | M53: 41518 | N53: 10 | Q53: 2243 | R53: 1514.03 | T53: 170 | V53: 170 | W53: -88.771689 | X53: 已拆卸，损坏严重，无使用价值
A54: 48 | B54: 8383839 | C54: 钉扣机 | D54: MSRT60 | F54: 铁 | G54: 待报废 | H54: 0.01 | I54: 台 | J54: 1 | K54: 井口库房 | L54: 42735 | M54: 41000 | N54: 10 | Q54: 1270.67 | R54: 857.72 | T54: 50 | V54: 50 | W54: -94.170592 | X54: 已拆卸，损坏严重，无使用价值
A55: 49 | B55: 8383840 | C55: 电链锯 | D55: 1300W/450mm | F55: 铁 | G55: 待报废 | H55: 0.1 | I55: 台 | J55: 1 | K55: 井口库房 | L55: 42735 | M55: 41518 | N55: 10 | Q55: 2270 | R55: 1532.24 | T55: 170 | V55: 170 | W55: -88.905132 | X55: 已拆卸，损坏严重，无使用价值
A56: 50 | B56: 8383841 | C56: 井筒定形大板 | D56: 接收物资∮3.5米*3米 | F56: 铁 | G56: 待报废 | H56: 0.2 | I56: 块 | J56: 1 | K56: 井口库房 | L56: 42735 | M56: 41518 | N56: 10 | Q56: 45000 | R56: 30375 | T56: 2200 | V56: 2200 | W56: -92.757202 | X56: 已拆卸，损坏严重，无使用价值
A57: 51 | B57: 8383842 | C57: 二运机尾滚筒 | D57: DZQ80.01 | G57: 密闭 | I57: 个 | J57: 1 | K57: 井下 | L57: 42735 | M57: 41244 | N57: 10 | Q57: 2300 | R57: 1552.49 | T57: 0 | V57: 0 | W57: -100 | X57: 巷道密闭
A58: 52 | B58: 8383843 | C58: 铸铁井盖 | D58: 圆形直径800mm | G58: 闲置 | I58: 个 | J58: 1 | K58: 井口库房 | L58: 42735 | M58: 41518 | N58: 10 | Q58: 6500 | R58: 4387.49 | T58: 4500 | U58: 38 | V58: 1710 | W58: -61.025552 | X58: 暂不使用
A59: 53 | B59: 8383844 | C59: 拉紧绞车电机 | D59: 2SB4-4,660V/4KW | G59: 密闭 | I59: 台 | J59: 1 | K59: 井下 | L59: 42735 | M59: 41518 | N59: 10 | Q59: 2600 | R59: 1754.99 | T59: 0 | V59: 0 | W59: -100 | X59: 巷道密闭
A60: 54 | B60: 8383845 | C60: 液力偶合器 | D60: YOXD400 | G60: 密闭 | I60: 个 | J60: 1 | K60: 井下 | L60: 42735 | M60: 41518 | N60: 10 | Q60: 2466.67 | R60: 1665.01 | T60: 0 | V60: 0 | W60: -100 | X60: 巷道密闭
A61: 55 | B61: 8383846 | C61: 履带张紧油缸 | D61: 56483 | G61: 密闭 | I61: 台 | J61: 1 | K61: 井下 | L61: 42735 | M61: 41518 | N61: 10 | Q61: 2500 | R61: 1687.51 | T61: 0 | V61: 0 | W61: -100 | X61: 巷道密闭
A62: 56 | B62: 8383847 | C62: 伸缩保护筒 | D62: EBZ132B.3.3.4 | G62: 密闭 | I62: 个 | J62: 1 | K62: 井下 | L62: 42735 | M62: 41518 | N62: 10 | Q62: 21000 | R62: 14175 | T62: 0 | V62: 0 | W62: -100 | X62: 巷道密闭
A63: 57 | B63: 8383848 | C63: 二运导向滚筒 | D63: 全长86CM 直径22CM | G63: 密闭 | I63: 个 | J63: 1 | K63: 井下 | L63: 42735 | M63: 41244 | N63: 10 | Q63: 14000 | R63: 9449.99 | T63: 0 | V63: 0 | W63: -100 | X63: 巷道密闭
A64: 58 | B64: 8383849 | C64: 油罐 | D64: 4m3 | G64: 密闭 | I64: 个 | J64: 1 | K64: 井下 | L64: 42735 | M64: 41518 | N64: 10 | Q64: 6000 | R64: 4050 | T64: 0 | V64: 0 | W64: -100 | X64: 巷道密闭
A65: 59 | B65: 8383850 | C65: 矿用隔爆型潜水排沙电泵 | D65: BQS80-60-30 | F65: 铸铁、铜 | G65: 待报废 | H65: 0.1/0.015 | I65: 台 | J65: 1 | K65: 井下 | L65: 42735 | M65: 41518 | N65: 10 | Q65: 21282.05 | R65: 14365.4 | T65: 1000 | V65: 1000 | W65: -93.038829 | X65: 已拆卸，损坏严重，无使用价值
A66: 60 | B66: 8383851 | C66: 矿用隔爆型潜水排沙电泵 | D66: BQS60-50-18.5/N | F66: 铸铁、铜 | G66: 待报废 | H66: 0.25/0.0185 | I66: 台 | J66: 1 | K66: 井下 | L66: 42735 | M66: 41518 | N66: 10 | Q66: 14273.5 | R66: 9634.6 | T66: 1060 | V66: 1060 | W66: -88.997986 | X66: 已拆卸，损坏严重，无使用价值
A67: 61 | B67: 8383852 | C67: 空压机 | D67: VF-13/7活塞式13m3 | E67: 协兴空压机有限公司 | G67: 闲置 | I67: 台 | J67: 1 | K67: 主井口旁 | L67: 42735 | M67: 41061 | N67: 10 | Q67: 42980 | R67: 29011.49 | T67: 113300 | U67: 28 | V67: 31724 | W67: 9.3497783 | X67: 暂不使用
A68: 62 | B68: 8383853 | C68: 矿用隔爆型压入式对旋轴流局部通风机 | D68: FBD№6.3/2X22 | F68: 铁 | G68: 待报废 | H68: 0.5 | I68: 台 | J68: 1 | K68: 8#排水点 | L68: 42735 | M68: 41518 | N68: 10 | Q68: 16512.5 | R68: 11145.95 | T68: 860 | V68: 860 | W68: -92.284193 | X68: 已拆卸，损坏严重，无使用价值
A69: 63 | B69: 8383854 | C69: 耙斗装岩机用绞车 | D69: 2JPB-30 | E69: 济宁市百一机械设备有限公司 | G69: 密闭 | I69: 台 | J69: 1 | K69: 井下 | L69: 42735 | M69: 41334 | N69: 10 | Q69: 27764.57 | R69: 18741.11 | T69: 0 | V69: 0 | W69: -100 | X69: 巷道密闭
A70: 64 | B70: 8383855 | C70: 矿用隔爆型可逆真空电磁起动器 | D70: QBZ-120/660（380）N | G70: 密闭 | I70: 个 | J70: 1 | K70: 井下 | L70: 42735 | M70: 41518 | N70: 10 | Q70: 15795 | R70: 10661.61 | T70: 0 | V70: 0 | W70: -100 | X70: 巷道密闭
A71: 65 | B71: 8383856 | C71: 转子式混凝土喷射机 | D71: PC51(B) | G71: 密闭 | I71: 台 | J71: 1 | K71: 井下 | L71: 42735 | M71: 41518 | N71: 10 | Q71: 8013 | R71: 5408.76 | T71: 0 | V71: 0 | W71: -100 | X71: 巷道密闭
A72: 66 | B72: 8383857 | C72: 矿用带式输送机综合保护装置 | D72: KHP197 | E72: 泰安市玉详电器有限公司 | G72: 密闭 | I72: 个 | J72: 1 | K72: 井下 | L72: 42735 | M72: 41518 | N72: 10 | Q72: 9577 | R72: 6464.47 | T72: 0 | V72: 0 | W72: -100 | X72: 巷道密闭
A73: 67 | B73: 8383858 | C73: 污水潜水泵 | D73: WQ30-26-4 DN80 | F73: 铁、铜 | G73: 待报废 | H73: 0.1/0.015 | I73: 台 | J73: 1 | K73: 井口库房 | L73: 42735 | M73: 41518 | N73: 10 | Q73: 3205 | R73: 2163.37 | T73: 680 | V73: 680 | W73: -68.567559 | X73: 已拆卸，损坏严重，无使用价值
A74: 68 | B74: 8383859 | C74: 矿用提升机综合后备保护装置 | D74: KHT113 | E74: 泰安市玉详电器有限公司 | G74: 密闭 | I74: 个 | J74: 1 | K74: 井下 | L74: 42735 | M74: 41334 | N74: 10 | Q74: 6384 | R74: 4309.2 | T74: 0 | V74: 0 | W74: -100 | X74: 巷道密闭
A75: 69 | B75: 8383860 | C75: 3相异步电动绞车 | D75: JK0.5C 1.5KW | G75: 密闭 | I75: 台 | J75: 1 | K75: 井下 | L75: 42735 | M75: 41365 | N75: 10 | Q75: 2872 | R75: 1938.61 | T75: 0 | V75: 0 | W75: -100 | X75: 巷道密闭
A76: 70 | B76: 8383861 | C76: 固定式输送机 | D76: DTL80/20/22 | E76: 原平市旋宇起重运输机设备厂 | F76: 铁/胶带 | G76: 待报废 | H76: 12 | I76: 台 | J76: 1 | K76: 管子道 | L76: 42735 | M76: 41426 | N76: 10 | Q76: 146744.67 | R76: 99052.68 | T76: 20640 | V76: 20640 | W76: -79.162603 | X76: 已拆卸，损坏严重，无使用价值
A77: 71 | B77: 8383862 | C77: 矿用捞车器 | D77: LCQ-1 | E77: 济宁鸿展煤机有限公司 | G77: 闲置 | I77: 个 | J77: 1 | K77: 井下巷道 | L77: 42735 | M77: 41334 | N77: 10 | Q77: 1560.67 | R77: 1053.46 | T77: 1000 | U77: 30 | V77: 300 | W77: -71.522412 | X77: 暂不使用
A78: 72 | B78: 8383863 | C78: 抽气泵 | D78: VK-0.8 | G78: 密闭 | I78: 台 | J78: 1 | K78: 井下 | L78: 42735 | M78: 41518 | N78: 10 | Q78: 2154 | R78: 1453.95 | T78: 0 | V78: 0 | W78: -100 | X78: 巷道密闭
A79: 73 | B79: 8383864 | C79: 矿用风动潜水泵 | D79: FQW12-50/W | F79: 铁、铜 | G79: 待报废 | H79: 0.1/0.015 | I79: 台 | J79: 1 | K79: 井口库房 | L79: 42735 | M79: 41518 | N79: 10 | Q79: 267.63 | R79: 180.66 | T79: 680 | V79: 680 | W79: 276.39765 | X79: 已拆卸，损坏严重，无使用价值
A80: 74 | B80: 8383865 | C80: 矿用隔爆型真空电磁起动器 | D80: QBZ-200/1140（660） | G80: 密闭 | I80: 个 | J80: 1 | K80: 井下 | L80: 42735 | M80: 41518 | N80: 10 | Q80: 2128 | R80: 1436.41 | T80: 0 | V80: 0 | W80: -100 | X80: 巷道密闭
A81: 75 | B81: 8383866 | C81: 矿用隔爆型真空电磁起动器 | D81: QBZ-80/660(380) | G81: 密闭 | I81: 个 | J81: 1 | K81: 井下 | L81: 42735 | M81: 41518 | N81: 10 | Q81: 1210.67 | R81: 817.22 | T81: 0 | V81: 0 | W81: -100 | X81: 巷道密闭
A82: 76 | B82: 8383867 | C82: 钉扣机 | D82: MSRT60 | F82: 铁 | G82: 待报废 | H82: 0.01 | I82: 台 | J82: 1 | K82: 井下 | L82: 42735 | M82: 41518 | N82: 10 | Q82: 1270.67 | R82: 857.72 | T82: 50 | V82: 50 | W82: -94.170592 | X82: 已拆卸，损坏严重，无使用价值
A83: 77 | B83: 8383868 | C83: 预应力钢绞线 | G83: 密闭 | I83: 个 | J83: 1 | K83: 井下 | L83: 42735 | M83: 41518 | N83: 10 | Q83: 5300 | R83: 3577.49 | T83: 0 | V83: 0 | W83: -100 | X83: 巷道密闭
A84: 78 | B84: 8383869 | C84: 液力偶合器 | D84: YOXD400 | G84: 密闭 | I84: 个 | J84: 1 | K84: 井下 | L84: 42735 | M84: 41518 | N84: 10 | Q84: 2466.67 | R84: 1665.01 | T84: 0 | V84: 0 | W84: -100 | X84: 巷道密闭
A85: 79 | B85: 8383870 | C85: 履带链 | D85: EP0503C1 | G85: 密闭 | I85: 个 | J85: 1 | K85: 井下 | L85: 42735 | M85: 41518 | N85: 10 | Q85: 2600 | R85: 1754.99 | T85: 0 | V85: 0 | W85: -100 | X85: 巷道密闭
A86: 80 | B86: 8383871 | C86: 矿用隔爆型真空电磁起动器 | D86: QBZ-60/660(380) | F86: 铸钢 | G86: 待报废 | H86: 0.14 | I86: 个 | J86: 1 | K86: 井下 | L86: 42735 | M86: 41518 | N86: 10 | Q86: 1800 | R86: 1215 | T86: 310 | V86: 310 | W86: -74.485597 | X86: 已拆卸，损坏严重，无使用价值
A87: 81 | B87: 8383872 | C87: 空压机 | D87: DH-150AW螺杆21m3 | E87: 太原市大汇实业有限公司 | G87: 闲置 | I87: 台 | J87: 1 | K87: 井口 | L87: 42735 | M87: 41061 | N87: 10 | Q87: 42980 | R87: 29011.49 | T87: 139000 | U87: 28 | V87: 38920 | W87: 34.153744 | X87: 暂不使用
A88: 82 | B88: 8383873 | C88: 矿用隔爆型压入式对旋轴流局部通风机 | D88: FBD№6.3/2X22 | F88: 铁 | G88: 待报废 | H88: 0.5 | I88: 台 | J88: 1 | K88: 井下 | L88: 42735 | M88: 41518 | N88: 10 | Q88: 16512.5 | R88: 11145.95 | T88: 860 | V88: 860 | W88: -92.284193 | X88: 已拆卸，损坏严重，无使用价值
A89: 83 | B89: 8383874 | C89: 耙斗装岩机用绞车 | D89: 2JPB-30 | E89: 济宁市百一机械设备有限公司 | G89: 密闭 | I89: 台 | J89: 1 | K89: 井下 | L89: 42735 | M89: 41334 | N89: 10 | Q89: 27764.57 | R89: 18741.11 | T89: 0 | V89: 0 | W89: -100 | X89: 巷道密闭
A90: 84 | B90: 8383875 | C90: 矿用隔爆型可逆真空电磁起动器 | D90: QBZ-120/660（380）N | G90: 密闭 | I90: 个 | J90: 1 | K90: 井下 | L90: 42735 | M90: 41518 | N90: 10 | Q90: 15795 | R90: 10661.61 | T90: 0 | V90: 0 | W90: -100 | X90: 巷道密闭
A91: 85 | B91: 8383876 | C91: 转子式混凝土喷射机 | D91: PC51(B) | G91: 密闭 | I91: 台 | J91: 1 | K91: 井下 | L91: 42735 | M91: 41518 | N91: 10 | Q91: 8013 | R91: 5408.76 | T91: 0 | V91: 0 | W91: -100 | X91: 巷道密闭
A92: 86 | B92: 8383877 | C92: 矿用带式输送机综合保护装置 | D92: KHP197 | E92: 泰安市玉详电器有限公司 | G92: 密闭 | I92: 个 | J92: 1 | K92: 井下 | L92: 42735 | M92: 41518 | N92: 10 | Q92: 9577 | R92: 6464.47 | T92: 0 | V92: 0 | W92: -100 | X92: 巷道密闭
A93: 87 | B93: 8383878 | C93: 污水潜水泵 | D93: WQ30-26-4 DN80 | F93: 铁、铜 | G93: 待报废 | H93: 0.1/0.015 | I93: 台 | J93: 1 | K93: 井下 | L93: 42735 | M93: 41518 | N93: 10 | Q93: 3205 | R93: 2163.37 | T93: 680 | V93: 680 | W93: -68.567559 | X93: 已拆卸，损坏严重，无使用价值
A94: 88 | B94: 8383879 | C94: 矿用提升机综合后备保护装置 | D94: KHT103 | E94: 泰安市玉详电气有限公司 | G94: 闲置 | I94: 个 | J94: 1 | K94: 绞车房 | L94: 42735 | M94: 41334 | N94: 10 | Q94: 6384 | R94: 4309.2 | T94: 4100 | U94: 30 | V94: 1230 | W94: -71.456419 | X94: 暂不使用
A95: 89 | B95: 8383880 | C95: 3相异步电动绞车 | D95: JK0.5C 1.5KW | F95: 铁 | G95: 待报废 | H95: 0.5 | I95: 台 | J95: 1 | K95: 办公楼库房 | L95: 42735 | M95: 41365 | N95: 10 | Q95: 2872 | R95: 1938.61 | T95: 860 | V95: 860 | W95: -55.638318 | X95: 已拆卸，损坏严重，无使用价值
A96: 90 | B96: 8383881 | C96: 固定式输送机 | D96: DTL60/20/18 | E96: 原平市旋宇起重运输机设备厂 | G96: 密闭 | I96: 台 | J96: 1 | K96: 井下 | L96: 42735 | M96: 41426 | N96: 10 | Q96: 146744.66 | R96: 99052.67 | T96: 0 | V96: 0 | W96: -100 | X96: 巷道密闭
A97: 91 | B97: 8383882 | C97: 矿用捞车器 | D97: LCQ-1 | E97: 济宁鸿展煤机有限公司 | G97: 闲置 | I97: 个 | J97: 1 | K97: 井下 | L97: 42735 | M97: 41334 | N97: 10 | Q97: 1560.66 | R97: 1053.45 | T97: 1000 | U97: 30 | V97: 300 | W97: -71.522142 | X97: 暂不使用
A98: 92 | B98: 8383883 | C98: 抽气泵 | D98: VK-0.8 | G98: 密闭 | I98: 台 | J98: 1 | K98: 井下 | L98: 42735 | M98: 41518 | N98: 10 | Q98: 2154 | R98: 1453.95 | T98: 0 | V98: 0 | W98: -100 | X98: 巷道密闭
A99: 93 | B99: 8384685 | C99: 矿用隔爆型真空电磁起动器 | D99: QBZ-30/660(380) | G99: 密闭 | I99: 个 | J99: 1 | K99: 井下 | L99: 42735 | M99: 41518 | N99: 10 | Q99: 1400 | R99: 944.99 | T99: 0 | V99: 0 | W99: -100 | X99: 巷道密闭
A100: 94 | B100: 8384689 | C100: 矿用风动潜水泵 | D100: FQW12-50/W | G100: 密闭 | I100: 台 | J100: 1 | K100: 井下 | L100: 42735 | M100: 41518 | N100: 10 | Q100: 267.62 | R100: 180.65 | T100: 0 | V100: 0 | W100: -100 | X100: 巷道密闭
...

Sheet 4-6-6车辆
A1: 固定资产—车辆明细表
A2: 评估基准日：2020年03月31日
W3: 表4-6-6
A4: 产权持有单位：山西华润昌裕煤业有限公司 | W4: 金额单位：人民币元
A5: 序号 | B5: 资产编号 | C5: 车辆牌号 | D5: 行驶证载权利人 | E5: 车辆名称 | F5: 规格型号 | G5: 生产厂家 | H5: 计量单位 | I5: 数量 | J5: 购置日期 | K5: 启用日期 | L5: 所属部门 | M5: 已行驶里程 (公里) | N5: 折旧年限 | O5: 资产状态 | P5: 账面价值 | R5: 计提减值准备金额 | S5: 评估价值 | V5: 增值率% | W5: 备注
P6: 原值 | Q6: 净值 | S6: 原值 | T6: 成新率% | U6: 净值
A7: 1 | B7: 1754255 | E7: 五十铃 | F7: NKR55CLEWA | G7: 五十铃 | H7: 辆 | I7: 1 | J7: 38047 | K7: 38047 | N7: 4 | O7: 待报废 | P7: 63114 | S7: 1000 | U7: 1000
A8: 2 | B8: 8533455 | C8: 晋AM3956 | E8: 长城 | F8: CC1027sc | G8: 长城 | H8: 辆 | I8: 1 | J8: 42825 | K8: 39234 | L8: 项目部 | N8: 5 | O8: 待报废 | P8: 39204 | Q8: 15681.6 | S8: 1000 | U8: 1000 | V8: -93.6231
A9: 3 | B9: 1754254 | E9: 五十铃 | F9: IFS55HDLJ | G9: 五十铃 | H9: 辆 | I9: 1 | J9: 37712 | K9: 37712 | N9: 5 | O9: 待报废 | P9: 55998 | S9: 1000 | U9: 1000
A10: 4 | B10: 1754247 | E10: 丰田 | F10: JTEHH20V855 | G10: 丰田 | H10: 辆 | I10: 1 | J10: 38504 | K10: 38504 | N10: 4 | O10: 现场无实物 | P10: 130013 | S10: 18000 | U10: 18000
A11: 5 | B11: 1754248 | E11: 梅赛德斯奔驰 | F11: WDB2201781A | G11: 梅赛德斯奔驰 | H11: 辆 | I11: 1 | J11: 37653 | K11: 37653 | N11: 4 | O11: 现场无实物 | P11: 1692210.6 | S11: 25000 | U11: 25000
A12: 6 | B12: 1754249 | C12: 晋AFQ488 | E12: 红旗 | F12: CA7200AT | G12: 红旗 | H12: 辆 | I12: 1 | J12: 38504 | K12: 38504 | N12: 4 | O12: 现场无实物 | P12: 111690 | S12: 16800 | U12: 16800
A13: 7 | B13: 1754256 | E13: 帕萨特 | F13: SVW7203FPI | G13: 帕萨特 | H13: 辆 | I13: 1 | J13: 39142 | K13: 39142 | N13: 5 | O13: 现场无实物 | P13: 160863 | S13: 20000 | U13: 20000
A14: 8 | B14: 1754257 | C14: 晋AS4712 | E14: 桑塔纳 | F14: SVW7180CEI | G14: 桑塔纳 | H14: 辆 | I14: 1 | J14: 38869 | K14: 38869 | N14: 4 | O14: 现场无实物 | P14: 40640 | S14: 6000 | U14: 6000
A15: 9 | B15: 1760211 | E15: 揽胜 | F15: SALMN11445A | G15: 揽胜 | H15: 辆 | I15: 1 | J15: 38534 | K15: 38534 | N15: 5 | O15: 现场无实物 | P15: 1319553.8 | S15: 216000 | U15: 216000
A16: 10 | B16: 1760212 | E16: 宝马 | F16: BMW7250AA(BMW3251) | G16: 宝马 | H16: 辆 | I16: 1 | J16: 38930 | K16: 38930 | N16: 5 | O16: 现场无实物 | P16: 408000 | S16: 39800 | U16: 39800
A23: 车辆合计 | P23: 4021286.4 | Q23: 17253.51 | R23: 0 | S23: 344600 | U23: 344600 | V23: 1897.2748
A24: 减：车辆减值准备 | Q24: 0
A25: 车辆净额 | P25: 4021286.4 | Q25: 17253.51 | S25: 344600 | U25: 344600 | V25: 1897.2748

Sheet 4-6-7电子设备
A1: 返回索引目录
A2: 固定资产—电子设备明细表
A3: 评估基准日：2020年03月31日
T4: 表4-6-7
A5: 产权持有单位：山西华润昌裕煤业有限公司 | T5: 金额单位：人民币元
A6: 序号 | B6: 资产编号 | C6: 设备名称 | D6: 规格型号 | E6: 生产厂家 | F6: 计量单位 | G6: 数量 | H6: 存放地点 | I6: 购置日期 | J6: 启用日期 | K6: 折旧年限 | L6: 资产状态 | M6: 账面价值 | O6: 计提减值准备金额 | P6: 评估价值 | S6: 增值率% | T6: 备注
M7: 原值 | N7: 净值 | P7: 原值 | Q7: 成新率% | R7: 净值
A8: 1 | B8: 1757194 | C8: 彩电 | D8: 17寸 | F8: 台 | G8: 1 | H8: 厂区 | I8: 38718 | J8: 38718 | K8: 3 | L8: 待报废 | M8: 946 | P8: 30 | R8: 30
A9: 2 | B9: 1757195 | C9: 电视机 | F9: 台 | G9: 1 | H9: 厂区 | I9: 38718 | J9: 38718 | K9: 3 | L9: 待报废 | M9: 946 | P9: 30 | R9: 30
A10: 3 | B10: 1757196 | C10: 冰箱 | F10: 台 | G10: 1 | H10: 食堂 | I10: 38718 | J10: 38718 | K10: 3 | L10: 待报废 | M10: 2580 | P10: 50 | R10: 50
A11: 4 | B11: 1758194 | C11: 冰柜 | D11: BDX-215A | E11: 白雪 | F11: 台 | G11: 1 | H11: 食堂 | I11: 38718 | J11: 38718 | K11: 3 | L11: 待报废 | M11: 2752 | P11: 50 | R11: 50
A12: 5 | B12: 1758195 | C12: 电视机 | F12: 台 | G12: 1 | H12: 厂区 | I12: 38718 | J12: 38718 | K12: 3 | L12: 待报废 | M12: 946 | P12: 30 | R12: 30
A13: 6 | B13: 1758196 | C13: 洗衣机 | F13: 台 | G13: 1 | H13: 厂区 | I13: 38718 | J13: 38718 | K13: 3 | L13: 待报废 | M13: 588 | P13: 50 | R13: 50
A14: 7 | B14: 1758197 | C14: 电风扇 | F14: 台 | G14: 1 | H14: 办公室 | I14: 38718 | J14: 38718 | K14: 3 | L14: 待报废 | M14: 285 | P14: 10 | R14: 10
A15: 8 | B15: 1758198 | C15: 饮水机 | D15: 温热型 | E15: 安吉尔 | F15: 台 | G15: 1 | H15: 办公室 | I15: 38718 | J15: 38718 | K15: 3 | L15: 待报废 | M15: 209 | P15: 10 | R15: 10
A16: 9 | B16: 1759194 | C16: 电视机 | F16: 台 | G16: 1 | H16: 厂区 | I16: 38718 | J16: 38718 | K16: 3 | L16: 待报废 | M16: 957 | P16: 30 | R16: 30
A17: 10 | B17: 1759195 | C17: 电脑 | F17: 台 | G17: 1 | H17: 办公室 | I17: 40452 | J17: 40452 | K17: 3 | L17: 待报废 | M17: 29593.61 | P17: 50 | R17: 50
A18: 11 | B18: 1759196 | C18: 复印机 | D18: BIZHUB 283 | E18: 柯尼卡美能达 | F18: 台 | G18: 1 | H18: 办公室 | I18: 40452 | J18: 40452 | K18: 3 | L18: 待报废 | M18: 15683.76 | P18: 500 | R18: 500
A19: 12 | B19: 1759197 | C19: 民爆物品手持机 | D19: FCH64/2.5 | E19: 北京思科迪 | F19: 台 | G19: 1 | H19: 火药库 | I19: 40452 | J19: 40452 | K19: 3 | L19: 待报废 | M19: 8000 | P19: 200 | R19: 200
A20: 13 | B20: 1759198 | C20: 投影仪 | D20: MX660 | E20: BENQ | F20: 台 | G20: 1 | H20: 办公室 | I20: 40452 | J20: 40452 | K20: 3 | L20: 待报废 | M20: 5200 | P20: 100 | R20: 100
A21: 14 | B21: 1759199 | C21: 防伪税控设备 | F21: 台 | G21: 1 | H21: 办公室 | I21: 40452 | J21: 40452 | K21: 3 | L21: 待报废 | M21: 24674 | P21: 500 | R21: 500
A22: 15 | B22: 1759200 | C22: 联想台式电脑 | D22: 扬天AS01 | E22: 联想 | F22: 台 | G22: 1 | H22: 办公室 | I22: 40452 | J22: 40452 | K22: 3 | L22: 待报废 | M22: 14102.55 | P22: 50 | R22: 50
A23: 16 | B23: 1759201 | C23: 打印机 | D23: 惠普1020 | E23: 惠普 | F23: 台 | G23: 1 | H23: 办公室 | I23: 40452 | J23: 40452 | K23: 3 | L23: 待报废 | M23: 5897.45 | P23: 50 | R23: 50
A24: 17 | B24: 1760194 | C24: 打印、复印、传真、扫描一体机 | D24: 1216 | E24: 惠普 | F24: 台 | G24: 1 | H24: 办公室 | I24: 40452 | J24: 40452 | K24: 3 | L24: 待报废 | M24: 2400 | P24: 50 | R24: 50
A25: 18 | B25: 1760195 | C25: 保险柜 | D25: GAV0040 | E25: 宁波金盾 | F25: 台 | G25: 1 | H25: 办公室 | I25: 40452 | J25: 40452 | K25: 3 | L25: 待报废 | M25: 20000 | P25: 500 | R25: 500
A26: 19 | B26: 1760196 | C26: 笔记本电脑 | D26: 联想R52 | E26: 联想 | F26: 台 | G26: 1 | H26: 办公室 | I26: 40452 | J26: 40452 | K26: 3 | L26: 待报废 | M26: 4600 | P26: 50 | R26: 50
A27: 20 | B27: 1760197 | C27: 笔记本电脑 | D27: 联想R52 | E27: 联想 | F27: 台 | G27: 1 | H27: 办公室 | I27: 40452 | J27: 40452 | K27: 3 | L27: 待报废 | M27: 4699 | P27: 100 | R27: 100
A28: 21 | B28: 1760199 | C28: 打卡机 | F28: 台 | G28: 1 | H28: 办公室 | I28: 40452 | J28: 40452 | K28: 3 | L28: 待报废 | M28: 3550 | P28: 50 | R28: 50
A29: 22 | B29: 1760200 | C29: 照相机 | D29: F665EX | E29: 富士 | F29: 台 | G29: 1 | H29: 办公室 | I29: 40452 | J29: 40452 | K29: 3 | L29: 待报废 | M29: 1399 | P29: 50 | R29: 50
A30: 23 | B30: 1760202 | C30: 电视机 | F30: 台 | G30: 1 | H30: 办公室 | I30: 40452 | J30: 40452 | K30: 3 | L30: 待报废 | M30: 3950 | P30: 50 | R30: 50
A31: 24 | B31: 1760203 | C31: 电脑 | D31: 扬天AS01 | E31: 联想 | F31: 台 | G31: 1 | H31: 办公室 | I31: 40452 | J31: 40452 | K31: 3 | L31: 待报废 | M31: 5600 | P31: 50 | R31: 50
A32: 25 | B32: 1760204 | C32: 投影仪 | F32: 台 | G32: 1 | H32: 办公室 | I32: 40452 | J32: 40452 | K32: 3 | L32: 待报废 | M32: 5200 | P32: 100 | R32: 100
A33: 26 | B33: 1760205 | C33: 格力空调 | D33: KFR-72LW | E33: 格力 | F33: 台 | G33: 1 | H33: 办公室 | I33: 40452 | J33: 40452 | K33: 3 | L33: 待报废 | M33: 26500 | P33: 800 | R33: 800
A34: 27 | B34: 1760206 | C34: 专线服务设备 | D34: MA5616 | E34: 华为 | F34: 台 | G34: 1 | H34: 办公室 | I34: 40452 | J34: 40452 | K34: 3 | L34: 待报废 | M34: 35714 | P34: 1500 | R34: 1500
A35: 28 | B35: 1760207 | C35: 立式空调 | D35: KFR-72LW | E35: 格力 | F35: 台 | G35: 1 | H35: 办公室 | I35: 40452 | J35: 40452 | K35: 3 | L35: 待报废 | M35: 6980 | P35: 300 | R35: 300
A36: 29 | B36: 1760208 | C36: 电脑 | D36: 组装 | E36: 联想 | F36: 台 | G36: 1 | H36: 办公室 | I36: 40452 | J36: 40452 | K36: 3 | L36: 待报废 | M36: 7333.33 | P36: 50 | R36: 50
A37: 30 | B37: 1760209 | C37: 电脑 | D37: 组装 | E37: 联想 | F37: 台 | G37: 1 | H37: 办公室 | I37: 40452 | J37: 40452 | K37: 3 | L37: 待报废 | M37: 7333.33 | P37: 50 | R37: 50
A38: 31 | B38: 1760210 | C38: 电脑 | D38: 惠普组装机 | E38: 惠普 | F38: 台 | G38: 1 | H38: 办公室 | I38: 40452 | J38: 40452 | K38: 3 | L38: 待报废 | M38: 7333.33 | P38: 50 | R38: 50
A39: 32 | B39: 1966195 | C39: 调度通讯系统 | F39: 台 | G39: 1 | H39: 调度室 | I39: 40452 | J39: 40452 | K39: 3 | L39: 待报废 | M39: 412817.95 | P39: 0 | R39: 0
A40: 33 | B40: 1966196 | C40: 财务核算系统设备 | D40: AF-1360 | E40: 深信服 | F40: 台 | G40: 1 | H40: 办公室 | I40: 40452 | J40: 40452 | K40: 3 | L40: 待报废 | M40: 78509.39 | P40: 2000 | R40: 2000
A41: 34 | B41: 1966197 | C41: 财务核算系统接入设备 | D41: LS-3100V2-26TP-EI | E41: 华三通信技术有限公司 | F41: 台 | G41: 1 | H41: 办公室 | I41: 40452 | J41: 40452 | K41: 3 | L41: 待报废 | M41: 3184.62 | P41: 100 | R41: 100
A42: 35 | B42: 1966198 | C42: 执法网系统 | F42: 台 | G42: 1 | H42: 办公室 | I42: 40452 | J42: 40452 | K42: 3 | L42: 待报废 | M42: 235777.78 | P42: 8000 | R42: 8000
A43: 36 | B43: 1966200 | C43: 防盗门 | D43: 2米高 | E43: 步阳 | F43: 台 | G43: 1 | H43: 办公室 | I43: 40452 | J43: 40452 | K43: 3 | L43: 待报废 | M43: 4800 | P43: 150 | R43: 150
A44: 37 | B44: 2162199 | C44: 惠普大幅面打印机 | E44: 惠普 | F44: 台 | G44: 1 | H44: 银宇矿 | I44: 40452 | J44: 40452 | K44: 3 | L44: 调拨 | M44: 36752.14
A45: 38 | B45: 8533456 | C45: 洗澡电热水器 | D45: DJF55-MC | E45: 华帝 | F45: 台 | G45: 1 | H45: 澡堂 | I45: 42825 | J45: 41061 | K45: 3 | L45: 闲置 | M45: 1944 | P45: 700 | Q45: 15 | R45: 105 | T45: 二手设备
A46: 39 | B46: 8533457 | C46: 洗澡电热水器 | D46: DJF55-MC | E46: 华帝 | F46: 台 | G46: 1 | H46: 澡堂 | I46: 42825 | J46: 41061 | K46: 3 | L46: 闲置 | M46: 1944 | P46: 700 | Q46: 15 | R46: 105 | T46: 二手设备
A47: 40 | B47: 8533458 | C47: 洗澡电热水器 | D47: DJF55-MC | E47: 华帝 | F47: 台 | G47: 1 | H47: 澡堂 | I47: 42825 | J47: 41061 | K47: 3 | L47: 闲置 | M47: 1944 | P47: 700 | Q47: 15 | R47: 105 | T47: 二手设备
A48: 41 | B48: 8533459 | C48: 洗澡电热水器 | D48: DJF55-MC | E48: 华帝 | F48: 台 | G48: 1 | H48: 澡堂 | I48: 42825 | J48: 41061 | K48: 3 | L48: 闲置 | M48: 1944 | P48: 700 | Q48: 15 | R48: 105 | T48: 二手设备
A49: 42 | B49: 8533460 | C49: 洗澡电热水器 | D49: DJF55-MC | E49: 华帝 | F49: 台 | G49: 1 | H49: 澡堂 | I49: 42825 | J49: 41061 | K49: 3 | L49: 闲置 | M49: 1944 | P49: 700 | Q49: 15 | R49: 105 | T49: 二手设备
A50: 43 | B50: 8533461 | C50: 洗澡电热水器 | D50: DJF55-MC | E50: 华帝 | F50: 台 | G50: 1 | H50: 澡堂 | I50: 42825 | J50: 41061 | K50: 3 | L50: 闲置 | M50: 1944 | P50: 700 | Q50: 15 | R50: 105 | T50: 二手设备
A51: 44 | B51: 8533462 | C51: 洗澡电热水器 | D51: DJF55-MC | E51: 华帝 | F51: 台 | G51: 1 | I51: 42825 | J51: 41061 | K51: 3 | L51: 无实物 | M51: 1944 | P51: 0 | R51: 0
A52: 45 | B52: 8533463 | C52: 蒸箱 | F52: 台 | G52: 1 | H52: 食堂 | I52: 42825 | J52: 42825 | K52: 3 | L52: 待报废 | M52: 6478 | P52: 200 | R52: 200
A53: 46 | B53: 8533464 | C53: 冰柜 | D53: BDX-215A | F53: 台 | G53: 1 | H53: 食堂 | I53: 42825 | J53: 42825 | K53: 3 | L53: 待报废 | M53: 1232.5 | P53: 50 | R53: 50
A54: 47 | B54: 8533465 | C54: 冰柜 | D54: BDX-215A | F54: 台 | G54: 1 | H54: 食堂 | I54: 42825 | J54: 42825 | K54: 3 | L54: 待报废 | M54: 1232.5 | P54: 50 | R54: 50
A55: 48 | B55: 8533466 | C55: 柴油灶 | D55: 双灶 | F55: 台 | G55: 1 | H55: 食堂 | I55: 42825 | J55: 42825 | K55: 3 | L55: 待报废 | M55: 5760 | P55: 200 | R55: 200
A56: 49 | B56: 8533467 | C56: 电脑 | D56: 组装 | F56: 台 | G56: 1 | H56: 办公室 | I56: 42825 | J56: 42825 | K56: 3 | L56: 待报废 | M56: 2816 | P56: 100 | R56: 100
A57: 50 | B57: 8533468 | C57: 打印机 | D57: CP1215 | F57: 台 | G57: 1 | H57: 办公室 | I57: 42825 | J57: 42825 | K57: 3 | L57: 待报废 | M57: 693 | P57: 100 | R57: 100
A58: 51 | B58: 8533469 | C58: 打印机 | D58: SCX-4321 | F58: 台 | G58: 1 | H58: 办公室 | I58: 42825 | J58: 42825 | K58: 3 | L58: 待报废 | M58: 635 | P58: 50 | R58: 50
A59: 52 | B59: 8533470 | C59: 电脑 | D59: KX6600 | F59: 台 | G59: 1 | H59: 办公室 | I59: 42825 | J59: 42825 | K59: 3 | L59: 待报废 | M59: 1972 | P59: 50 | R59: 50
A60: 53 | B60: 8533471 | C60: 电脑 | D60: FR999 | F60: 台 | G60: 1 | H60: 办公室 | I60: 42825 | J60: 42825 | K60: 3 | L60: 待报废 | M60: 1798 | P60: 50 | R60: 50
A61: 54 | B61: 8533472 | C61: 复印机 | D61: 7500A | F61: 台 | G61: 1 | H61: 银宇矿 | I61: 42825 | J61: 40756 | K61: 3 | L61: 调拨 | M61: 2924
A62: 55 | B62: 8533473 | C62: 电脑监控 | F62: 台 | G62: 1 | H62: 库房 | I62: 42825 | J62: 42825 | K62: 3 | L62: 待报废 | M62: 7912 | P62: 300 | R62: 300
A69: 电子设备合计 | M69: 1074855.2 | N69: 0 | O69: 0 | P69: 21090 | R69: 17520
A70: 减：电子设备减值准备 | N70: 0
A71: 电子设备净额 | M71: 1074855.2 | N71: 0 | P71: 21090 | R71: 17520

Sheet 4-6-8土地
A1: 返回索引目录
A2: 固定资产—土地评估明细表
A3: ="评估基准日："&TEXT(基本信息输入表!M7,"yyyy年mm月dd日") -> 评估基准日：2020年03月31日
Q4: 表4-6-8
A5: =基本信息输入表!K6&"："&基本信息输入表!M6 -> 被评估单位：山西华润昌裕煤业有限公司 | R5: 金额单位：人民币元
A6: 序号 | B6: 土地权证编号 | C6: 证载权利人 | D6: 宗地名称 | E6: 土地位置 | F6: 是否空地 | G6: 取得日期 | H6: 终止日期 | I6: 用地性质 | J6: 土地用途 | K6: 准用年限 | L6: 开发程度 | M6: 面积(m2) | N6: 原始入账价值 | O6: 账面价值 | P6: 评估价值 | Q6: 增值率% | R6: 备注
S7: 唯一标识列
A8: =IF(D8="","",ROW()-7) | Q8: =IF(O8=0,"",(P8-O8)/O8*100) | S8: AS1
A9: =IF(D9="","",ROW()-7) | Q9: =IF(O9=0,"",(P9-O9)/O9*100) | S9: AS2
A10: =IF(D10="","",ROW()-7) | Q10: =IF(O10=0,"",(P10-O10)/O10*100) | S10: AS3
A11: =IF(D11="","",ROW()-7) | Q11: =IF(O11=0,"",(P11-O11)/O11*100) | S11: AS4
A12: =IF(D12="","",ROW()-7) | Q12: =IF(O12=0,"",(P12-O12)/O12*100) | S12: AS5
A13: =IF(D13="","",ROW()-7) | Q13: =IF(O13=0,"",(P13-O13)/O13*100) | S13: AS6
A14: =IF(D14="","",ROW()-7) | Q14: =IF(O14=0,"",(P14-O14)/O14*100) | S14: AS7
S15: AS8
S16: AS9
A17: =IF(D17="","",ROW()-7) | Q17: =IF(O17=0,"",(P17-O17)/O17*100) | S17: AS10
A18: =IF(D18="","",ROW()-7) | Q18: =IF(O18=0,"",(P18-O18)/O18*100) | S18: AS11
A19: =IF(D19="","",ROW()-7) | Q19: =IF(O19=0,"",(P19-O19)/O19*100) | S19: AS12
A20: =IF(D20="","",ROW()-7) | Q20: =IF(O20=0,"",(P20-O20)/O20*100) | S20: AS13
A21: =IF(D21="","",ROW()-7) | Q21: =IF(O21=0,"",(P21-O21)/O21*100) | S21: AS14
A22: =IF(D22="","",ROW()-7) | Q22: =IF(O22=0,"",(P22-O22)/O22*100) | S22: AS15
A23: =IF(D23="","",ROW()-7) | Q23: =IF(O23=0,"",(P23-O23)/O23*100) | S23: AS16
A24: =IF(D24="","",ROW()-7) | Q24: =IF(O24=0,"",(P24-O24)/O24*100) | S24: AS17
A25: =IF(D25="","",ROW()-7) | Q25: =IF(O25=0,"",(P25-O25)/O25*100) | S25: AS18
A26: =IF(D26="","",ROW()-7) | Q26: =IF(O26=0,"",(P26-O26)/O26*100) | S26: AS19
A27: 合 计 | N27: =SUM(N8:N26) -> 0 | O27: =SUM(O8:O26) -> 0 | P27: =SUM(P8:P26) -> 0 | Q27: =IF(O27=0,"",(P27-O27)/O27*100)
A28: =基本信息输入表!$K$6&"填表人："&基本信息输入表!$M$63 -> 被评估单位填表人：阎丽红 | P28: ="评估人员："&基本信息输入表!$Q$63 -> 评估人员：孙艳平 | S28: 打印边界
A29: ="填表日期："&YEAR(基本信息输入表!$O$64)&"年"&MONTH(基本信息输入表!$O$64)&"月"&DAY(基本信息输入表!$O$64)&"日" -> 填表日期：2020年4月25日

Sheet 4-6-9船舶
A1: 返回索引目录
A2: 固定资产--船舶清查评估明细表
AS3: 表4-6-9
A4: ="评估基准日："&TEXT(基本信息输入表!M7,"yyyy年mm月dd日") -> 评估基准日：2020年03月31日
A5: =基本信息输入表!K6&"："&基本信息输入表!M6 -> 被评估单位：山西华润昌裕煤业有限公司 | AS5: 金额单位：人民币元
A6: 序号 | B6: 船舶编号 | C6: 船舶名称 | D6: 船舶类型 | E6: 建造厂家 | F6: 已行驶海里 | G6: 额定功率 | H6: 额定载重(客)量 | I6: 满载排水量(t) | J6: 空载排水量(t) | K6: 满载吃水(m) | L6: 空载吃水(m) | M6: 空船重量(t) | N6: 定员(人) | O6: 航速(节) | P6: 航区 | Q6: 船级社 | R6: 总吨位 | S6: 净吨位 | T6: 货舱涂层 | U6: 船舶主尺度 | X6: 最近一次船检情况 | AB6: 主机 | AD6: 发电机 | AG6: 购置日期 | AH6: 启用日期 | AI6: 建造完成日期 | AJ6: 合同价(美元或人民币) | AL6: 账面价值 | AN6: 计提减值准备金额 | AO6: 评估价值 | AR6: 增值率% | AS6: 备注
U7: 船长 | V7: 型宽 | W7: 型深 | X7: 船体 | Y7: 轮机 | Z7: 舾装 | AA7: 电气 | AB7: 生产厂商、型号、功率、转速 | AC7: 数量 | AD7: 原动机生产厂商、型号、功率、转速 | AE7: 主发电机功率(KW) | AF7: 数量 | AJ7: 美元($) | AK7: 人民币(￥) | AL7: 原值 | AM7: 净值 | AO7: 原值 | AP7: 成新率% | AQ7: 净值 | AT7: 唯一标识列
AR8: =IF(AM8-AN8=0,"",(AQ8-AM8+AN8)/(AM8-AN8)*100) | AT8: AT1
AR9: =IF(AM9-AN9=0,"",(AQ9-AM9+AN9)/(AM9-AN9)*100) | AT9: AT2
AR10: =IF(AM10-AN10=0,"",(AQ10-AM10+AN10)/(AM10-AN10)*100) | AT10: AT3
AR11: =IF(AM11-AN11=0,"",(AQ11-AM11+AN11)/(AM11-AN11)*100) | AT11: AT4
AR12: =IF(AM12-AN12=0,"",(AQ12-AM12+AN12)/(AM12-AN12)*100) | AT12: AT5
AR13: =IF(AM13-AN13=0,"",(AQ13-AM13+AN13)/(AM13-AN13)*100) | AT13: AT6
AR14: =IF(AM14-AN14=0,"",(AQ14-AM14+AN14)/(AM14-AN14)*100) | AT14: AT7
AR15: =IF(AM15-AN15=0,"",(AQ15-AM15+AN15)/(AM15-AN15)*100) | AT15: AT8
AR16: =IF(AM16-AN16=0,"",(AQ16-AM16+AN16)/(AM16-AN16)*100) | AT16: AT9
AR17: =IF(AM17-AN17=0,"",(AQ17-AM17+AN17)/(AM17-AN17)*100) | AT17: AT10
AR18: =IF(AM18-AN18=0,"",(AQ18-AM18+AN18)/(AM18-AN18)*100) | AT18: AT11
AR19: =IF(AM19-AN19=0,"",(AQ19-AM19+AN19)/(AM19-AN19)*100) | AT19: AT12
... AR24: =IF(AM24-AN24=0,"",(AQ24-AM24+AN24)/(AM24-AN24)*100) | AT24: AT17
A25: 船舶合计 | AL25: =SUM(AL8:AL24) -> 0 | AM25: =SUM(AM8:AM24) -> 0 | AN25: =SUM(AN8:AN24) -> 0 | AO25: =SUM(AO8:AO24) -> 0 | AQ25: =SUM(AQ8:AQ24) -> 0 | AR25: =IF(AM25-AN25=0,"",(AQ25-AM25+AN25)/(AM25-AN25)*100)
A26: 减：船舶减值准备 | AM26: =AN25 -> 0 | AR26: =IF(AM26-AN26=0,"",(AQ26-AM26+AN26)/(AM26-AN26)*100)
A27: 船舶净额 | AL27: =AL25-AL26 -> 0 | AM27: =AM25-AM26 -> 0 | AO27: =AO25-AO26 -> 0 | AQ27: =AQ25-AQ26 -> 0 | AR27: =IF(AM27-AN27=0,"",(AQ27-AM27+AN27)/(AM27-AN27)*100)
A28: =基本信息输入表!$K$6&"填表人："&基本信息输入表!$M$64 -> 被评估单位填表人：阎丽红 | AO28: ="评估人员："&基本信息输入表!$Q$64 -> 评估人员：孙艳平
A29: ="填表日期："&YEAR(基本信息输入表!$O$64)&"年"&MONTH(基本信息输入表!$O$64)&"月"&DAY(基本信息输入表!$O$64)&"日" -> 填表日期：2020年4月25日

Sheet 4-7在建工程汇总
A1: 在建工程汇总表
A2: 评估基准日：2020年03月31日
F3: 表4-7
A4: 产权所有单位：山西华润昌裕煤业有限公司 | F4: 金额单位：人民币元
A5: 编号 | B5: 科目名称 | C5: 账面价值 | D5: 评估价值 | E5: 增减值 | F5: 增值率%
A6: 4-7-1 | B6: 在建工程—土建工程 | C6: 2.5231582e+08 | D6: 27770661 | E6: -2.2454516e+08 | F6: -88.99369
A7: 4-7-2 | B7: 在建工程—设备安装工程 | C7: 19181594 | D7: 3435898 | E7: -15745696 | F7: -82.087526
A8: 4-7-3 | B8: 待摊投资 | C8: 0 | D8: 0 | E8: 0
A24: 在建工程合计 | C24: 2.7149741e+08 | D24: 31206559 | E24: -2.4029085e+08 | F24: -88.505762
A25: 减：在建工程减值准备 | C25: 2.0440754e+08 | E25: -2.0440754e+08 | F25: -100
A26: 在建工程净额 | C26: 67089869 | D26: 31206559 | E26: -35883310 | F26: -53.485438

Sheet 4-7-1在建（土建）
A1: 返回索引目录
A2: 在建工程—土建工程明细表
A3: 评估基准日：2020年03月31日
R4: 表4-7-1
A5: 产权持有单位：山西华润昌裕煤业有限公司 | R5: 金额单位：人民币元
A6: 序号 | B6: 项目名称 | C6: 结构 | D6: 规格尺寸 | E6: 建成日期/发生日期 | F6: 建筑面积/容积 （m2/m3） | G6: 形象进度 | H6: 付款比例 | I6: 概算金额(元) | J6: 计量单位 | K6: 资产状态 | L6: 建筑规划许可证 (有/无) | M6: 建筑开工许可证 (有/无) | N6: 账面价值 | O6: 计提减值准备金额 | P6: 评估价值 | Q6: 增值率% | R6: 备注
A8: 1 | B8: 副井井口防洪沟工程 | C8: 石砌/毛石 | D8: 50*0.6*0.4 | E8: 41275 | F8: 12 | J8: m³ | K8: 已坍塌 | N8: 20000 | P8: 0 | Q8: -100 | R8: 石砌20m，毛30m，已坍塌
A9: 2 | B9: 风井场地 | D9: 20m*20m | E9: 40909 | K9: 在用 | N9: 690000 | P9: 0 | Q9: -100 | R9: 拆分评估
A10: 2-1 | B10: 风井安全通道工程 | C10: 混凝土浇筑 | D10: 圆拱/断面2㎡ | E10: 40909 | F10: 10 | J10: m | K10: 在用 | P10: 1961
A11: 2-2 | B11: 风洞、防爆门、防爆筒工程 | C11: 混凝土浇筑 | D11: 2段/圆拱/断面10㎡ | E11: 40909 | F11: 20 | J11: m | K11: 在用 | P11: 3922
A12: 2-3 | B12: 风井场地土石方回填工程 | C12: 煤矸石、黄土 | D12: 30*20 | E12: 40909 | F12: 600 | J12: m³ | K12: 在用 | P12: 188700
A13: 2-4 | B13: 风井场地道路及引风机基础 | C13: 混凝土浇筑 | D13: 4*500 | E13: 40909 | F13: 500 | J13: m | K13: 在用 | P13: 70781
A14: 2-5 | B14: 风机房值班室工程 | C14: 砖混 | D14: 15*8*3 | E14: 40909 | F14: 120 | J14: ㎡ | K14: 在用 | P14: 64260
A15: 3 | B15: 井口宿舍、调度室等14项零星工程 | K15: 在用 | N15: 450000 | P15: 0 | Q15: -100 | R15: 评估值已含在各项工程中
A16: 4 | B16: 主井口皮带机头房工程 | C16: 钢结构 | D16: 10*4*4.15 | E16: 41275 | F16: 40 | J16: ㎡ | K16: 在用 | N16: 145350 | P16: 64600 | Q16: -55.555556
A17: 5 | B17: 主井皮带机机头基础及主井口上部山体开挖工程 | C17: 石砌 | D17: 4*4 | E17: 41275 | F17: 20 | J17: m³ | K17: 在用 | N17: 137600 | P17: 61200 | Q17: -55.523256
A18: 6 | B18: 污水处理 | C18: 砖混 | D18: 矿井13*8*9/生活5*4*3 | E18: 41640 | F18: 996 | J18: m³ | K18: 在用 | N18: 1971139.3 | P18: 1496955 | Q18: -24.056357 | R18: 含设备
A19: 7 | B19: 主井井口房工程 | C19: 砖混 | D19: 15.5*5.5*4.8 | E19: 41275 | F19: 85.25 | J19: ㎡ | K19: 在用 | N19: 771000 | P19: 338760 | Q19: -56.062257 | R19: 含挡墙
A20: 8 | B20: 引风道及通风机平台工程 | C20: 混凝土 | D20: 20m*15m | E20: 41275 | F20: 300 | J20: ㎡ | K20: 在用 | N20: 62660 | P20: 248640 | Q20: 296.80817 | R20: 含地基，土方回填，挡墙，排水沟，与170项为同一资产
A21: 9 | B21: 消防水池 | C21: 砖混 | D21: 200方 | E21: 41275 | F21: 200 | J21: m³ | K21: 在用 | N21: 356500 | P21: 251584 | Q21: -29.429453
A22: 10 | B22: 双回路供电工程 | D22: 8.94 | E22: 41275 | F22: 8.94 | J22: 公里 | K22: 闲置 | N22: 10430000 | P22: 9535152 | Q22: -8.579559 | R22: 含设备(设备未安装)
A23: 11 | B23: 主斜井绞车基础挡墙及绞车安装 | C23: 毛石砌筑 | E23: 41275 | F23: 24 | J23: m³ | K23: 在用 | N23: 156900 | P23: 69360 | Q23: -55.793499
A24: 12 | B24: 深井 | C24: 石砌 | D24: 直径0.8m | E24: 39448 | F24: 20 | J24: m | K24: 在用 | N24: 16729.92 | P24: 11269 | Q24: -32.641638
A25: 13 | B25: 原主井口沟坝 | D25: 20m*3m | K25: 已拆除 | N25: 13239.2 | P25: 0 | Q25: -100 | R25: 2011年古交政府封闭技咨井口时拆除
A26: 14 | B26: 主井皮带防雨棚 | C26: 彩钢 | D26: 22*4*4.15 | E26: 41275 | F26: 88 | J26: ㎡ | K26: 在用 | N26: 93100 | P26: 41160 | Q26: -55.789474
A27: 15 | B27: 联合建筑工程（装饰材料） | D27: 3层，56米长，15.3米宽，10.5米高 | K27: 在用 | N27: 306732 | P27: 0 | Q27: -100 | R27: 属于甲供材料，已包含在建筑内。在联合建筑中评估
A28: 16 | B28: 回风立井彩钢房及30立方米蓄水池 | C28: 砖混 | D28: 30m³ | E28: 40909 | F28: 30 | J28: m³ | K28: 闲置 | N28: 96020 | P28: 40108 | Q28: -58.229536
A29: 17 | B29: 100立方米中转水池 | C29: 砖混 | D29: 100m³ | E29: 41275 | F29: 100 | J29: m³ | K29: 闲置 | N29: 112800 | P29: 51000 | Q29: -54.787234
A30: 18 | B30: 主井口混泥土护坡及皮带机头至绞车房 | C30: 毛石混凝土 | D30: 32*5 | E30: 41275 | F30: 160 | J30: ㎡ | K30: 在用 | N30: 245000 | P30: 105400 | Q30: -56.979592
A31: 19 | B31: 四通一平工程 | E31: 40909 | F31: 1817 | J31: ㎡ | K31: 已拆除 | N31: 68242 | P31: 0 | Q31: -100
A32: 20 | B32: 回风立井架线工程 | D32: 1500m | E32: 40544 | K32: 已拆除 | N32: 38471 | P32: 0 | Q32: -100 | R32: 已拆除
A33: 21 | B33: 场区道路工程 | C33: 毛石砌筑 | D33: 50*6.5 | E33: 41275 | F33: 240 | J33: m³ | K33: 在用 | N33: 82477 | P33: 69768 | Q33: -15.409144
A34: 22 | B34: 路基护坡 | C34: 毛石砌筑 | D34: 长50米，高6.5米 | E34: 41275 | F34: 240 | J34: m³ | K34: 在用 | N34: 160000 | P34: 139536 | Q34: -12.79
A35: 23 | B35: 主井井口房地基处理工程 | C35: 浇筑 | D35: 15.5*5.5*1 | E35: 41275 | F35: 85.25 | J35: m³ | K35: 在用 | N35: 358000 | P35: 157600 | Q35: -55.977654
A36: 24 | B36: 绞车房 | C36: 砖木 | D36: 高2.5米 | E36: 37834 | F36: 24 | J36: ㎡ | K36: 在用 | N36: 18504 | P36: 6120 | Q36: -66.92607
A37: 25 | B37: 1号绞车房 | C37: 砖木 | D37: 20㎡ | E37: 37834 | F37: 24.4 | J37: ㎡ | K37: 已拆除 | N37: 16938.48 | P37: 0 | Q37: -100 | R37: 2011年古交政府封闭技咨井口时拆除
A38: 26 | B38: 2号绞车房 | C38: 砖木 | D38: 长6米，宽4米，高3米 | E38: 39569 | F38: 46.9 | J38: ㎡ | K38: 闲置 | N38: 35850.36 | P38: 11970 | Q38: -66.611214
A39: 27 | B39: 发电机房 | C39: 砖混 | D39: 15*8*7 | E39: 41275 | F39: 120 | J39: ㎡ | K39: 闲置 | N39: 244000 | P39: 61200 | Q39: -74.918033
A40: 28 | B40: 主井口皮带机头房工程 | D40: 30㎡ | K40: 已拆除 | N40: 7650 | P40: 0 | Q40: -100 | R40: 现用主井口改扩建时拆除
A41: 29 | B41: 回风立井山体护坡挡墙、排水沟 | C41: 毛石砌筑 | D41: 80*5*1 | E41: 41275 | F41: 400 | J41: m³ | K41: 已倒塌 | N41: 925800 | P41: 0 | Q41: -100 | R41: 已倒塌
A42: 30 | B42: 高山水池 | C42: 混凝土浇筑 | E42: 40909 | F42: 200 | J42: m³ | K42: 闲置 | N42: 358000 | P42: 145447 | Q42: -59.372346
A43: 31 | B43: 热力管网地沟 | E43: 41275 | K43: 在用 | N43: 486562 | P43: 428032 | Q43: -12.029299
A44: 32 | B44: 材料库大院 | C44: 砖混 | D44: 130*30*2.5 | E44: 39448 | F44: 130 | J44: m | K44: 在用 | N44: 110000 | P44: 52982 | Q44: -51.834545
A45: 33 | B45: 地面火药库防护栏 | D45: 200m | K45: 已拆除 | N45: 24000 | P45: 0 | Q45: -100 | R45: 建设新炸药库时拆除
A46: 34 | B46: 职工宿舍 | C46: 砖木 | D46: 60㎡ | E46: 37834 | F46: 76 | J46: ㎡ | K46: 已拆除 | N46: 51363.84 | P46: 0 | Q46: -100 | R46: 准备建设储煤棚时拆除
A47: 35 | B47: 发电机房 | C47: 砖木 | D47: 20㎡ | E47: 39904 | F47: 61.6 | J47: ㎡ | K47: 已拆除 | N47: 47627.91 | O47: 47627.91 | P47: 0 | R47: 现用主井口改扩建时拆除
A48: 36 | B48: 机头房 | C48: 砖木 | D48: 15㎡ | E48: 39904 | F48: 30 | J48: ㎡ | K48: 已拆除 | N48: 22809.6 | O48: 22809.6 | P48: 0 | R48: 现用主井口改扩建时拆除
A49: 37 | B49: 办公房 | C49: 砖木 | D49: 0 | E49: 37834 | F49: 305.1 | J49: ㎡ | K49: 无实物 | N49: 207004.16 | P49: 0 | Q49: -100 | R49: 无实物
A50: 38 | B50: 厨房 | C50: 砖木 | D50: 20㎡ | E50: 38169 | F50: 26.46 | J50: ㎡ | K50: 已拆除 | N50: 18744.08 | P50: 0 | Q50: -100 | R50: 现用主井口改扩建时拆除
A51: 39 | B51: 厨房 | C51: 砖木 | D51: 20㎡ | E51: 39630 | F51: 21 | J51: ㎡ | K51: 已拆除 | N51: 15523.2 | P51: 0 | Q51: -100 | R51: 现用主井口改扩建时拆除
A52: 40 | B52: 炸药库 | E52: 41275 | K52: 闲置 | N52: 700000 | P52: 0 | Q52: -100 | R52: 拆除旧炸药库新建，拆分评估
A53: 40-1 | B53: 硐室2个 | C53: 石砌 | E53: 41275 | F53: 40 | J53: ㎡ | K53: 闲置 | P53: 10200
A54: 40-2 | B54: 房子5间 | C54: 砖混 | E54: 41275 | F54: 50 | J54: ㎡ | K54: 闲置 | P54: 21240
A55: 41 | B55: 煤矿门房 | C55: 砖木 | D55: 15㎡ | E55: 38899 | F55: 10.5 | J55: ㎡ | K55: 已拆除 | N55: 7348.25 | P55: 0 | Q55: -100 | R55: 道路硬化施工时拆除
A56: 42 | B56: 后院门房 | C56: 砖混 | D56: 高3米 | E56: 39295 | F56: 12 | J56: ㎡ | K56: 闲置 | N56: 11201.04 | P56: 8704 | Q56: -22.29293
A57: 43 | B57: 煤矿大门 | C57: 砖 | D57: 4*3*4.5 | E57: 38899 | K57: 已拆除 | N57: 16917.12 | P57: 0 | Q57: -100 | R57: 道路硬化施工时拆除
A58: 44 | B58: 大门（铁门） | C58: 铁门 | D58: 4*3* | E58: 37438 | K58: 已拆除 | N58: 8398.08 | P58: 0 | Q58: -100 | R58: 道路硬化施工时拆除
A59: 45 | B59: 楼门 | C59: 砖混 | D59: 22.8** | E59: 37438 | K59: 已拆除 | N59: 4131.16 | P59: 0 | Q59: -100 | R59: 道路硬化施工时拆除。
A60: 46 | B60: 炸药库大门 | C60: 砖铁 | D60: 10**4 | E60: 38930 | K60: 已拆除 | N60: 1742.4 | P60: 0 | Q60: -100 | R60: 建设新炸药库时拆除
A61: 47 | B61: 煤矿车库大门 | C61: 铁皮、角钢 | D61: 2米*2.5米 | E61: 39295 | K61: 已拆除 | N61: 13300 | P61: 0 | Q61: -100 | R61: 架设井口供水管道、供热管道时拆除
A62: 48 | B62: 大门（3个） | C62: 铁门 | D62: 2米*2.5米 | E62: 39295 | K62: 已拆除 | N62: 85500 | P62: 0 | Q62: -100 | R62: 办公区亮化、美化时拆除
A63: 49 | B63: 取暖工程 | D63: 1000米 | E63: 41275 | K63: 在用 | N63: 2507800 | P63: 2227636 | Q63: -11.171704
A64: 50 | B64: 场区道路硬化 | C64: 混凝土 | D64: 10*700 | E64: 41640 | F64: 7000 | J64: ㎡ | K64: 在用 | N64: 1950000 | P64: 2115304 | Q64: 8.4771282
A65: 51 | B65: 联合建筑 | C65: 框架 | D65: 3层，56米长，15.3米宽，10.5米高 | E65: 41275 | F65: 2570.4 | J65: ㎡ | K65: 闲置 | N65: 4237151 | P65: 4326168 | Q65: 2.1008692 | R65: 案例
A66: 52 | B66: 联合建筑工程（装饰材料） | D66: 3层，56米长，15.3米宽，10.5米高 | N66: 2775 | P66: 0 | Q66: -100 | R66: 在联合建筑中评估
A67: 53 | B67: 炸药库 | C67: 砖混 | D67: 100㎡ | E67: 38930 | F67: 98.07 | J67: ㎡ | K67: 已拆除 | N67: 88618.53 | P67: 0 | Q67: -100 | R67: 建设新炸药库时拆除。
A68: 54 | B68: 二层库房 | C68: 半框架 | D68: 37米长，10米宽，2层，7米高 | E68: 37012 | F68: 740 | J68: ㎡ | K68: 闲置 | N68: 1034091.5 | P68: 259470 | Q68: -74.90841
A69: 55 | B69: 小库房 | C69: 砖混 | D69: 长7m，宽4m，高4米 | E69: 37012 | F69: 28 | J69: ㎡ | K69: 闲置 | N69: 17538.05 | P69: 8940 | Q69: -49.02512
A70: 56 | B70: 锅炉房 | C70: 砖混 | D70: 高11米 | E70: 37012 | F70: 272 | J70: ㎡ | K70: 闲置 | N70: 232516.48 | P70: 57800 | Q70: -75.141547
A71: 57 | B71: 小库房 | C71: 砖混 | D71: 20㎡ | E71: 37012 | F71: 51.5 | J71: ㎡ | K71: 已拆除 | N71: 43979.54 | P71: 0 | Q71: -100 | R71: 办公区亮化、美化时拆除
A72: 58 | B72: 补：配电室房 | C72: 砖混 | D72: 6米长，4米宽，3米高 | E72: 37438 | F72: 24 | J72: ㎡ | K72: 闲置 | N72: 17114 | P72: 8430 | Q72: -50.742083
A73: 59 | B73: 绞车房 | C73: 砖木 | D73: 20㎡ | E73: 38139 | F73: 16 | J73: ㎡ | K73: 已拆除 | N73: 10102.4 | O73: 10102.4 | P73: 0 | R73: 扩建回风立井时拆除
A74: 60 | B74: 油库3间 | C74: 砖混 | D74: 长12米，宽8米，高4米 | E74: 39630 | F74: 96 | J74: ㎡ | K74: 闲置 | N74: 114624 | P74: 30600 | Q74: -73.30402
A75: 61 | B75: 职工食堂 | C75: 砖混 | D75: 24米长，4米宽，高3.5米 | E75: 37012 | F75: 96 | J75: ㎡ | K75: 闲置 | N75: 168810 | P75: 69564 | Q75: -58.791541
A76: 62 | B76: 大车库 | C76: 砖混 | D76: 长8米，宽4米，高3.5米 | E76: 37012 | F76: 32 | J76: ㎡ | K76: 闲置 | N76: 42454.1 | P76: 10200 | Q76: -75.974052
A77: 63 | B77: 汽车维修房 | C77: 砖混 | D77: 长8米，宽3米，高3米 | E77: 37012 | F77: 24 | J77: ㎡ | K77: 闲置 | N77: 70594.82 | P77: 8430 | Q77: -88.058614
A78: 64 | B78: 小食堂 | C78: 砖混 | D78: 6米长，4米宽，3米高 | E78: 37012 | F78: 74.4 | J78: ㎡ | K78: 已拆除 | N78: 63727.72 | P78: 0 | Q78: -100 | R78: 已拆除
A79: 65 | B79: 小食堂 | C79: 砖混 | D79: 6米长，4米宽，3米高 | E79: 37012 | F79: 39.15 | J79: ㎡ | K79: 已拆除 | N79: 33197.72 | O79: 33197.72 | P79: 0 | R79: 救护队归置场地时拆除
A80: 66 | B80: 厕所 | C80: 砖混 | D80: 3米高 | E80: 37012 | F80: 32 | J80: ㎡ | K80: 闲置 | N80: 34748 | P80: 10064 | Q80: -71.037182
A81: 67 | B81: 办公楼 | C81: 砖混 | D81: 3层11米 | E81: 37438 | F81: 1710 | J81: ㎡ | K81: 在用 | N81: 2061096.6 | P81: 1279168 | Q81: -37.937505
A82: 68 | B82: 职工宿舍 | C82: 框架 | D82: 3层，38米长，12米宽，11米高 | E82: 37438 | F82: 1368 | J82: ㎡ | K82: 在用 | N82: 2163857.9 | P82: 1424500 | Q82: -34.168504
A83: 69 | B83: 职工澡堂 | C83: 砖混 | D83: 15米长，6米宽，3米高 | E83: 37438 | F83: 90 | J83: ㎡ | K83: 闲置 | N83: 303785.73 | P83: 67328 | Q83: -77.83701
A84: 70 | B84: 茶炉房 | C84: 砖混 | D84: 10㎡ | E84: 37438 | F84: 49.17 | J84: ㎡ | K84: 已拆除 | N84: 42392.49 | O84: 42392.49 | P84: 0 | R84: 办公区亮化、美化时拆除
A85: 71 | B85: 门房 | C85: 砖混 | E85: 37438 | F85: 27 | J85: ㎡ | K85: 在用 | N85: 23278.59 | P85: 20224 | Q85: -13.121886
A86: 72 | B86: 职工宿舍 | C86: 砖混 | D86: 3米长，4米宽，3米高 | E86: 37438 | F86: 8955 | J86: ㎡ | K86: 已拆除 | N86: 76319.84 | P86: 0 | Q86: -100 | R86: 办公区亮化、美化时拆除
A87: 73 | B87: 大门房 | C87: 砖混 | D87: 10㎡ | E87: 37438 | F87: 13.2 | J87: ㎡ | K87: 已拆除 | N87: 11238.48 | P87: 0 | Q87: -100 | R87: 办公区亮化、美化时拆除
A88: 74 | B88: 车库（两层） | C88: 框架 | D88: 50米长，6米宽，8米高，2层 | E88: 37438 | F88: 600 | J88: ㎡ | K88: 在用 | N88: 745272.56 | P88: 535500 | Q88: -28.147093
A89: 75 | B89: 职工宿舍（两层） | C89: 框架 | D89: 50米长，6米宽，8米高，3层 | E89: 37438 | F89: 600 | J89: ㎡ | K89: 在用 | N89: 716459.12 | P89: 669410 | Q89: -6.5668953 | R89: 增加一层简易钢结构3米高，建筑面积合计为900平方米
A90: 76 | B90: 小车库 | C90: 砖混 | D90: 4米宽，8米长，3.5米高 | E90: 37438 | F90: 32 | J90: ㎡ | K90: 在用 | N90: 36547.42 | P90: 10200 | Q90: -72.091053
A91: 77 | B91: 家属住房 | C91: 砖混 | D91: 7排，每排15米长。5米宽。 | E91: 37438 | F91: 525 | J91: ㎡ | K91: 闲置 | N91: 620445.28 | P91: 92040 | Q91: -85.165493
A92: 78 | B92: 家属门面房 | C92: 砖混 | D92: 9米长，5米宽，3米高 | E92: 37438 | F92: 45 | J92: ㎡ | K92: 闲置 | N92: 77633.92 | P92: 33664 | Q92: -56.637511
A93: 79 | B93: 主井房4间 | C93: 砖木 | D93: 长12米，宽4米，高2.5米高 | E93: 38139 | F93: 48 | J93: ㎡ | K93: 闲置 | N93: 43029.84 | P93: 13770 | Q93: -67.998951
A94: 80 | B94: 山上小房 | C94: 砖木 | D94: 长12米，宽4米，高2.5米高 | E94: 38139 | F94: 48 | J94: ㎡ | K94: 闲置 | N94: 5667.84 | O94: 5667.84 | P94: 13770
A95: 81 | B95: 小厕所 | C95: 砖木 | D95: 5*7*3米高 | E95: 38139 | F95: 35 | J95: ㎡ | K95: 闲置 | N95: 2158 | O95: 2158 | P95: 2632
A96: 82 | B96: 矿办公室 | C96: 砖混 | D96: 每间5米宽，7米长，3米高）4间 | E96: 38139 | F96: 140 | J96: ㎡ | K96: 闲置 | N96: 172437.48 | P96: 94888 | Q96: -44.97252
A97: 83 | B97: 职工宿舍 | C97: 砖混 | D97: 每间5米宽，7米长，3米高，7间 | E97: 37438 | F97: 245 | J97: ㎡ | K97: 闲置 | N97: 203984.95 | P97: 154656 | Q97: -24.182642
A98: 84 | B98: 高炉房 | C98: 砖混 | D98: 7.4米长，5米高，3米高 | E98: 38139 | F98: 37 | J98: ㎡ | K98: 闲置 | N98: 24764.88 | P98: 10620 | Q98: -57.116691
A99: 85 | B99: 洗澡堂 | C99: 砖混 | D99: 7.4米长，4米宽，3米高，29.6㎡ | E99: 38139 | F99: 29.6 | J99: ㎡ | K99: 闲置 | N99: 24764.88 | P99: 23528 | Q99: -4.9944922
A100: 86 | B100: 大门外房 | C100: 砖木 | D100: 8米长，5米宽，3米高 | E100: 38139 | F100: 40 | J100: ㎡ | K100: 闲置 | N100: 33724.6 | P100: 11490 | Q100: -65.929915
A101: 87 | B101: 地基2间 | C101: 石砌 | D101: 3m*6m | E101: 38139 | F101: 75.3 | K101: 已拆除 | N101: 16705.05 | P101: 0 | Q101: -100 | R101: 新建调度室拆除
...

Sheet 4-7-2在建（设备）
A1: 在建工程—设备安装工程明细表
A2: 评估基准日：2020年03月31日
V3: 表4-7-2
A4: 产权持有单位：山西华润昌裕煤业有限公司 | V4: 金额单位：人民币元
A5: 序号 | B5: 项目名称 | C5: 设备名称 | D5: 规格型号 | E5: 数量 | F5: 计量单位 | G5: 生产厂家 | H5: 完工日期 | I5: 材质 | J5: 存放地点 | K5: 重量 | L5: 账面价值 | P5: 计提减值准备金额 | Q5: 评估价值 | U5: 增值率% | V5: 备注
L6: 设备费 | M6: 资金成本 | N6: 安装费及其他 | O6: 合计 | Q6: 设备费 | R6: 资金成本 | S6: 安装费及其他 | T6: 合计 | W6: 唯一标识列
A7: 1 | C7: 矿用隔爆馈电开关 | D7: KBZ21-400 | E7: 1 | F7: 台 | H7: 41753 | J7: 井下 | L7: 6837.61 | O7: 6837.61 | P7: 6837.61 | T7: 0 | U7: -100 | V7: 密闭
A8: 2 | C8: 主扇风机 | D8: FBCDZ-8NO20/2.2X110KW | E8: 2 | F8: 台 | H8: 41753 | J8: 回风立井 | L8: 164870.72 | O8: 426495.72 | P8: 164870.72 | T8: 235320 | U8: -44.824769 | V8: 闲置，暂不使用
A9: 3 | C9: 矿用隔爆型磁力启动器 | D9: QBZ-120 | E9: 1 | F9: 台 | H9: 41753 | I9: 铸钢 | J9: 9#层 | K9: 0.5 | L9: 1915.81 | O9: 1965.81 | P9: 1915.81 | T9: 1100 | U9: -44.043422 | V9: 待报废，第四批淘汰设备，已拆卸
A10: 4 | C10: 矿用隔爆型磁力启动器 | D10: QBZ-80 | E10: 1 | F10: 台 | H10: 41753 | I10: 铸钢 | J10: 9#层 | K10: 0.4 | L10: 1744.87 | O10: 1794.87 | P10: 1744.87 | T10: 880 | U10: -50.97138 | V10: 待报废，第四批淘汰设备，已拆卸
A11: 5 | C11: 道路灯 | D11: 12m高 | E11: 25 | F11: 个 | H11: 41753 | J11: 道路上 | L11: 33080.09 | O11: 85470.09 | P11: 33080.09 | T11: 47160 | U11: -44.822803 | V11: 闲置，暂不使用
A12: 6 | C12: 矿用隔爆型LED巷道灯 | D12: 隔爆型LED | E12: 16 | F12: 个 | H12: 41753 | J12: 主斜井筒 | L12: 21095.85 | O12: 54700.85 | P12: 21095.85 | T12: 30180 | U12: -44.827183 | V12: 闲置，暂不使用
A13: 7 | C13: 调度绞车 | D13: JD-1 | E13: 1 | F13: 台 | H13: 41753 | I13: 铁 | J13: 主斜井筒 | K13: 0.3 | L13: 6537.61 | O13: 6837.61 | P13: 6537.61 | T13: 520 | U13: -92.395004 | V13: 待报废，损坏严重，无使用价值，已拆卸
A14: 8 | C14: 矿用潜水泵 | D14: BQW10-220/8-15 | E14: 2 | F14: 台 | H14: 41753 | I14: 铁、铜 | J14: 回风巷 | K14: 0.2/0.037 | L14: 20825.64 | O14: 21025.64 | P14: 20825.64 | T14: 1600 | U14: -92.390244 | V14: 待报废，损坏严重，无使用价值，已拆卸
A15: 9 | C15: 不锈钢多级离心泵 | D15: MD-30X6 | E15: 2 | F15: 台 | H15: 41753 | I15: 铁、铜 | J15: 轨道巷 | K15: 0.2/0.037 | L15: 99099.16 | O15: 99299.16 | P15: 99099.16 | T15: 1600 | U15: -98.388707 | V15: 待报废，损坏严重，无使用价值，已拆卸
A16: 10 | C16: 给煤机 | D16: JLW-3Q=75-300-11N7.5KW | E16: 1 | F16: 台 | H16: 41131 | I16: 铁 | J16: 主斜井筒8号层煤库 | K16: 0.4 | L16: 101400 | O16: 106400 | P16: 101400 | T16: 5000 | U16: -95.300752 | V16: 待报废，损坏严重，无使用价值，已拆卸
A17: 11 | C17: 煤电钻 | E17: 1 | F17: 台 | H17: 42709 | J17: 井下 | L17: 1880.34 | O17: 1880.34 | P17: 1880.34 | T17: 0 | U17: -100 | V17: 密闭
A18: 12 | C18: 煤电钻综合保护 | E18: 1 | F18: 台 | H18: 41791 | J18: 井下 | L18: 7931.63 | O18: 7931.63 | P18: 7931.63 | T18: 0 | U18: -100 | V18: 密闭
A19: 13 | C19: 钻孔测量杆 | E19: 1 | F19: 个 | H19: 41791 | J19: 发电机房 | L19: 13797.44 | O19: 35897.44 | P19: 13797.44 | T19: 20252 | U19: -43.583721 | V19: 闲置，暂不使用
A20: 14 | C20: 刮板运输机 | D20: SGB670/40 | E20: 1 | F20: 台 | H20: 41791 | J20: 9#煤库上 | L20: 39498.38 | O20: 103068.38 | P20: 39498.38 | T20: 58133 | U20: -43.597639 | V20: 闲置，暂不使用
A21: 15 | C21: 沙轮机 | D21: 30 | E21: 1 | F21: 台 | H21: 41792 | J21: 大厅库房 | L21: 660 | O21: 1700 | P21: 660 | T21: 915 | U21: -46.176471 | V21: 闲置，暂不使用
A22: 16 | C22: 水泵 | E22: 1 | F22: 台 | H22: 41793 | J22: 井下 | L22: 4213 | O22: 4213 | P22: 4213 | T22: 0 | U22: -100 | V22: 密闭
A23: 17 | C23: 矿用潜水泵 | E23: 6 | F23: 台 | H23: 41753 | I23: 铁、铜 | J23: 库房大院 | K23: 0.2/0.015 | L23: 53148.38 | O23: 54148.38 | P23: 53148.38 | T23: 1000 | U23: -98.153223 | V23: 待报废，损坏严重，无使用价值，已拆卸
A24: 18 | C24: 通风系统 | E24: 1 | F24: 套 | H24: 41795 | I24: 铁 | J24: 井下 | K24: 0.5 | L24: 156749.14 | O24: 156749.14 | P24: 156749.14 | T24: 860 | U24: -99.451353 | V24: 待报废，损坏严重，无使用价值，已拆卸
A25: 19 | C25: 井下人员定位监测设备 | E25: 1 | F25: 套 | H25: 41796 | I25: 铁 | J25: 井下 | K25: 0.1 | L25: 364957.27 | O25: 364957.27 | P25: 364957.27 | T25: 170 | U25: -99.953419 | V25: 待报废，损坏严重，无使用价值，已拆卸
A26: 20 | C26: 监测监控系统 | D26: KJ160N | E26: 1 | F26: 套 | H26: 41797 | I26: 铁 | J26: 井下 | K26: 0.2 | L26: 286410.24 | O26: 286410.24 | P26: 286410.24 | T26: 340 | U26: -99.881289 | V26: 待报废，损坏严重，无使用价值，已拆卸
A27: 21 | C27: 隔爆型局部通风机 | D27: FBDNO56/2X11 | E27: 1 | F27: 台 | H27: 41798 | J27: 9#层 | L27: 15071.24 | O27: 39316.24 | P27: 15071.24 | T27: 22204 | U27: -43.52461 | V27: 闲置，暂不使用
A28: 22 | C28: 监控机柜 | D28: 420=1X0.6X2 | E28: 1 | F28: 台 | H28: 41799 | J28: 调度室 | L28: 1755.38 | O28: 4615.38 | P28: 1755.38 | T28: 2562 | U28: -44.489944 | V28: 闲置，暂不使用
A29: 23 | C29: 风速传感器 | D29: GFW15 | E29: 1 | F29: 台 | H29: 41800 | I29: 铁 | J29: 通风科 | K29: 0.1 | L29: 6666.67 | O29: 6666.67 | P29: 6666.67 | T29: 170 | U29: -97.450001 | V29: 待报废，损坏严重，无使用价值，已拆卸
A30: 24 | C30: 温度传感器 | D30: GW50 | E30: 2 | F30: 台 | H30: 41801 | I30: 铁 | J30: 通风科 | K30: 0.1 | L30: 12136.76 | O30: 12136.76 | P30: 12136.76 | T30: 170 | U30: -98.599297 | V30: 待报废，损坏严重，无使用价值，已拆卸
A31: 25 | C31: 一氧化碳传感器 | D31: GTH500 | E31: 2 | F31: 台 | H31: 41802 | I31: 铁 | J31: 通风科 | K31: 0.1 | L31: 9059.83 | O31: 9059.83 | P31: 9059.83 | T31: 170 | U31: -98.123585 | V31: 待报废，损坏严重，无使用价值，已拆卸
A32: 26 | C32: 供电系统 | E32: 1 | F32: 套 | H32: 41671 | J32: 井下 | L32: 6837.61 | O32: 6837.61 | P32: 6837.61 | T32: 0 | U32: -100 | V32: 统购材料，已出库
A33: 27 | C33: 真空断路器 | D33: ZW8-12G/630-10.5 | E33: 1 | F33: 套 | H33: 41122 | I33: 铁 | J33: 火药库边杆上 | K33: 0.05 | L33: 11636.75 | O33: 12136.75 | P33: 11636.75 | T33: 500 | U33: -95.880281 | V33: 待报废，损坏严重，无使用价值，已拆卸
A34: 28 | C34: 电缆 | D34: 10KV3*35 | E34: 100 | F34: 米 | H34: 41122 | J34: 矿井使用 | L34: 7421.22 | O34: 13675.22 | P34: 7421.22 | T34: 5472 | U34: -59.986019 | V34: 闲置，暂不使用
A35: 29 | C35: 突压电话 | D35: 声能 | E35: 1 | F35: 套 | H35: 41131 | I35: 塑料 | J35: 井下 | K35: 0.1 | L35: 6623.93 | O35: 6623.93 | P35: 6623.93 | T35: 0 | U35: -100 | V35: 待报废，损坏严重，无使用价值，已拆卸
A36: 30 | C36: 紧急呼救器 | D36: 声能800/B | E36: 3 | F36: 个 | H36: 41131 | I36: 铁 | J36: 井下 | K36: 0.01 | L36: 2410.26 | O36: 2410.26 | P36: 2410.26 | T36: 20 | U36: -99.170214 | V36: 待报废，损坏严重，无使用价值，已拆卸
A37: 31 | C37: 引路线 | E37: 1000 | F37: 米 | H37: 41131 | I37: 铁 | J37: 井下 | K37: 0.3 | L37: 3572.65 | O37: 3572.65 | P37: 3572.65 | T37: 520 | U37: -85.444978 | V37: 待报废，损坏严重，无使用价值，已拆卸
A38: 32 | C38: 呼吸校验代 | D38: AJ12型 | E38: 2 | F38: 台 | H38: 41131 | I38: 铁 | J38: 通风科 | K38: 0.05 | L38: 9927.35 | O38: 10427.35 | P38: 9927.35 | T38: 500 | U38: -95.204918 | V38: 待报废，损坏严重，无使用价值，已拆卸
A39: 33 | C39: 矿灯充电架 | D39: ZBS-104 | E39: 2 | F39: 台 | H39: 41131 | J39: 充灯房 | L39: 16240.53 | O39: 29914.53 | P39: 16240.53 | T39: 12048 | U39: -59.725257 | V39: 闲置，暂不使用
A40: 34 | C40: 真空电磁启动器 | E40: 1 | F40: 台 | H40: 41802 | J40: 井下 | L40: 19145.3 | O40: 19145.3 | P40: 19145.3 | T40: 0 | U40: -100 | V40: 密闭,第四批淘汰设备
A41: 35 | C41: 隔爆型真空电磁开关 | E41: 5 | F41: 台 | H41: 41803 | J41: 井下 | L41: 38666.67 | O41: 38666.67 | P41: 38666.67 | T41: 0 | U41: -100 | V41: 密闭,第四批淘汰设备
A42: 36 | C42: 高压真空断路器 | D42: ZW8-12G/P630-10.5 | E42: 1 | F42: 台 | H42: 41804 | I42: 铸钢 | J42: 使用：火药库边杆上 | K42: 0.14 | L42: 11636.75 | O42: 12136.75 | P42: 11636.75 | T42: 500 | U42: -95.880281 | V42: 待报废，损坏严重，无使用价值，已拆卸
A43: 37 | C43: 隔爆型真空电磁启动器 | E43: 1 | F43: 台 | H43: 41805 | J43: 主井口 | L43: 4822.99 | O43: 12752.99 | P43: 4822.99 | T43: 7259 | U43: -43.080015 | V43: 闲置，暂不使用
A44: 38 | C44: 全站仪 | D44: RTS-822R3 | E44: 1 | F44: 台 | H44: 42709 | I44: 铁 | J44: 地测科 | K44: 0.05 | L44: 20000 | O44: 21000 | P44: 20000 | T44: 1000 | U44: -95.238095 | V44: 待报废，损坏严重，无使用价值，已拆卸
A45: 39 | C45: 开关 | D45: QBZ-30 | E45: 1 | F45: 台 | H45: 41928 | I45: 铸钢 | J45: 井下8#层 | K45: 0.15 | L45: 9350.44 | O45: 9350.44 | P45: 9350.44 | T45: 330 | U45: -96.470754 | V45: 待报废，第四批淘汰设备，已拆卸
A46: 40 | C46: 瞬变电磁仪YCS40 | D46: YCS40 | E46: 1 | F46: 台 | H46: 41061 | I46: 铁 | J46: 调度室 | K46: 0.05 | L46: 234444.44 | O46: 244444.44 | P46: 234444.44 | T46: 10000 | U46: -95.909091 | V46: 待报废，损坏严重，无使用价值，已拆卸
A47: 41 | C47: 读卡器 | D47: KJ301-F | E47: 1 | F47: 台 | H47: 41061 | I47: 铁 | J47: 井下9#层 | K47: 0.01 | L47: 20170.94 | O47: 20170.94 | P47: 20170.94 | T47: 20 | U47: -99.900847 | V47: 待报废，损坏严重，无使用价值，已拆卸
A48: 42 | C48: 温度传感器 | D48: GW50 | E48: 2 | F48: 台 | H48: 41061 | I48: 铁 | J48: 井下9#层 | K48: 0.01 | L48: 5470.09 | O48: 5470.09 | P48: 5470.09 | T48: 20 | U48: -99.634375 | V48: 待报废，损坏严重，无使用价值，已拆卸
A49: 43 | C49: 一氧化碳传感器 | D49: GTH500 | E49: 2 | F49: 台 | H49: 41061 | I49: 铁 | J49: 通风科 | K49: 0.01 | L49: 9059.83 | O49: 9059.83 | P49: 9059.83 | T49: 20 | U49: -99.779245 | V49: 待报废，损坏严重，无使用价值，已拆卸
A50: 44 | C50: 光电转换器 | E50: 1 | F50: 台 | H50: 41061 | I50: 铁 | J50: 井下 | K50: 0.01 | L50: 7634.19 | O50: 8034.19 | P50: 7634.19 | T50: 400 | U50: -95.021278 | V50: 待报废，损坏严重，无使用价值，已拆卸
A51: 45 | C51: 通信接口 | E51: 1 | F51: 台 | H51: 41061 | I51: 铁 | J51: 井下 | K51: 0.01 | L51: 23931.62 | O51: 23931.62 | P51: 23931.62 | T51: 20 | U51: -99.916429 | V51: 待报废，损坏严重，无使用价值，已拆卸
A52: 46 | C52: 远程断电器 | E52: 1 | F52: 台 | H52: 41061 | I52: 铁 | J52: 9#层变电所更换 | K52: 0.02 | L52: 14884.62 | O52: 15384.62 | P52: 14884.62 | T52: 500 | U52: -96.750001 | V52: 待报废，损坏严重，无使用价值，已拆卸
A53: 47 | C53: 电源避雷器 | E53: 1 | F53: 台 | H53: 41061 | I53: 铁 | J53: 大院库房 | K53: 0.05 | L53: 35935.9 | O53: 37435.9 | P53: 35935.9 | T53: 1500 | U53: -95.993151 | V53: 待报废，损坏严重，无使用价值，已拆卸
A54: 48 | C54: 低压开关柜 | D54: GGD | E54: 20 | F54: 个 | H54: 39251 | I54: 铁 | J54: 大院库房 | K54: 0.1 | L54: 324249.57 | O54: 339249.57 | P54: 324249.57 | T54: 15000 | U54: -95.578476 | V54: 待报废，损坏严重，无使用价值，已拆卸
A55: 49 | C55: 高压开关柜 | D55: KYN28 | E55: 26 | F55: 个 | H55: 39251 | I55: 铁 | J55: 大院库房 | K55: 0.1 | L55: 1319723.1 | O55: 1384723.1 | P55: 1319723.1 | T55: 65000 | U55: -95.305921 | V55: 待报废，损坏严重，无使用价值，已拆卸
A56: 50 | C56: 移动变电站 | E56: 1 | F56: 台 | H56: 41807 | J56: 主井山上 | L56: 67955 | O56: 178000 | P56: 67955 | T56: 100650 | U56: -43.455056 | V56: 在用
A57: 51 | C57: 交流接触器 | E57: 3 | F57: 台 | H57: 39251 | J57: 井下 | L57: 4050 | O57: 4050 | P57: 4050 | T57: 0 | U57: -100 | V57: 密闭
A58: 52 | C58: 东尼变速箱 | E58: 3 | F58: 台 | H58: 39251 | I58: 铁 | J58: 汽车上 | K58: 0.3 | L58: 17100 | O58: 18000 | P58: 17100 | T58: 900 | U58: -95 | V58: 待报废，损坏严重，无使用价值，已拆卸
A59: 53 | C59: 电焊机 | E59: 1 | F59: 台 | H59: 42709 | I59: 铸钢 | J59: 技措队焊工 | K59: 0.2 | L59: 3650 | O59: 3800 | P59: 3650 | T59: 440 | U59: -88.421053 | V59: 待报废，损坏严重，无使用价值，已拆卸
A60: 54 | C60: 地面设备 | E60: 1 | F60: 台 | H60: 38886 | J60: 地面 | L60: 111111.11 | O60: 111111.11 | P60: 111111.11 | T60: 0 | U60: -100 | V60: 待报废，损坏严重，无使用价值，已拆卸
A61: 55 | C61: 开关QBZ-120 | E61: 8 | F61: 台 | H61: 38886 | J61: 井下 | L61: 41296 | O61: 41296 | P61: 41296 | T61: 0 | U61: -100 | V61: 密闭,第四批淘汰设备
A62: 56 | C62: 80真空开关 | E62: 1 | F62: 台 | H62: 38886 | J62: 井下 | L62: 7920 | O62: 7920 | P62: 7920 | T62: 0 | U62: -100 | V62: 密闭,第四批淘汰设备
A63: 57 | C63: 防爆开关 | E63: 1 | F63: 台 | H63: 38886 | J63: 井下 | L63: 18690 | O63: 18690 | P63: 18690 | T63: 0 | U63: -100 | V63: 密闭,第四批淘汰设备
A64: 58 | C64: 主皮带 | D64: 380m | E64: 1 | F64: 套 | H64: 39617 | J64: 主井 | L64: 649164 | O64: 784000 | P64: 649164 | T64: 99960 | U64: -87.25 | V64: 闲置，暂不使用
A65: 59 | C65: 皮带两部、电动滚筒 | E65: 1 | F65: 部 | H65: 39617 | J65: 井下 | L65: 665000 | O65: 665000 | P65: 665000 | T65: 0 | U65: -100 | V65: 密闭
A66: 60 | C66: 皮带 | E66: 1 | F66: 部 | H66: 39617 | J66: 井下 | L66: 672000 | O66: 672000 | P66: 672000 | T66: 0 | U66: -100 | V66: 密闭
A67: 61 | C67: 刮板运输机 | D67: SGB670/40 | E67: 1 | F67: 台 | H67: 39617 | J67: 井下 | L67: 306900 | O67: 306900 | P67: 306900 | T67: 0 | U67: -100 | V67: 密闭
A68: 62 | C68: 水泵15KW | D68: 15KW | E68: 3 | F68: 台 | H68: 39251 | I68: 铁、铜 | J68: 救护队库房 | K68: 0.2/0.015 | L68: 13560 | O68: 14260 | P68: 13560 | T68: 850 | U68: -94.039271 | V68: 待报废，损坏严重，无使用价值，已拆卸
A69: 63 | C69: 水泵3KW | D69: 3KW | E69: 5 | F69: 台 | H69: 39251 | J69: 井下 | L69: 26040 | O69: 26040 | P69: 26040 | T69: 0 | U69: -100 | V69: 密闭
A70: 64 | C70: 水泵37KW | D70: 37KW | E70: 10 | F70: 台 | H70: 39251 | J70: 井下 | L70: 17898 | O70: 17898 | P70: 17898 | T70: 0 | U70: -100 | V70: 密闭
A71: 65 | C71: 水泵150米3寸37KW | D71: 37KW | E71: 1 | F71: 台 | H71: 39251 | J71: 井下 | L71: 7030 | O71: 7030 | P71: 7030 | T71: 0 | U71: -100 | V71: 密闭
A72: 66 | C72: 水泵100米2寸22KW | D72: 22KW | E72: 1 | F72: 台 | H72: 39251 | J72: 井下 | L72: 8745.7 | O72: 8745.7 | P72: 8745.7 | T72: 0 | U72: -100 | V72: 密闭
A73: 67 | C73: 水泵3KW扬称20米-40米3寸 | D73: 3KW | E73: 2 | F73: 台 | H73: 39251 | I73: 铁、铜 | J73: 联建库房 | K73: 0.2/0.003 | L73: 10672 | O73: 10672 | P73: 10672 | T73: 450 | U73: -95.783358 | V73: 待报废，损坏严重，无使用价值，已拆卸
A74: 68 | C74: 多节深井泵18KW | D74: 18KW | E74: 4 | F74: 台 | H74: 39251 | I74: 铁、铜 | J74: 联建库房 | K74: 0.2/0.018 | L74: 8896.16 | O74: 8896.16 | P74: 8896.16 | T74: 950 | U74: -89.321235 | V74: 待报废，损坏严重，无使用价值，已拆卸
A75: 69 | C75: 轴流风机 | E75: 2 | F75: 台 | H75: 39251 | I75: 铁 | J75: 联建库房 | K75: 0.4 | L75: 95926.5 | O75: 95926.5 | P75: 95926.5 | T75: 690 | U75: -99.280699 | V75: 待报废，损坏严重，无使用价值，已拆卸
A76: 70 | C76: 风机11KW局扇JBT52-2 | D76: 11KW | E76: 1 | F76: 台 | H76: 39251 | I76: 铁 | J76: 联建库房 | K76: 0.4 | L76: 82720 | O76: 82720 | P76: 82720 | T76: 690 | U76: -99.165861 | V76: 待报废，损坏严重，无使用价值，已拆卸
A77: 71 | C77: 风机22KW局扇JBT52-2 | D77: 22KW | E77: 2 | F77: 台 | H77: 39251 | I77: 铁 | J77: 联建库房 | K77: 0.4 | L77: 67500 | O77: 67500 | P77: 67500 | T77: 690 | U77: -98.977778 | V77: 待报废，损坏严重，无使用价值，已拆卸
A78: 72 | C78: 风机55KW局扇JBT52-2 | D78: 55KW | E78: 2 | F78: 台 | H78: 39251 | I78: 铁 | J78: 回风井.在用 | K78: 0.8 | L78: 40560 | O78: 45500 | P78: 40560 | T78: 3705 | U78: -91.857143 | V78: 一台在用，一台待报废
A79: 73 | C79: 风机2.2KW局扇JBT52-2 | D79: 2.2KW | E79: 2 | F79: 台 | H79: 39251 | I79: 铁 | J79: 风机房 | K79: 0.3 | L79: 12610 | O79: 12610 | P79: 12610 | T79: 520 | U79: -95.876289 | V79: 待报废，损坏严重，无使用价值，已拆卸
A80: 74 | C80: 25KW绞车 | D80: 25KW | E80: 1 | F80: 台 | H80: 39251 | I80: 铁 | J80: 库房大院 | K80: 0.6 | L80: 33260 | O80: 34960 | P80: 33260 | T80: 1700 | U80: -95.1373 | V80: 待报废，损坏严重，无使用价值，已拆卸
A81: 75 | C81: 55KW绞车 | D81: 55KW | E81: 1 | F81: 台 | H81: 39251 | I81: 铁 | J81: 库房大院 | K81: 0.5 | L81: 180720 | O81: 189720 | P81: 180720 | T81: 9000 | U81: -95.256167 | V81: 待报废，损坏严重，无使用价值，已拆卸
A82: 76 | C82: 电焊机 | E82: 3 | F82: 台 | H82: 42709 | I82: 铁 | J82: 库房大院.技措队 | K82: 0.1 | L82: 2876 | O82: 2976 | P82: 2876 | T82: 170 | U82: -94.287634 | V82: 待报废，损坏严重，无使用价值，已拆卸
A83: 77 | C83: 农用时风牌三轮车小型 | E83: 2 | F83: 台 | H83: 39251 | J83: 井下 | L83: 47530 | O83: 47530 | P83: 47530 | T83: 0 | U83: -100 | V83: 密闭
A84: 78 | C84: 农用时风牌三轮车大型 | E84: 5 | F84: 台 | H84: 39251 | J84: 井下 | L84: 106722 | O84: 106722 | P84: 106722 | T84: 0 | U84: -100 | V84: 密闭
A85: 79 | C85: 空压机 | D85: 3m3 | E85: 9 | F85: 台 | H85: 42709 | I85: 铁 | J85: 库房大院 | K85: 0.3 | L85: 20620 | O85: 21620 | P85: 20620 | T85: 1000 | U85: -95.374653 | V85: 待报废，损坏严重，无使用价值，已拆卸
A86: 80 | C86: 储水井 | E86: 1 | F86: 台 | H86: 39251 | I86: 砖混 | J86: 后大门旁 | L86: 11625 | O86: 11625 | P86: 11625 | T86: 0 | U86: -100 | V86: 待报废，损坏严重，无使用价值，已拆卸
A87: 81 | C87: 双相柜 | E87: 1 | F87: 个 | H87: 39251 | J87: 油库房 | L87: 5840 | O87: 6660 | P87: 5840 | T87: 585 | U87: -91.216216 | V87: 闲置，暂不使用
A88: 82 | C88: 20吨油罐 | D88: 20T | E88: 1 | F88: 个 | H88: 39251 | J88: 油库房 | L88: 12780 | O88: 14580 | P88: 12780 | T88: 1290 | U88: -91.152263 | V88: 闲置，暂不使用
A89: 83 | C89: 地中衡 | E89: 1 | F89: 台 | H89: 39251 | J89: 油库房 | L89: 18550 | O89: 21150 | P89: 18550 | T89: 1875 | U89: -91.134752 | V89: 闲置，暂不使用
A90: 84 | C90: 30吨油罐 | D90: 30T | E90: 1 | F90: 个 | H90: 39617 | J90: 油库房 | L90: 23462 | O90: 28350 | P90: 23462 | T90: 3600 | U90: -87.301587 | V90: 闲置，暂不使用
A91: 85 | C91: 50吨油罐 | D91: 50T | E91: 1 | F91: 个 | H91: 39617 | J91: 油库房 | L91: 35764 | O91: 43200 | P91: 35764 | T91: 5500 | U91: -87.268519 | V91: 闲置，暂不使用
A92: 86 | C92: 横担 | E92: 1 | F92: 个 | H92: 42222 | I92: 铁 | J92: 烂线库房 | K92: 0.01 | L92: 6427.68 | O92: 6727.68 | P92: 6427.68 | T92: 300 | U92: -95.540811 | V92: 待报废，损坏严重，无使用价值，已拆卸
A93: 87 | C93: 飞机头全套 | E93: 1 | F93: 套 | H93: 39617 | I93: 铁 | J93: 烂线库房 | K93: 0.03 | L93: 3736 | O93: 3936 | P93: 3736 | T93: 200 | U93: -94.918699 | V93: 待报废，损坏严重，无使用价值，已拆卸
A94: 88 | C94: 水泵4寸55KW不锈钢 | D94: 55KW | E94: 2 | F94: 台 | H94: 39617 | I94: 铁、铜 | J94: 8#层界外排水 | K94: 0.2/0.055 | L94: 59496 | O94: 62496 | P94: 59496 | T94: 3000 | U94: -95.199693 | V94: 待报废，损坏严重，无使用价值，已拆卸
A95: 89 | C95: 主、副井、炸药库运行监控 | E95: 1 | F95: 套 | H95: 39617 | I95: 铁 | J95: 大院 | K95: 0.3 | L95: 176000 | O95: 186000 | P95: 176000 | T95: 10000 | U95: -94.623656 | V95: 待报废，损坏严重，无使用价值，已拆卸
A96: 90 | C96: 皮带机 | D96: 360m650 | E96: 3 | F96: 部 | H96: 39617 | I96: 铁 | J96: 大院 | K96: 1 | L96: 382720 | O96: 405720 | P96: 382720 | T96: 23000 | U96: -94.331066 | V96: 待报废，损坏严重，无使用价值，已拆卸
A97: 91 | C97: 皮带机 | D97: 450m650 | E97: 1 | F97: 部 | H97: 39617 | I97: 铁 | J97: 大院 | K97: 1 | L97: 479078.5 | O97: 502078.5 | P97: 479078.5 | T97: 23000 | U97: -95.419043 | V97: 待报废，损坏严重，无使用价值，已拆卸
A98: 92 | C98: 普通55KW六级电机 | D98: 55KW | E98: 1 | F98: 台 | H98: 39617 | I98: 钢、铜 | J98: 救护队库房 | K98: 0.2/0.055 | L98: 9939.7 | O98: 10439.7 | P98: 9939.7 | T98: 2300 | U98: -77.968716 | V98: 待报废，损坏严重，无使用价值，已拆卸
A99: 93 | C99: 四级电机 | D99: 55KW | E99: 2 | F99: 台 | H99: 39617 | I99: 钢、铜 | J99: 救护队库房 | K99: 0.2/0.055 | L99: 10240.52 | O99: 10740.52 | P99: 10240.52 | T99: 2300 | U99: -78.585767 | V99: 待报废，损坏严重，无使用价值，已拆卸
